Workbook
Name FromArray_1: _xlfn.ANCHORARRAY(Trajectory!$F$11)

Sheet Notes & Guidance
A1: Version | B1: 3 | C1: 46082
A4: Tab Name | B4: Description
A5: Notes & Guidance | B5: Guidance on how to read the trajectory – to be added
A6: Trajectory | B6: Headline outputs. Requirement and Completion figure are recorded as both discrete annual outputs and as cumulative figures. The variance between completions and requirement is recorded. A rolling requirement balance adjusted to account for completions (actual and predicted) is also presented. Charts show the distribution of any variance over the plan period.
A7: Conventional Completions (Small Sites) | B7: Scheme level completion details covering years 2019/20, 2020/21, 2021/22, 2022/23, 2023/24 & 2024/25. Scheme level details not yet added. Revert to aggregated ‘Completion Totals’
A8: Conventional Completions (Large Sites) | B8: Scheme level completion details covering years 2019/20, 2020/21, 2021/22, 2022/23, 2023/24 & 2024/25. Scheme level detail not yet added. Revert to aggregated ‘Completion Totals’
A9: Conventional Completions (NSC) | B9: Scheme level completion details covering years 2019/20, 2020/21, 2021/22, 2022/23, 2023/24 & 2024/25. Scheme level detail not yet added. Revert to aggregated ‘Completion Totals’
A10: Completion Totals | B10: Aggregated completion totals covering 2019/20, 2020/21, 2021/22, 2022/23, 2023/24 & 2024/25.
A11: Projections Summary Tab | B11: Projected completions by year broken down by source type.
A12: Conventional Pipeline (Large) | B12: Permitted conventional capacity yet to be completed. Only capacity permitted up to the 31st March 2025 is included. Application sites are 0.25ha or larger. Sites smaller than 0.25ha are only included where these overlap large allocations and an appropriate adjustment is made to the allocation capacity estimate to avoid double counting the potential yield of the site. ‘To be completed capacity’ assigned to future years.
A13: NSC Pipeline | B13: Permitted non-conventional capacity yet to be completed. Only capacity permitted up to the 31st March 2025 is included.
A14: Conventional Pending (Large) | B14: Large site applications with residential component pending consideration or awaiting legal agreement. The pending tab only includes schemes lodged and validated up to the 31st March 2025. This tab may also include schemes where a decision was issued after 1st April 2025, and for which it was considered premature to move these schemes to the Pipeline in this iteration of the trajectory.
A15: NSC Pending | B15: Schemes with a non-conventional component pending consideration or awaiting legal agreement. The pending tab only includes schemes lodged and validated up to the 31st March 2025. This tab may also include schemes where a decision was issued after 1st April 2024.
... A22: Town Breakdown | B22: Projected completions split by seven towns
A24: Other than capacity figures associated with live permitted schemes, all other capacity figures published in the trajectory are indicative, represent a snapshot in time, and have no application beyond establishing Ealing’s supply position. The site estimates whilst informed, have been generated to support a high-level exercise, and so the utility of these outputs is most useful when interpreted at an aggregated level. The site-specific capacities contained in this document are not intended to inform decision-making in respect of specific schemes, as future planning permissions will need to be underpinned by more detailed and current design and capacity work, which may ultimately support capacities above or below those originally estimated for this exercise.

Sheet Trajectory
B3: London Plan 10 Year Target Period
J4: 5 YHLS Period | Y4: Affordable Breakdown (Nov 2023) To be updated
B5: 2019-2020 | C5: 2020-2021 | D5: 2021-2022 | E5: 2022-2023 | F5: 2023-2024 | G5: 2024-2025 | H5: 2025-2026 | I5: 2026-2027 | J5: 2027-2028 | K5: 2028-2029 | L5: 2029-2030 | M5: 2030-2031 | N5: 2031-2032 | O5: 2032-2033 | P5: 2033-2034 | Q5: 2034-2035 | R5: 2035-2036 | S5: 2036-2037 | T5: 2037-2038 | U5: 2038-2039 | Z5: 2019-2020 | AA5: 2020-2021 | AB5: 2021-2022 | AC5: 2022-2023 | AD5: 2023-2024 | AE5: 2024-2025 | AF5: 2025-2026 | AG5: 2026-2027 | AH5: 2027-2028 | AI5: 2028-2029 | AJ5: 2029-2030 | AK5: 2030-2031 | AL5: 2031-2032 | AM5: 2032-2033 | AN5: 2033-2034 | AO5: 2034-2035 | AP5: 2035-2036 | AQ5: 2036-2037 | AR5: 2037-2038 | AS5: 2038-2039
A6: Year of Trajectory | B6: -5 | C6: -4 | D6: -3 | E6: -2 | F6: -1 | G6: 0 | H6: 1 | I6: 2 | J6: 3 | K6: 4 | L6: 5 | M6: 6 | N6: 7 | O6: 8 | P6: 9 | Q6: 10 | R6: 11 | S6: 12 | T6: 13 | U6: 14 | Y6: Year of Trajectory | Z6: -4 | AA6: -3 | AB6: -2 | AC6: -1 | AD6: 0 | AE6: 1 | AF6: 2 | AG6: 3 | AH6: 4 | AI6: 5 | AJ6: 6 | AK6: 7 | AL6: 8 | AM6: 9 | AN6: 10 | AO6: 11 | AP6: 12 | AQ6: 13 | AR6: 14 | AS6: 15
A7: Requirement annualised (Target) | B7: 2157 | C7: 2157 | D7: 2157 | E7: 2157 | F7: 2157 | G7: 2157 | H7: 2157 | I7: 2157 | J7: 2157 | K7: 2157 | L7: 2157 | M7: 2157 | N7: 2157 | O7: 2157 | P7: 2157 | Q7: 2157 | R7: 2157 | S7: 2157 | T7: 2157 | U7: 2157 | Y7: Affordable Requirement annualised (Target) | Z7: 1387 | AA7: 1387 | AB7: 1387 | AC7: 1387 | AD7: 1387 | AE7: 1387 | AF7: 1387 | AG7: 1387 | AH7: 1387 | AI7: 1387 | AJ7: 1387 | AK7: 1387 | AL7: 1387 | AM7: 1387 | AN7: 1387 | AO7: 1387 | AP7: 1387 | AQ7: 1387 | AR7: 1387 | AS7: 1387
A8: Cumulative Requirement (Target) | B8: 2157 | C8: =B7+B8 -> 4314 | D8: =C7+C8 -> 6471 | E8: =D7+D8 -> 8628 | F8: =E7+E8 -> 10785 | G8: =F7+F8 -> 12942 | H8: =G7+G8 -> 15099 | I8: =H7+H8 -> 17256 | J8: =I7+I8 -> 19413 | ... U8: =T7+T8 -> 43140 | Y8: Cumulative Affordable Requirement (Target) | Z8: 1387 | AA8: =Z7+Z8 -> 2774 | AB8: =AA7+AA8 -> 4161 | AC8: =AB7+AB8 -> 5548 | AD8: =AC7+AC8 -> 6935 | AE8: =AD7+AD8 -> 8322 | AF8: =AE7+AE8 -> 9709 | AG8: =AF7+AF8 -> 11096 | AH8: =AG7+AG8 -> 12483 | ... AS8: =AR7+AR8 -> 27740
A9: Annual Past Completions | B9: ='Completions Total'!B8 -> 1863 | C9: ='Completions Total'!C8 -> 1994 | D9: ='Completions Total'!D8 -> 1079 | E9: ='Completions Total'!E8 -> 1774 | F9: ='Completions Total'!F8 -> 966 | Y9: Annual Past Completions
A10: Reporting Year Completions | G10: ='Completions Total'!G8 -> 1238 | Y10: Reporting Year Completions
A11: Annual Projected Completions | H11: ='Projections Summary Table'!I16 -> 1876 | I11: ='Projections Summary Table'!J16 -> 2443 | J11: ='Projections Summary Table'!K16 -> 2593 | K11: ='Projections Summary Table'!L16 -> 2270 | L11: ='Projections Summary Table'!M16 -> 3854 | M11: ='Projections Summary Table'!N16 -> 4004 | N11: ='Projections Summary Table'!O16 -> 3616 | O11: ='Projections Summary Table'!P16 -> 3268 | ... U11: ='Projections Summary Table'!V16 -> 1403 | Y11: Annual Projected Completions (Affordable) | AE11: ='Projections Summary Table'!AF16 -> 361 | AF11: ='Projections Summary Table'!AG16 -> 477 | AG11: ='Projections Summary Table'!AH16 -> 585 | AH11: ='Projections Summary Table'!AI16 -> 668 | AI11: ='Projections Summary Table'!AJ16 -> 1082 | AJ11: ='Projections Summary Table'!AK16 -> 1287 | AK11: ='Projections Summary Table'!AL16 -> 1597 | AL11: ='Projections Summary Table'!AM16 -> 1459 | ... AS11: ='Projections Summary Table'!AT16 -> 75
A12: Cumulative Completions (delivered & projected) | B12: 1863 | C12: =B12+C9+C10+C11 -> 3857 | D12: =C12+D9+D10+D11 -> 4936 | E12: =D12+E9+E10+E11 -> 6710 | F12: =E12+F9+F10+F11 -> 7676 | G12: =F12+G9+G10+G11 -> 8914 | H12: =G12+H9+H10+H11 -> 10790 | I12: =H12+I9+I10+I11 -> 13233 | J12: =I12+J9+J10+J11 -> 15826 | ... U12: =T12+U9+U10+U11 -> 45477 | Y12: Cumulative Affordable Completions (delivered & projected) | Z12: 0 | AA12: =Z12+AA9+AA10+AA11 -> 0 | AB12: =AA12+AB9+AB10+AB11 -> 0 | AC12: =AB12+AC9+AC10+AC11 -> 0 | AD12: =AC12+AD9+AD10+AD11 -> 0 | AE12: =AD12+AE9+AE10+AE11 -> 361 | AF12: =AE12+AF9+AF10+AF11 -> 838 | AG12: =AF12+AG9+AG10+AG11 -> 1423 | AH12: =AG12+AH9+AH10+AH11 -> 2091 | ... AS12: =AR12+AS9+AS10+AS11 -> 10794
A13: Completions against annualised target variance | B13: =B9+B10+B11-B7 -> -294 | C13: =C9+C10+C11-C7 -> -163 | D13: =D9+D10+D11-D7 -> -1078 | E13: =E9+E10+E11-E7 -> -383 | F13: =F9+F10+F11-F7 -> -1191 | G13: =G9+G10+G11-G7 -> -919 | H13: =H9+H10+H11-H7 -> -281 | I13: =I9+I10+I11-I7 -> 286 | ... U13: =U9+U10+U11-U7 -> -754 | Y13: Completions against annualised target variance | Z13: =Z9+Z10+Z11-Z7 -> -1387 | AA13: =AA9+AA10+AA11-AA7 -> -1387 | AB13: =AB9+AB10+AB11-AB7 -> -1387 | AC13: =AC9+AC10+AC11-AC7 -> -1387 | AD13: =AD9+AD10+AD11-AD7 -> -1387 | AE13: =AE9+AE10+AE11-AE7 -> -1026 | AF13: =AF9+AF10+AF11-AF7 -> -910 | AG13: =AG9+AG10+AG11-AG7 -> -802 | ... AS13: =AS9+AS10+AS11-AS7 -> -1312
A14: Completions against cumulative requirement variance | B14: =B12-B8 -> -294 | C14: =C12-C8 -> -457 | D14: =D12-D8 -> -1535 | E14: =E12-E8 -> -1918 | F14: =F12-F8 -> -3109 | G14: =G12-G8 -> -4028 | H14: =H12-H8 -> -4309 | I14: =I12-I8 -> -4023 | ... U14: =U12-U8 -> 2337 | Y14: Completions against cumulative requirement variance | Z14: =Z12-Z8 -> -1387 | AA14: =AA12-AA8 -> -2774 | AB14: =AB12-AB8 -> -4161 | AC14: =AC12-AC8 -> -5548 | AD14: =AD12-AD8 -> -6935 | AE14: =AE12-AE8 -> -7961 | AF14: =AF12-AF8 -> -8871 | AG14: =AG12-AG8 -> -9673 | ... AS14: =AS12-AS8 -> -16946
A15: Completions against requirement variance (Sedgefield) | Y15: Completions against requirement variance (Sedgefield)
A16: Trajectory Requirement Balance (starting at 43140) | B16: =43140-B12 -> 41277 | C16: =43140-C12 -> 39283 | D16: =43140-D12 -> 38204 | E16: =43140-E12 -> 36430 | F16: =43140-F12 -> 35464 | G16: =43140-G12 -> 34226 | H16: =43140-H12 -> 32350 | I16: =43140-I12 -> 29907 | ... U16: =43140-U12 -> -2337 | Y16: Trajectory Requirement Balance (starting at 27740) | Z16: =27740-Z12 -> 27740 | AA16: =27740-AA12 -> 27740 | AB16: =27740-AB12 -> 27740 | AC16: =27740-AC12 -> 27740 | AD16: =27740-AD12 -> 27740 | AE16: =27740-AE12 -> 27379 | AF16: =27740-AF12 -> 26902 | AG16: =27740-AG12 -> 26317 | ... AS16: =27740-AS12 -> 16946
A17: Adjusted annualised requirement (rolling) | B17: NA | C17: =B7-B14 -> 2451 | D17: =C7-C14 -> 2614 | E17: =D7-D14 -> 3692 | F17: =E7-E14 -> 4075 | G17: =F7-F14 -> 5266 | H17: =G7-G14 -> 6185 | I17: =H7-H14 -> 6466 | J17: =I7-I14 -> 6180 | ... U17: =T7-T14 -> -934 | Y17: Adjusted annualised requirement (rolling) | Z17: NA | AA17: =Z7-Z14 -> 2774 | AB17: =AA7-AA14 -> 4161 | AC17: =AB7-AB14 -> 5548 | AD17: =AC7-AC14 -> 6935 | AE17: =AD7-AD14 -> 8322 | AF17: =AE7-AE14 -> 9348 | AG17: =AF7-AF14 -> 10258 | AH17: =AG7-AG14 -> 11060 | ... AS17: =AR7-AR14 -> 17021

Sheet Conventional Comp (small sites)
A1: Scheme level completion data not populated as yet. Revert to aggregated 'Completion Totals' Financial year totals will ultimately feed 'Completions Total' tab.
A3: Financial Year 2019-20 | AF3: 2019-2020 | AG3: 2020-2021 | AH3: 2021-2022 | AI3: 2022-2023 | AJ3: 2023-2024 | AK3: 2024-2025 | AL3: 2025-2026 | AM3: 2026-2027 | AN3: 2027-2028 | AO3: 2028-2029 | AP3: 2029-2030 | AQ3: 2030-2031 | AR3: 2031-2032 | AS3: 2032-2033 | AT3: 2033-2034 | AU3: 2034-2035 | AV3: 2035-2036 | AW3: 2036-2037 | AX3: 2037-2038 | AY3: 2038-2039
A4: Planning Permission No. | B4: Decision | C4: Appeal | D4: Permission Date | E4: Start Date | F4: Completion Date | G4: Site Name / Address | H4: Development Proposal | I4: Units Gained | J4: Units Lost | K4: Net No. Units | L4: Bedrooms (small HMO) | M4: Development Type | N4: Ward | O4: Neighbourhood Area | P4: Easting | Q4: Northing | R4: UPRN | S4: Overlaps Adopted Allocation | T4: Overlaps Emerging Allocation | U4: Site Area | V4: Completion Status | W4: Units pending implementation | X4: Total Construction Period | Y4: Notes | AE4: Year of Trajectory | AF4: 1 | AG4: 2 | AH4: 3 | AI4: 4 | AJ4: 5 | AK4: 6 | AL4: 7 | AM4: 8 | AN4: 9 | AO4: 10 | AP4: 11 | AQ4: 12 | AR4: 13 | AS4: 14 | AT4: 15 | AU4: 16 | AV4: 17 | AW4: 18 | AX4: 19 | AY4: 20
A5: Ref | V5: Fully or Part Completed | X5: x years, x months, x days
A10: Total
A13: Financial Year 2020-21 | AF13: 2019-2020 | AG13: 2020-2021 | AH13: 2021-2022 | AI13: 2022-2023 | AJ13: 2023-2024 | AK13: 2024-2025 | AL13: 2025-2026 | AM13: 2026-2027 | AN13: 2027-2028 | AO13: 2028-2029 | AP13: 2029-2030 | AQ13: 2030-2031 | AR13: 2031-2032 | AS13: 2032-2033 | AT13: 2033-2034 | AU13: 2034-2035 | AV13: 2035-2036 | AW13: 2036-2037 | AX13: 2037-2038 | AY13: 2038-2039
A14: Planning Permission No. | B14: Decision | C14: Appeal | D14: Permission Date | E14: Start Date | F14: Completion Date | G14: Site Name / Address | H14: Development Proposal | I14: Units Gained | J14: Units Lost | K14: Net No. Units | L14: Bedrooms (small HMO) | M14: Development Type | N14: Ward | O14: Neighbourhood Area | P14: Easting | Q14: Northing | R14: UPRN | S14: Overlaps Adopted Allocation | T14: Overlaps Emerging Allocation | U14: Site Area | V14: Completion Status | W14: Units pending implementation | X14: Construction Period | Y14: Notes | AE14: Year of Trajectory | AF14: 1 | AG14: 2 | AH14: 3 | AI14: 4 | AJ14: 5 | AK14: 6 | AL14: 7 | AM14: 8 | AN14: 9 | AO14: 10 | AP14: 11 | AQ14: 12 | AR14: 13 | AS14: 14 | AT14: 15 | AU14: 16 | AV14: 17 | AW14: 18 | AX14: 19 | AY14: 20
A15: Ref | V15: Fully or Part Completed | X15: x years, x months, x days
A20: Total
A23: Financial Year 2021-22 | AF23: 2019-2020 | AG23: 2020-2021 | AH23: 2021-2022 | AI23: 2022-2023 | AJ23: 2023-2024 | AK23: 2024-2025 | AL23: 2025-2026 | AM23: 2026-2027 | AN23: 2027-2028 | AO23: 2028-2029 | AP23: 2029-2030 | AQ23: 2030-2031 | AR23: 2031-2032 | AS23: 2032-2033 | AT23: 2033-2034 | AU23: 2034-2035 | AV23: 2035-2036 | AW23: 2036-2037 | AX23: 2037-2038 | AY23: 2038-2039
A24: Planning Permission No. | B24: Decision | C24: Appeal | D24: Permission Date | E24: Start Date | F24: Completion Date | G24: Site Name / Address | H24: Development Proposal | I24: Units Gained | J24: Units Lost | K24: Net No. Units | L24: Bedrooms (small HMO) | M24: Development Type | N24: Ward | O24: Neighbourhood Area | P24: Easting | Q24: Northing | R24: UPRN | S24: Overlaps Adopted Allocation | T24: Overlaps Emerging Allocation | U24: Site Area | V24: Completion Status | W24: Units pending implementation | X24: Construction Period | Y24: Notes | AE24: Year of Trajectory | AF24: 1 | AG24: 2 | AH24: 3 | AI24: 4 | AJ24: 5 | AK24: 6 | AL24: 7 | AM24: 8 | AN24: 9 | AO24: 10 | AP24: 11 | AQ24: 12 | AR24: 13 | AS24: 14 | AT24: 15 | AU24: 16 | AV24: 17 | AW24: 18 | AX24: 19 | AY24: 20
A25: Ref | V25: Fully or Part Completed | X25: x years, x months, x days
A30: Total
A33: Financial Year 2022-23 | AF33: 2019-2020 | AG33: 2020-2021 | AH33: 2021-2022 | AI33: 2022-2023 | AJ33: 2023-2024 | AK33: 2024-2025 | AL33: 2025-2026 | AM33: 2026-2027 | AN33: 2027-2028 | AO33: 2028-2029 | AP33: 2029-2030 | AQ33: 2030-2031 | AR33: 2031-2032 | AS33: 2032-2033 | AT33: 2033-2034 | AU33: 2034-2035 | AV33: 2035-2036 | AW33: 2036-2037 | AX33: 2037-2038 | AY33: 2038-2039
A34: Planning Permission No. | B34: Decision | C34: Appeal | D34: Permission Date | E34: Start Date | F34: Completion Date | G34: Site Name / Address | H34: Development Proposal | I34: Units Gained | J34: Units Lost | K34: Net No. Units | L34: Bedrooms (small HMO) | M34: Development Type | N34: Ward | O34: Neighbourhood Area | P34: Easting | Q34: Northing | R34: UPRN | S34: Overlaps Adopted Allocation | T34: Overlaps Emerging Allocation | U34: Site Area | V34: Completion Status | W34: Units pending implementation | X34: Construction Period | Y34: Notes | AE34: Year of Trajectory | AF34: 1 | AG34: 2 | AH34: 3 | AI34: 4 | AJ34: 5 | AK34: 6 | AL34: 7 | AM34: 8 | AN34: 9 | AO34: 10 | AP34: 11 | AQ34: 12 | AR34: 13 | AS34: 14 | AT34: 15 | AU34: 16 | AV34: 17 | AW34: 18 | AX34: 19 | AY34: 20
A35: Ref | V35: Fully or Part Completed | X35: x years, x months, x days
A40: Total
A43: Financial Year 2023-24 | AF43: 2019-2020 | AG43: 2020-2021 | AH43: 2021-2022 | AI43: 2022-2023 | AJ43: 2023-2024 | AK43: 2024-2025 | AL43: 2025-2026 | AM43: 2026-2027 | AN43: 2027-2028 | AO43: 2028-2029 | AP43: 2029-2030 | AQ43: 2030-2031 | AR43: 2031-2032 | AS43: 2032-2033 | AT43: 2033-2034 | AU43: 2034-2035 | AV43: 2035-2036 | AW43: 2036-2037 | AX43: 2037-2038 | AY43: 2038-2039
A44: Planning Permission No. | B44: Decision | C44: Appeal | D44: Permission Date | E44: Start Date | F44: Completion Date | G44: Site Name / Address | H44: Development Proposal | I44: Units Gained | J44: Units Lost | K44: Net No. Units | L44: Bedrooms (small HMO) | M44: Development Type | N44: Ward | O44: Neighbourhood Area | P44: Easting | Q44: Northing | R44: UPRN | S44: Overlaps Adopted Allocation | T44: Overlaps Emerging Allocation | U44: Site Area | V44: Completion Status | W44: Units pending implementation | X44: Construction Period | Y44: Notes | AE44: Year of Trajectory | AF44: 1 | AG44: 2 | AH44: 3 | AI44: 4 | AJ44: 5 | AK44: 6 | AL44: 7 | AM44: 8 | AN44: 9 | AO44: 10 | AP44: 11 | AQ44: 12 | AR44: 13 | AS44: 14 | AT44: 15 | AU44: 16 | AV44: 17 | AW44: 18 | AX44: 19 | AY44: 20
A45: Ref | V45: Fully or Part Completed | X45: x years, x months, x days
A50: Total
A53: Financial Year 2024-25 | AF53: 2019-2020 | AG53: 2020-2021 | AH53: 2021-2022 | AI53: 2022-2023 | AJ53: 2023-2024 | AK53: 2024-2025 | AL53: 2025-2026 | AM53: 2026-2027 | AN53: 2027-2028 | AO53: 2028-2029 | AP53: 2029-2030 | AQ53: 2030-2031 | AR53: 2031-2032 | AS53: 2032-2033 | AT53: 2033-2034 | AU53: 2034-2035 | AV53: 2035-2036 | AW53: 2036-2037 | AX53: 2037-2038 | AY53: 2038-2039
A54: Planning Permission No. | B54: Decision | C54: Appeal | D54: Permission Date | E54: Start Date | F54: Completion Date | G54: Site Name / Address | H54: Development Proposal | I54: Units Gained | J54: Units Lost | K54: Net No. Units | L54: Bedrooms (small HMO) | M54: Development Type | N54: Ward | O54: Neighbourhood Area | P54: Easting | Q54: Northing | R54: UPRN | S54: Overlaps Adopted Allocation | T54: Overlaps Emerging Allocation | U54: Site Area | V54: Completion Status | W54: Units pending implementation | X54: Construction Period | Y54: Notes | AE54: Year of Trajectory | AF54: 1 | AG54: 2 | AH54: 3 | AI54: 4 | AJ54: 5 | AK54: 6 | AL54: 7 | AM54: 8 | AN54: 9 | AO54: 10 | AP54: 11 | AQ54: 12 | AR54: 13 | AS54: 14 | AT54: 15 | AU54: 16 | AV54: 17 | AW54: 18 | AX54: 19 | AY54: 20
A55: Ref | V55: Fully or Part Completed | X55: x years, x months, x days
A60: Total

Sheet Conventional Comp (large sites)
A1: Scheme level completion data not populated as yet. Revert to aggregated 'Completion Totals' Financial year totals will ultimately feed 'Completions Total' tab. | X1: Note completions data unavailable at present. Dummy data used to illustrate workings only. Financial year totals will ultimately feed 'Completions Total' tab.
A3: Financial Year 2019-20 | AF3: 2019-2020 | AG3: 2020-2021 | AH3: 2021-2022 | AI3: 2022-2023 | AJ3: 2023-2024 | AK3: 2024-2025 | AL3: 2025-2026 | AM3: 2026-2027 | AN3: 2027-2028 | AO3: 2028-2029 | AP3: 2029-2030 | AQ3: 2030-2031 | AR3: 2031-2032 | AS3: 2032-2033 | AT3: 2033-2034 | AU3: 2034-2035 | AV3: 2035-2036 | AW3: 2036-2037 | AX3: 2037-2038 | AY3: 2038-2039
A4: Planning Permission No. | B4: Decision | C4: Appeal | D4: Permission Date | E4: Start Date | F4: Completion Date | G4: Site Name / Address | H4: Development Proposal | I4: Units Gained | J4: Units Lost | K4: Net No. Units | L4: Bedrooms (small HMO) | M4: Development Type | N4: Ward | O4: Neighbourhood Area | P4: Easting | Q4: Northing | R4: UPRN | S4: Overlaps Adopted Allocation | T4: Overlaps Emerging Allocation | U4: Site Area | V4: Completion Status | W4: Units pending implementation | X4: Total Construction Period | Y4: Notes | AE4: Year of Trajectory | AF4: 1 | AG4: 2 | AH4: 3 | AI4: 4 | AJ4: 5 | AK4: 6 | AL4: 7 | AM4: 8 | AN4: 9 | AO4: 10 | AP4: 11 | AQ4: 12 | AR4: 13 | AS4: 14 | AT4: 15 | AU4: 16 | AV4: 17 | AW4: 18 | AX4: 19 | AY4: 20
A5: Ref | V5: Fully or Part Completed | X5: x years, x months, x days
A10: Total
A13: Financial Year 2020-21 | AF13: 2019-2020 | AG13: 2020-2021 | AH13: 2021-2022 | AI13: 2022-2023 | AJ13: 2023-2024 | AK13: 2024-2025 | AL13: 2025-2026 | AM13: 2026-2027 | AN13: 2027-2028 | AO13: 2028-2029 | AP13: 2029-2030 | AQ13: 2030-2031 | AR13: 2031-2032 | AS13: 2032-2033 | AT13: 2033-2034 | AU13: 2034-2035 | AV13: 2035-2036 | AW13: 2036-2037 | AX13: 2037-2038 | AY13: 2038-2039
A14: Planning Permission No. | B14: Decision | C14: Appeal | D14: Permission Date | E14: Start Date | F14: Completion Date | G14: Site Name / Address | H14: Development Proposal | I14: Units Gained | J14: Units Lost | K14: Net No. Units | L14: Bedrooms (small HMO) | M14: Development Type | N14: Ward | O14: Neighbourhood Area | P14: Easting | Q14: Northing | R14: UPRN | S14: Overlaps Adopted Allocation | T14: Overlaps Emerging Allocation | U14: Site Area | V14: Completion Status | W14: Units pending implementation | X14: Construction Period | Y14: Notes | AE14: Year of Trajectory | AF14: 1 | AG14: 2 | AH14: 3 | AI14: 4 | AJ14: 5 | AK14: 6 | AL14: 7 | AM14: 8 | AN14: 9 | AO14: 10 | AP14: 11 | AQ14: 12 | AR14: 13 | AS14: 14 | AT14: 15 | AU14: 16 | AV14: 17 | AW14: 18 | AX14: 19 | AY14: 20
A15: Ref | V15: Fully or Part Completed | X15: x years, x months, x days
A20: Total
A23: Financial Year 2021-22 | AF23: 2019-2020 | AG23: 2020-2021 | AH23: 2021-2022 | AI23: 2022-2023 | AJ23: 2023-2024 | AK23: 2024-2025 | AL23: 2025-2026 | AM23: 2026-2027 | AN23: 2027-2028 | AO23: 2028-2029 | AP23: 2029-2030 | AQ23: 2030-2031 | AR23: 2031-2032 | AS23: 2032-2033 | AT23: 2033-2034 | AU23: 2034-2035 | AV23: 2035-2036 | AW23: 2036-2037 | AX23: 2037-2038 | AY23: 2038-2039
A24: Planning Permission No. | B24: Decision | C24: Appeal | D24: Permission Date | E24: Start Date | F24: Completion Date | G24: Site Name / Address | H24: Development Proposal | I24: Units Gained | J24: Units Lost | K24: Net No. Units | L24: Bedrooms (small HMO) | M24: Development Type | N24: Ward | O24: Neighbourhood Area | P24: Easting | Q24: Northing | R24: UPRN | S24: Overlaps Adopted Allocation | T24: Overlaps Emerging Allocation | U24: Site Area | V24: Completion Status | W24: Units pending implementation | X24: Construction Period | Y24: Notes | AE24: Year of Trajectory | AF24: 1 | AG24: 2 | AH24: 3 | AI24: 4 | AJ24: 5 | AK24: 6 | AL24: 7 | AM24: 8 | AN24: 9 | AO24: 10 | AP24: 11 | AQ24: 12 | AR24: 13 | AS24: 14 | AT24: 15 | AU24: 16 | AV24: 17 | AW24: 18 | AX24: 19 | AY24: 20
A25: Ref | V25: Fully or Part Completed | X25: x years, x months, x days
A30: Total
A33: Financial Year 2022-23 | AF33: 2019-2020 | AG33: 2020-2021 | AH33: 2021-2022 | AI33: 2022-2023 | AJ33: 2023-2024 | AK33: 2024-2025 | AL33: 2025-2026 | AM33: 2026-2027 | AN33: 2027-2028 | AO33: 2028-2029 | AP33: 2029-2030 | AQ33: 2030-2031 | AR33: 2031-2032 | AS33: 2032-2033 | AT33: 2033-2034 | AU33: 2034-2035 | AV33: 2035-2036 | AW33: 2036-2037 | AX33: 2037-2038 | AY33: 2038-2039
A34: Planning Permission No. | B34: Decision | C34: Appeal | D34: Permission Date | E34: Start Date | F34: Completion Date | G34: Site Name / Address | H34: Development Proposal | I34: Units Gained | J34: Units Lost | K34: Net No. Units | L34: Bedrooms (small HMO) | M34: Development Type | N34: Ward | O34: Neighbourhood Area | P34: Easting | Q34: Northing | R34: UPRN | S34: Overlaps Adopted Allocation | T34: Overlaps Emerging Allocation | U34: Site Area | V34: Completion Status | W34: Units pending implementation | X34: Construction Period | Y34: Notes | AE34: Year of Trajectory | AF34: 1 | AG34: 2 | AH34: 3 | AI34: 4 | AJ34: 5 | AK34: 6 | AL34: 7 | AM34: 8 | AN34: 9 | AO34: 10 | AP34: 11 | AQ34: 12 | AR34: 13 | AS34: 14 | AT34: 15 | AU34: 16 | AV34: 17 | AW34: 18 | AX34: 19 | AY34: 20
A35: Ref | V35: Fully or Part Completed | X35: x years, x months, x days
A40: Total
A43: Financial Year 2023-24 | AF43: 2019-2020 | AG43: 2020-2021 | AH43: 2021-2022 | AI43: 2022-2023 | AJ43: 2023-2024 | AK43: 2024-2025 | AL43: 2025-2026 | AM43: 2026-2027 | AN43: 2027-2028 | AO43: 2028-2029 | AP43: 2029-2030 | AQ43: 2030-2031 | AR43: 2031-2032 | AS43: 2032-2033 | AT43: 2033-2034 | AU43: 2034-2035 | AV43: 2035-2036 | AW43: 2036-2037 | AX43: 2037-2038 | AY43: 2038-2039
A44: Planning Permission No. | B44: Decision | C44: Appeal | D44: Permission Date | E44: Start Date | F44: Completion Date | G44: Site Name / Address | H44: Development Proposal | I44: Units Gained | J44: Units Lost | K44: Net No. Units | L44: Bedrooms (small HMO) | M44: Development Type | N44: Ward | O44: Neighbourhood Area | P44: Easting | Q44: Northing | R44: UPRN | S44: Overlaps Adopted Allocation | T44: Overlaps Emerging Allocation | U44: Site Area | V44: Completion Status | W44: Units pending implementation | X44: Construction Period | Y44: Notes | AE44: Year of Trajectory | AF44: 1 | AG44: 2 | AH44: 3 | AI44: 4 | AJ44: 5 | AK44: 6 | AL44: 7 | AM44: 8 | AN44: 9 | AO44: 10 | AP44: 11 | AQ44: 12 | AR44: 13 | AS44: 14 | AT44: 15 | AU44: 16 | AV44: 17 | AW44: 18 | AX44: 19 | AY44: 20
A45: Ref | V45: Fully or Part Completed | X45: x years, x months, x days
A52: Total
A55: Financial Year 2024-25 | AF55: 2019-2020 | AG55: 2020-2021 | AH55: 2021-2022 | AI55: 2022-2023 | AJ55: 2023-2024 | AK55: 2024-2025 | AL55: 2025-2026 | AM55: 2026-2027 | AN55: 2027-2028 | AO55: 2028-2029 | AP55: 2029-2030 | AQ55: 2030-2031 | AR55: 2031-2032 | AS55: 2032-2033 | AT55: 2033-2034 | AU55: 2034-2035 | AV55: 2035-2036 | AW55: 2036-2037 | AX55: 2037-2038 | AY55: 2038-2039
A56: Planning Permission No. | B56: Decision | C56: Appeal | D56: Permission Date | E56: Start Date | F56: Completion Date | G56: Site Name / Address | H56: Development Proposal | I56: Units Gained | J56: Units Lost | K56: Net No. Units | L56: Bedrooms (small HMO) | M56: Development Type | N56: Ward | O56: Neighbourhood Area | P56: Easting | Q56: Northing | R56: UPRN | S56: Overlaps Adopted Allocation | T56: Overlaps Emerging Allocation | U56: Site Area | V56: Completion Status | W56: Units pending implementation | X56: Construction Period | Y56: Notes | AE56: Year of Trajectory | AF56: 1 | AG56: 2 | AH56: 3 | AI56: 4 | AJ56: 5 | AK56: 6 | AL56: 7 | AM56: 8 | AN56: 9 | AO56: 10 | AP56: 11 | AQ56: 12 | AR56: 13 | AS56: 14 | AT56: 15 | AU56: 16 | AV56: 17 | AW56: 18 | AX56: 19 | AY56: 20
A57: Ref | V57: Fully or Part Completed | X57: x years, x months, x days
A64: Total

Sheet Completions (NSC)
A1: Scheme level completion data not populated as yet. Revert to aggregated 'Completion Totals' Financial year totals will ultimately feed 'Completions Total' tab.
A3: Financial Year 2019-20 | AG3: 2019-2020 | AH3: 2020-2021 | AI3: 2021-2022 | AJ3: 2022-2023 | AK3: 2023-2024 | AL3: 2024-2025 | AM3: 2025-2026 | AN3: 2026-2027 | AO3: 2027-2028 | AP3: 2028-2029 | AQ3: 2029-2030 | AR3: 2030-2031 | AS3: 2031-2032 | AT3: 2032-2033 | AU3: 2033-2034 | AV3: 2034-2035 | AW3: 2035-2036 | AX3: 2036-2037 | AY3: 2037-2038 | AZ3: 2038-2039
A4: Planning Permission No. | B4: Decision | C4: Appeal | D4: Permission Date | E4: Start Date | F4: Completion Date | G4: Site Name / Address | H4: Development Proposal | I4: Bedrooms Gained | J4: Bedrooms Lost | K4: Net No. Bedrooms | L4: NSC Type | M4: Unit Net (Converted) | N4: Development Type | O4: Ward | P4: Neighbourhood Area | Q4: Easting | R4: Northing | S4: UPRN | T4: Overlaps Adopted Allocation | U4: Overlaps Emerging Allocation | V4: Site Area | W4: Completion Status | X4: Units pending implementation | Y4: Total Construction Period | Z4: Notes | AF4: Year of Trajectory | AG4: 1 | AH4: 2 | AI4: 3 | AJ4: 4 | AK4: 5 | AL4: 6 | AM4: 7 | AN4: 8 | AO4: 9 | AP4: 10 | AQ4: 11 | AR4: 12 | AS4: 13 | AT4: 14 | AU4: 15 | AV4: 16 | AW4: 17 | AX4: 18 | AY4: 19 | AZ4: 20
A5: Ref | W5: Fully or Part Completed | Y5: x years, x months, x days
A10: Total
A13: Financial Year 2020-21 | AG13: 2019-2020 | AH13: 2020-2021 | AI13: 2021-2022 | AJ13: 2022-2023 | AK13: 2023-2024 | AL13: 2024-2025 | AM13: 2025-2026 | AN13: 2026-2027 | AO13: 2027-2028 | AP13: 2028-2029 | AQ13: 2029-2030 | AR13: 2030-2031 | AS13: 2031-2032 | AT13: 2032-2033 | AU13: 2033-2034 | AV13: 2034-2035 | AW13: 2035-2036 | AX13: 2036-2037 | AY13: 2037-2038 | AZ13: 2038-2039
A14: Planning Permission No. | B14: Decision | C14: Appeal | D14: Permission Date | E14: Start Date | F14: Completion Date | G14: Site Name / Address | H14: Development Proposal | I14: Bedrooms Gained | J14: Bedrooms Lost | K14: Net No. Bedrooms | L14: NSC Type | M14: Unit Net (Converted) | N14: Development Type | O14: Ward | P14: Neighbourhood Area | Q14: Easting | R14: Northing | S14: UPRN | T14: Overlaps Adopted Allocation | U14: Overlaps Emerging Allocation | V14: Site Area | X14: Units pending implementation | Y14: Construction Period | Z14: Notes | AF14: Year of Trajectory | AG14: 1 | AH14: 2 | AI14: 3 | AJ14: 4 | AK14: 5 | AL14: 6 | AM14: 7 | AN14: 8 | AO14: 9 | AP14: 10 | AQ14: 11 | AR14: 12 | AS14: 13 | AT14: 14 | AU14: 15 | AV14: 16 | AW14: 17 | AX14: 18 | AY14: 19 | AZ14: 20
A15: Ref | W15: Fully or Part Completed | Y15: x years, x months, x days
A20: Total
A23: Financial Year 2021-22 | AG23: 2019-2020 | AH23: 2020-2021 | AI23: 2021-2022 | AJ23: 2022-2023 | AK23: 2023-2024 | AL23: 2024-2025 | AM23: 2025-2026 | AN23: 2026-2027 | AO23: 2027-2028 | AP23: 2028-2029 | AQ23: 2029-2030 | AR23: 2030-2031 | AS23: 2031-2032 | AT23: 2032-2033 | AU23: 2033-2034 | AV23: 2034-2035 | AW23: 2035-2036 | AX23: 2036-2037 | AY23: 2037-2038 | AZ23: 2038-2039
A24: Planning Permission No. | B24: Decision | C24: Appeal | D24: Permission Date | E24: Start Date | F24: Completion Date | G24: Site Name / Address | H24: Development Proposal | I24: Bedrooms Gained | J24: Bedrooms Lost | K24: Net No. Bedrooms | L24: NSC Type | M24: Unit Net (Converted) | N24: Development Type | O24: Ward | P24: Neighbourhood Area | Q24: Easting | R24: Northing | S24: UPRN | T24: Overlaps Adopted Allocation | U24: Overlaps Emerging Allocation | V24: Site Area | X24: Units pending implementation | Y24: Construction Period | Z24: Notes | AF24: Year of Trajectory | AG24: 1 | AH24: 2 | AI24: 3 | AJ24: 4 | AK24: 5 | AL24: 6 | AM24: 7 | AN24: 8 | AO24: 9 | AP24: 10 | AQ24: 11 | AR24: 12 | AS24: 13 | AT24: 14 | AU24: 15 | AV24: 16 | AW24: 17 | AX24: 18 | AY24: 19 | AZ24: 20
A25: Ref | W25: Fully or Part Completed | Y25: x years, x months, x days
A30: Total
A33: Financial Year 2022-23 | AG33: 2019-2020 | AH33: 2020-2021 | AI33: 2021-2022 | AJ33: 2022-2023 | AK33: 2023-2024 | AL33: 2024-2025 | AM33: 2025-2026 | AN33: 2026-2027 | AO33: 2027-2028 | AP33: 2028-2029 | AQ33: 2029-2030 | AR33: 2030-2031 | AS33: 2031-2032 | AT33: 2032-2033 | AU33: 2033-2034 | AV33: 2034-2035 | AW33: 2035-2036 | AX33: 2036-2037 | AY33: 2037-2038 | AZ33: 2038-2039
A34: Planning Permission No. | B34: Decision | C34: Appeal | D34: Permission Date | E34: Start Date | F34: Completion Date | G34: Site Name / Address | H34: Development Proposal | I34: Bedrooms Gained | J34: Bedrooms Lost | K34: Net No. Bedrooms | L34: NSC Type | M34: Unit Net (Converted) | N34: Development Type | O34: Ward | P34: Neighbourhood Area | Q34: Easting | R34: Northing | S34: UPRN | T34: Overlaps Adopted Allocation | U34: Overlaps Emerging Allocation | V34: Site Area | X34: Units pending implementation | Y34: Construction Period | Z34: Notes | AF34: Year of Trajectory | AG34: 1 | AH34: 2 | AI34: 3 | AJ34: 4 | AK34: 5 | AL34: 6 | AM34: 7 | AN34: 8 | AO34: 9 | AP34: 10 | AQ34: 11 | AR34: 12 | AS34: 13 | AT34: 14 | AU34: 15 | AV34: 16 | AW34: 17 | AX34: 18 | AY34: 19 | AZ34: 20
A35: Ref | W35: Fully or Part Completed | Y35: x years, x months, x days
A40: Total
A43: Financial Year 2023-24 | AG43: 2019-2020 | AH43: 2020-2021 | AI43: 2021-2022 | AJ43: 2022-2023 | AK43: 2023-2024 | AL43: 2024-2025 | AM43: 2025-2026 | AN43: 2026-2027 | AO43: 2027-2028 | AP43: 2028-2029 | AQ43: 2029-2030 | AR43: 2030-2031 | AS43: 2031-2032 | AT43: 2032-2033 | AU43: 2033-2034 | AV43: 2034-2035 | AW43: 2035-2036 | AX43: 2036-2037 | AY43: 2037-2038 | AZ43: 2038-2039
A44: Planning Permission No. | B44: Decision | C44: Appeal | D44: Permission Date | E44: Start Date | F44: Completion Date | G44: Site Name / Address | H44: Development Proposal | I44: Bedrooms Gained | J44: Bedrooms Lost | K44: Net No. Bedrooms | L44: NSC Type | M44: Unit Net (Converted) | N44: Development Type | O44: Ward | P44: Neighbourhood Area | Q44: Easting | R44: Northing | S44: UPRN | T44: Overlaps Adopted Allocation | U44: Overlaps Emerging Allocation | V44: Site Area | X44: Units pending implementation | Y44: Construction Period | Z44: Notes | AF44: Year of Trajectory | AG44: 1 | AH44: 2 | AI44: 3 | AJ44: 4 | AK44: 5 | AL44: 6 | AM44: 7 | AN44: 8 | AO44: 9 | AP44: 10 | AQ44: 11 | AR44: 12 | AS44: 13 | AT44: 14 | AU44: 15 | AV44: 16 | AW44: 17 | AX44: 18 | AY44: 19 | AZ44: 20
A45: Ref | W45: Fully or Part Completed | Y45: x years, x months, x days
A50: Total
A53: Financial Year 2024-25 | AG53: 2019-2020 | AH53: 2020-2021 | AI53: 2021-2022 | AJ53: 2022-2023 | AK53: 2023-2024 | AL53: 2024-2025 | AM53: 2025-2026 | AN53: 2026-2027 | AO53: 2027-2028 | AP53: 2028-2029 | AQ53: 2029-2030 | AR53: 2030-2031 | AS53: 2031-2032 | AT53: 2032-2033 | AU53: 2033-2034 | AV53: 2034-2035 | AW53: 2035-2036 | AX53: 2036-2037 | AY53: 2037-2038 | AZ53: 2038-2039
A54: Planning Permission No. | B54: Decision | C54: Appeal | D54: Permission Date | E54: Start Date | F54: Completion Date | G54: Site Name / Address | H54: Development Proposal | I54: Bedrooms Gained | J54: Bedrooms Lost | K54: Net No. Bedrooms | L54: NSC Type | M54: Unit Net (Converted) | N54: Development Type | O54: Ward | P54: Neighbourhood Area | Q54: Easting | R54: Northing | S54: UPRN | T54: Overlaps Adopted Allocation | U54: Overlaps Emerging Allocation | V54: Site Area | X54: Units pending implementation | Y54: Construction Period | Z54: Notes | AF54: Year of Trajectory | AG54: 1 | AH54: 2 | AI54: 3 | AJ54: 4 | AK54: 5 | AL54: 6 | AM54: 7 | AN54: 8 | AO54: 9 | AP54: 10 | AQ54: 11 | AR54: 12 | AS54: 13 | AT54: 14 | AU54: 15 | AV54: 16 | AW54: 17 | AX54: 18 | AY54: 19 | AZ54: 20
A55: Ref | W55: Fully or Part Completed | Y55: x years, x months, x days
A60: Total

Sheet Completions Total
A1: Note completions breakdown unavailable at present. Only aggregated totals are given below.
B3: 2019-2020 | C3: 2020-2021 | D3: 2021-2022 | E3: 2022-2023 | F3: 2023-2024 | G3: 2024-2025 | H3: 2025-2026 | I3: 2026-2027 | J3: 2027-2028 | K3: 2028-2029 | L3: 2029-2030 | M3: 2030-2031 | N3: 2031-2032 | O3: 2032-2033 | P3: 2033-2034 | Q3: 2034-2035 | R3: 2035-2036 | S3: 2036-2037 | T3: 2037-2038 | U3: 2038-2039
A4: Component | B4: -5 | C4: -4 | D4: -3 | E4: -2 | F4: -1 | G4: 0 | H4: 1 | I4: 2 | J4: 3 | K4: 4 | L4: 5 | M4: 6 | N4: 7 | O4: 8 | P4: 9 | Q4: 10 | R4: 11 | S4: 12 | T4: 13 | U4: 14
A5: Conventional Completions (Small Sites)
A6: Conventional Completions (Large Sites)
A7: Non Conventional Completions
A8: Completions Total | B8: 1863 | C8: 1994 | D8: 1079 | E8: 1774 | F8: 966 | G8: 1238

Sheet Projections Summary Table
C2: 2019-2020 | D2: 2020-2021 | E2: 2021-2022 | F2: 2022-2023 | G2: 2023-2024 | H2: 2024-2025 | I2: 2025-2026 | J2: 2026-2027 | K2: 2027-2028 | L2: 2028-2029 | M2: 2029-2030 | N2: 2030-2031 | O2: 2031-2032 | P2: 2032-2033 | Q2: 2033-2034 | R2: 2034-2035 | S2: 2035-2036 | T2: 2036-2037 | U2: 2037-2038 | V2: 2038-2039 | Y2: Affordable Breakdown | AA2: 2019-2020 | AB2: 2020-2021 | AC2: 2021-2022 | AD2: 2022-2023 | AE2: 2023-2024 | AF2: 2024-2025 | AG2: 2025-2026 | AH2: 2026-2027 | AI2: 2027-2028 | AJ2: 2028-2029 | AK2: 2029-2030 | AL2: 2030-2031 | AM2: 2031-2032 | AN2: 2032-2033 | AO2: 2033-2034 | AP2: 2034-2035 | AQ2: 2035-2036 | AR2: 2036-2037 | AS2: 2037-2038 | AT2: 2038-2039
A3: Status | B3: Component | C3: -5 | D3: -4 | E3: -3 | F3: -2 | G3: -1 | H3: 0 | I3: 1 | J3: 2 | K3: 3 | L3: 4 | M3: 5 | N3: 6 | O3: 7 | P3: 8 | Q3: 9 | R3: 10 | S3: 11 | T3: 12 | U3: 13 | V3: 14 | W3: Component Total | Y3: Status | Z3: Component | AA3: -4 | AB3: -3 | AC3: -2 | AD3: -1 | AE3: 0 | AF3: 1 | AG3: 2 | AH3: 3 | AI3: 4 | AJ3: 5 | AK3: 6 | AL3: 7 | AM3: 8 | AN3: 9 | AO3: 10 | AP3: 11 | AQ3: 12 | AR3: 13 | AS3: 14 | AT3: 15 | AU3: Component Total
A4: Pipeline: Extant Permission | B4: Conventional Large | I4: ='Conventional Pipeline (Large)'!AN70 -> 1452 | J4: ='Conventional Pipeline (Large)'!AO70 -> 1719 | K4: ='Conventional Pipeline (Large)'!AP70 -> 1999 | L4: ='Conventional Pipeline (Large)'!AQ70 -> 1508 | M4: ='Conventional Pipeline (Large)'!AR70 -> 1947 | N4: ='Conventional Pipeline (Large)'!AS70 -> 1696 | O4: ='Conventional Pipeline (Large)'!AT70 -> 807 | P4: ='Conventional Pipeline (Large)'!AU70 -> 325 | ... V4: ='Conventional Pipeline (Large)'!BA70 -> 0 | W4: =SUM(H4:V4) -> 11654 | Y4: Pipeline: Extant Permission | Z4: Conventional Large | AF4: ='Conventional Pipeline (Large)'!BJ70 -> 361 | AG4: ='Conventional Pipeline (Large)'!BK70 -> 477 | AH4: ='Conventional Pipeline (Large)'!BL70 -> 585 | AI4: ='Conventional Pipeline (Large)'!BM70 -> 559 | AJ4: ='Conventional Pipeline (Large)'!BN70 -> 626 | AK4: ='Conventional Pipeline (Large)'!BO70 -> 553 | AL4: ='Conventional Pipeline (Large)'!BP70 -> 479 | AM4: ='Conventional Pipeline (Large)'!BQ70 -> 397 | ... AT4: ='Conventional Pipeline (Large)'!BX70 -> 0 | AU4: =SUM(AF4:AT4) -> 4181
A5: Pipeline: Extant Permission | B5: Non Conventional (NSC) | I5: ='NSC Pipeline'!AM16 -> 0 | J5: ='NSC Pipeline'!AN16 -> 300 | K5: ='NSC Pipeline'!AO16 -> 170 | L5: ='NSC Pipeline'!AP16 -> 258 | M5: ='NSC Pipeline'!AQ16 -> 147 | N5: ='NSC Pipeline'!AR16 -> 60 | O5: ='NSC Pipeline'!AS16 -> 59 | P5: ='NSC Pipeline'!AT16 -> 0 | ... V5: ='NSC Pipeline'!AZ16 -> 0 | W5: =SUM(H5:V5) -> 994 | Y5: Pipeline: Extant Permission | Z5: Non Conventional (NSC) | AU5: =SUM(AF5:AT5) -> 0
A6: Pending: Schemes awaiting decision | B6: Conventional Large | I6: ='Conventional Pending (Large)'!AN17 -> 0 | J6: ='Conventional Pending (Large)'!AO17 -> 0 | K6: ='Conventional Pending (Large)'!AP17 -> 0 | L6: ='Conventional Pending (Large)'!AQ17 -> 0 | M6: ='Conventional Pending (Large)'!AR17 -> 852 | N6: ='Conventional Pending (Large)'!AS17 -> 640 | O6: ='Conventional Pending (Large)'!AT17 -> 689 | P6: ='Conventional Pending (Large)'!AU17 -> 214 | ... V6: ='Conventional Pending (Large)'!BA17 -> 214 | W6: =SUM(H6:V6) -> 3679 | Y6: Pending: Schemes awaiting decision | Z6: Conventional Large | AF6: ='Conventional Pending (Large)'!BJ17 -> 0 | AG6: ='Conventional Pending (Large)'!BK17 -> 0 | AH6: ='Conventional Pending (Large)'!BL17 -> 0 | AI6: ='Conventional Pending (Large)'!BM17 -> 53 | AJ6: ='Conventional Pending (Large)'!BN17 -> 53 | AK6: ='Conventional Pending (Large)'!BO17 -> 125 | AL6: ='Conventional Pending (Large)'!BP17 -> 127 | AM6: ='Conventional Pending (Large)'!BQ17 -> 127 | ... AT6: ='Conventional Pending (Large)'!BX17 -> 75 | AU6: =SUM(AF6:AT6) -> 1062
A7: Pending: Schemes awaiting decision | B7: Non Conventional (NSC) | I7: ='NSC Pending'!AN10 -> 0 | J7: ='NSC Pending'!AO10 -> 0 | K7: ='NSC Pending'!AP10 -> 0 | L7: ='NSC Pending'!AQ10 -> 39 | M7: ='NSC Pending'!AR10 -> 138 | N7: ='NSC Pending'!AS10 -> 125 | O7: ='NSC Pending'!AT10 -> 21 | P7: ='NSC Pending'!AU10 -> 0 | ... V7: ='NSC Pending'!BA10 -> 0 | W7: =SUM(H7:V7) -> 323 | Y7: Pending: Schemes awaiting decision | Z7: Non Conventional (NSC) | AU7: =SUM(AF7:AT7) -> 0
A8: Without relevant permission and unimplemented | B8: Site Allocations Conventional Large | I8: ='ConventionalAllocations (Large)'!AK127 -> 0 | J8: ='ConventionalAllocations (Large)'!AL127 -> 0 | K8: ='ConventionalAllocations (Large)'!AM127 -> 0 | L8: ='ConventionalAllocations (Large)'!AN127 -> 41 | M8: ='ConventionalAllocations (Large)'!AO127 -> 174 | N8: ='ConventionalAllocations (Large)'!AP127 -> 887 | O8: ='ConventionalAllocations (Large)'!AQ127 -> 1444 | P8: ='ConventionalAllocations (Large)'!AR127 -> 2133 | ... V8: ='ConventionalAllocations (Large)'!AX127 -> 450 | W8: =SUM(H8:V8) -> 10938 | Y8: Without relevant permission and unimplemented | Z8: Site Allocations Conventional Large | AF8: ='ConventionalAllocations (Large)'!BG127 -> 0 | AG8: ='ConventionalAllocations (Large)'!BH127 -> 0 | AH8: ='ConventionalAllocations (Large)'!BI127 -> 0 | AI8: ='ConventionalAllocations (Large)'!BJ127 -> 56 | AJ8: ='ConventionalAllocations (Large)'!BK127 -> 403 | AK8: ='ConventionalAllocations (Large)'!BL127 -> 609 | AL8: ='ConventionalAllocations (Large)'!BM127 -> 991 | AM8: ='ConventionalAllocations (Large)'!BN127 -> 935 | ... AT8: ='ConventionalAllocations (Large)'!BU127 -> 0 | AU8: =SUM(AF8:AT8) -> 5551
A9: Without relevant permission and unimplemented | B9: Site Allocations Non Conventional | I9: ='NSC Allocations'!AI6 -> 0 | J9: ='NSC Allocations'!AJ6 -> 0 | K9: ='NSC Allocations'!AK6 -> 0 | L9: ='NSC Allocations'!AL6 -> 0 | M9: ='NSC Allocations'!AM6 -> 0 | N9: ='NSC Allocations'!AN6 -> 0 | O9: ='NSC Allocations'!AO6 -> 0 | P9: ='NSC Allocations'!AP6 -> 0 | ... V9: ='NSC Allocations'!AV6 -> 0 | W9: =SUM(H9:V9) -> 0 | Y9: Without relevant permission and unimplemented | Z9: Site Allocations Non Conventional | AU9: =SUM(AF9:AT9) -> 0
A10: Without relevant permission and unimplemented | B10: Conventional Large Windfall Masterplan | I10: ='Conv Windfall (Large Mplan)'!AI12 -> 0 | J10: ='Conv Windfall (Large Mplan)'!AJ12 -> 0 | K10: ='Conv Windfall (Large Mplan)'!AK12 -> 0 | L10: ='Conv Windfall (Large Mplan)'!AL12 -> 0 | M10: ='Conv Windfall (Large Mplan)'!AM12 -> 172 | N10: ='Conv Windfall (Large Mplan)'!AN12 -> 172 | O10: ='Conv Windfall (Large Mplan)'!AO12 -> 172 | P10: ='Conv Windfall (Large Mplan)'!AP12 -> 172 | ... V10: ='Conv Windfall (Large Mplan)'!AV12 -> 315 | W10: =SUM(H10:V10) -> 3039 | Y10: Without relevant permission and unimplemented | Z10: Conventional Large Windfall Masterplan | AF10: ='Conv Windfall (Large Mplan)'!BE12 -> 0 | AG10: ='Conv Windfall (Large Mplan)'!BF12 -> 0 | AH10: ='Conv Windfall (Large Mplan)'!BG12 -> 0 | AI10: ='Conv Windfall (Large Mplan)'!BH12 -> 0 | AJ10: ='Conv Windfall (Large Mplan)'!BI12 -> 0 | AK10: ='Conv Windfall (Large Mplan)'!BJ12 -> 0 | AL10: ='Conv Windfall (Large Mplan)'!BK12 -> 0 | AM10: ='Conv Windfall (Large Mplan)'!BL12 -> 0 | ... AT10: ='Conv Windfall (Large Mplan)'!BS12 -> 0 | AU10: =SUM(AF10:AT10) -> 0
A11: Forecast/Modelled | B11: Conventional Small Sites | I11: ='Conventional (Small Site)'!H5 -> 424 | J11: ='Conventional (Small Site)'!I5 -> 424 | K11: ='Conventional (Small Site)'!J5 -> 424 | L11: ='Conventional (Small Site)'!K5 -> 424 | M11: ='Conventional (Small Site)'!L5 -> 424 | N11: ='Conventional (Small Site)'!M5 -> 424 | O11: ='Conventional (Small Site)'!N5 -> 424 | P11: ='Conventional (Small Site)'!O5 -> 424 | ... V11: ='Conventional (Small Site)'!U5 -> 424 | W11: =SUM(H11:V11) -> 5936 | Y11: Forecast/Modelled | Z11: Conventional Small Sites | AU11: =SUM(AF11:AT11) -> 0
A12: Totals | Y12: Totals
A13: _ | B13: Conventional Large forecast completions | I13: =I4+I6+I8+I10 -> 1452 | J13: =J4+J6+J8+J10 -> 1719 | K13: =K4+K6+K8+K10 -> 1999 | L13: =L4+L6+L8+L10 -> 1549 | M13: =M4+M6+M8+M10 -> 3145 | N13: =N4+N6+N8+N10 -> 3395 | O13: =O4+O6+O8+O10 -> 3112 | P13: =P4+P6+P8+P10 -> 2844 | ... V13: =V4+V6+V8+V10 -> 979 | W13: =SUM(H13:V13) -> 29310 | Y13: _ | Z13: Conventional Large forecast completions | AF13: =AF4+AF6+AF8+AF10 -> 361 | AG13: =AG4+AG6+AG8+AG10 -> 477 | AH13: =AH4+AH6+AH8+AH10 -> 585 | AI13: =AI4+AI6+AI8+AI10 -> 668 | AJ13: =AJ4+AJ6+AJ8+AJ10 -> 1082 | AK13: =AK4+AK6+AK8+AK10 -> 1287 | AL13: =AL4+AL6+AL8+AL10 -> 1597 | AM13: =AM4+AM6+AM8+AM10 -> 1459 | ... AT13: =AT4+AT6+AT8+AT10 -> 75 | AU13: =SUM(AF13:AT13) -> 10794
A14: _ | B14: Non Conventional forecast completions | I14: =I5+I7+I9 -> 0 | J14: =J5+J7+J9 -> 300 | K14: =K5+K7+K9 -> 170 | L14: =L5+L7+L9 -> 297 | M14: =M5+M7+M9 -> 285 | N14: =N5+N7+N9 -> 185 | O14: =O5+O7+O9 -> 80 | P14: =P5+P7+P9 -> 0 | ... V14: =V5+V7+V9 -> 0 | W14: =SUM(H14:V14) -> 1317 | Y14: _ | Z14: Non Conventional forecast completions | AF14: =AF5+AF7+AF9 -> 0 | AG14: =AG5+AG7+AG9 -> 0 | AH14: =AH5+AH7+AH9 -> 0 | AI14: =AI5+AI7+AI9 -> 0 | AJ14: =AJ5+AJ7+AJ9 -> 0 | AK14: =AK5+AK7+AK9 -> 0 | AL14: =AL5+AL7+AL9 -> 0 | AM14: =AM5+AM7+AM9 -> 0 | ... AT14: =AT5+AT7+AT9 -> 0 | AU14: =SUM(AF14:AT14) -> 0
A15: _ | B15: Conventional Small Sites forecast completions | I15: =I11 -> 424 | J15: =J11 -> 424 | K15: =K11 -> 424 | L15: =L11 -> 424 | M15: =M11 -> 424 | N15: =N11 -> 424 | O15: =O11 -> 424 | P15: =P11 -> 424 | ... V15: =V11 -> 424 | W15: =SUM(H15:V15) -> 5936 | Y15: _ | Z15: Conventional Small Sites forecast completions | AF15: =AF11 -> 0 | AG15: =AG11 -> 0 | AH15: =AH11 -> 0 | AI15: =AI11 -> 0 | AJ15: =AJ11 -> 0 | AK15: =AK11 -> 0 | AL15: =AL11 -> 0 | AM15: =AM11 -> 0 | ... AT15: =AT11 -> 0 | AU15: =SUM(AF15:AT15) -> 0
A16: _ | B16: Total forecast completions | I16: =SUM(I13:I15) -> 1876 | J16: =SUM(J13:J15) -> 2443 | K16: =SUM(K13:K15) -> 2593 | L16: =SUM(L13:L15) -> 2270 | M16: =SUM(M13:M15) -> 3854 | N16: =SUM(N13:N15) -> 4004 | O16: =SUM(O13:O15) -> 3616 | P16: =SUM(P13:P15) -> 3268 | ... V16: =SUM(V13:V15) -> 1403 | W16: =SUM(H16:V16) -> 36563 | Y16: _ | Z16: Total forecast completions | AF16: =SUM(AF13:AF15) -> 361 | AG16: =SUM(AG13:AG15) -> 477 | AH16: =SUM(AH13:AH15) -> 585 | AI16: =SUM(AI13:AI15) -> 668 | AJ16: =SUM(AJ13:AJ15) -> 1082 | AK16: =SUM(AK13:AK15) -> 1287 | AL16: =SUM(AL13:AL15) -> 1597 | AM16: =SUM(AM13:AM15) -> 1459 | ... AT16: =SUM(AT13:AT15) -> 75 | AU16: =SUM(AF16:AT16) -> 10794

Sheet Conventional Pipeline (Large)
BD2: Affordable Component (Nov 2023) To be updated
H3: Unimplemented Units | AH3: 2019-2020 | AI3: 2020-2021 | AJ3: 2021-2022 | AK3: 2022-2023 | AL3: 2023-2024 | AM3: 2024-2025 | AN3: 2025-2026 | AO3: 2026-2027 | AP3: 2027-2028 | AQ3: 2028-2029 | AR3: 2029-2030 | AS3: 2030-2031 | AT3: 2031-2032 | AU3: 2032-2033 | AV3: 2033-2034 | AW3: 2034-2035 | AX3: 2035-2036 | AY3: 2036-2037 | AZ3: 2037-2038 | BA3: 2038-2039 | BE3: 2019-2020 | BF3: 2020-2021 | BG3: 2021-2022 | BH3: 2022-2023 | BI3: 2023-2024 | BJ3: 2024-2025 | BK3: 2025-2026 | BL3: 2026-2027 | BM3: 2027-2028 | BN3: 2028-2029 | BO3: 2029-2030 | BP3: 2030-2031 | BQ3: 2031-2032 | BR3: 2032-2033 | BS3: 2033-2034 | BT3: 2034-2035 | BU3: 2035-2036 | BV3: 2036-2037 | BW3: 2037-2038 | BX3: 2038-2039
A4: Planning Permission No. | B4: Decision | C4: Appeal | D4: Permission Date | E4: Start Date | F4: Site Name / Address | G4: Development Proposal | H4: Units Gained | I4: Units Lost | J4: Net No. Units | K4: Bedrooms (small HMO) | L4: Development Type | M4: Ward | N4: Neighbourhood Area | O4: Easting | P4: Northing | Q4: UPRN | R4: Overlaps Adopted Allocation | S4: Overlaps Emerging Allocation | T4: Unimplemented Capacity Substituted by Allocation | U4: Site Area | V4: Net Capacity to plug into Trajectory | W4: Affordable Low Cost Net (Nov 23) | X4: Affordable Intermediate Net (Nov 23) | Y4: Affordable Total Net (Nov 23) | Z4: Net Percentage % (Nov 23) | AA4: Affordable Notes (Nov 23) | AB4: Scheme Progress | AC4: Notes | AD4: Phasing Notes | AG4: Year of Trajectory | AH4: -5 | AI4: -4 | AJ4: -3 | AK4: -2 | AL4: -1 | AM4: 0 | AN4: 1 | AO4: 2 | AP4: 3 | AQ4: 4 | AR4: 5 | AS4: 6 | AT4: 7 | AU4: 8 | AV4: 9 | AW4: 10 | AX4: 11 | AY4: 12 | AZ4: 13 | BA4: 14 | BB4: Scheme Total | BD4: Year of Trajectory | BE4: -4 | BF4: -3 | BG4: -2 | BH4: -1 | BI4: 0 | BJ4: 1 | BK4: 2 | BL4: 3 | BM4: 4 | BN4: 5 | BO4: 6 | BP4: 7 | BQ4: 8 | BR4: 9 | BS4: 10 | BT4: 11 | BU4: 12 | BV4: 13 | BW4: 14 | BX4: 15 | BY4: Affordable Scheme Total
A5: 223203FUL | B5: Grant with S106 Obligations | D5: 44966 | E5: 45007 | F5: The Steyne Estate, Steyne Road, W3 9NF | H5: 188 | I5: 0 | J5: 188 | M5: South Acton | N5: Acton | O5: 519873 | P5: 180383 | R5: No | S5: Allocation (AC02) not pursued | T5: 0 | U5: 1.42 | V5: 188 | W5: 71 | X5: 90 | Y5: 161 | Z5: =Y5/V5*100 -> 85.638298 | AA5: 71 LAR for older adults 90 LSO No existing units lost. | AB5: Started | AC5: Current plans are progressing infill only scheme. Alterations to existing blocks (Moreton or Rufford Towers) only impact on ground floor space and do not alter numbers. Gross and net figures (188) therefore the same. | AD5: CIL records confirm commencement late March 2023. Bespoke - Phasing informed by scheme specific information - 'topping out achieved September 2025. Completion anticipated Autumn 2026. | AN5: 0 | AO5: 188 | AP5: 0 | AQ5: 0 | AR5: 0 | AS5: 0 | AT5: 0 | AU5: 0 | AV5: 0 | AW5: 0 | AX5: 0 | AY5: 0 | AZ5: 0 | BA5: 0 | BB5: =SUM(AN5:BA5) -> 188 | BJ5: 0 | BK5: 80 | BL5: 81 | BM5: 0 | BN5: 0 | BO5: 0 | BP5: 0 | BQ5: 0 | BR5: 0 | BS5: 0 | BT5: 0 | BU5: 0 | BV5: 0 | BW5: 0 | BX5: 0 | BY5: =SUM(BI5:BX5) -> 161
A6: 182579OUT | B6: Grant with S106 Obligations | D6: 43458 | F6: Acton Gardens (Phases 7-11) | G6: Hybrid application for continued regeneration of South Acton Estate | H6: 1950 | I6: ? | J6: ? | M6: South Acton | N6: Acton | R6: No | S6: 02AC (AC04) | T6: 425 | U6: 13.61 | V6: 0 | Z6: =Y6/V6*100 -> #DIV/0! | AB6: Part Completed Part Superseded | AC6: The capacity associated with this permission is now fully accounted for. In part this capacity has been completed. A proportion has been superseded by reserved matter applications for select phases which are detailed below. The outstanding capacity (approved in outline only currently) is superseded by the allocation input. Based on the original phasing plan the allocation now encapsulates phases 7.2, 7.3, 7.4, 7.5, 8.3, 10.1, 10.2, 11.1 & 11.2. Beyond the allocation boundary the remaining phases to be delivered include Phases 8.1 & 8.2 (part - block C2), 9.3, 9.5 and 9.6. The capacity associated with these permitted phases has been assigned separately under their respective reserve matters applications below. | AD6: NA | AN6: 0 | AO6: 0 | AP6: 0 | AQ6: 0 | AR6: 0 | AS6: 0 | AT6: 0 | AU6: 0 | AV6: 0 | AW6: 0 | AX6: 0 | AY6: 0 | AZ6: 0 | BA6: 0 | BB6: =SUM(AN6:BA6) -> 0 | BY6: =SUM(BI6:BX6) -> 0
A7: 215892REM | B7: Grant with Conditions | D7: 44554 | E7: 45453 | F7: Acton Gardens (Phases 9.3, 9.5 & 9.6) | H7: 207 | I7: 120 | J7: 87 | M7: South Acton | N7: Acton | O7: 520105 | P7: 179616 | R7: No | S7: No | T7: NA | U7: 1.8 | V7: 87 | Z7: =Y7/V7*100 -> 0 | AA7: Gains comprise 116 OMS; 75 LAR; 21 SO and 3 x shared equity for transferring leaseholders. 120 exiting units on site as original, but tenure unclear. Unable to determine net affordable position. Query overall gross total - is it 207 or 215? | AB7: Started | AC7: Note suggested modifications post Reg 19 which propose omitting phases 9.3, 9.5 and 9.6 from the allocation boundary. Phases 9.3, 9.5 and 9.6 are now to be delivered under the approved reserved matters application (215892REM), and the capacity associated with these phases has been assigned here to the pipeline tab. | AD7: Bespoke - Recent approval of piling works in April 2024. Demolition of original blocks commenced in June 2024. The first homes are expected to be delivered late 2026. | AN7: 0 | AO7: 87 | AP7: 0 | AQ7: 0 | AR7: 0 | AS7: 0 | AT7: 0 | AU7: 0 | AV7: 0 | AW7: 0 | AX7: 0 | AY7: 0 | AZ7: 0 | BA7: 0 | BB7: =SUM(AN7:BA7) -> 87 | BY7: =SUM(BI7:BX7) -> 0
A8: 195428REM | B8: Grant with Conditions | D8: 44005 | E8: 44381 | F8: Acton Gardens, Bollo Lane, W3 8TQ (Phases 8.1 & 8.2 part) | G8: Reserved matters application for Phases 8.1 and 8.2. 336 new residential units | H8: 187 | I8: 49 | J8: 138 | M8: South Acton | N8: Acton | O8: 520116 | P8: 179631 | R8: No | S8: No | T8: NA | U8: 2.03 | V8: 138 | Z8: =Y8/V8*100 -> 0 | AA8: 29 Shared Ownership and 99 London Affordable Rent. Some of the supporting documents refer to 98 LAR units. 103 existing units to be replaced, but tenure unclear. Block A1 -21 apartments and maisonettes for shared ownership. Block A2 - 16 apartments for private sale. Block B1 - 32 apartments and maisonettes for affordable rent. Block C1 - 31 maisonettes and apartments for private sale. Block C2 - Four private sale 3-bed mews houses sit at the centre of Phase 8.2. Accessed from the north-south street between Blocks B2 and C1. 2 x 3bed private sale houses west of Block C. Block D1 - 41 maisonettes and apartments for private sale. Block D2 - 16 maisonettes for affordable rent Block D2 sits along the eastern edge of the Phase 8.1 courtyard block between the Blocks of D3 and D1. Block D3 - Block D3 forms the south-eastern corner of the Phase 8.1 courtyard building. It provides 8 maisonettes and apartments for affordable rent. Block D4 - Block D4 forms the south western corner of the Phase 8.1 courtyard building. 24 maisonettes and apartments for private sale and shared ownership. Block D5 - Block D5 forms the north-western corner of the Phase 8.1 courtyard building. It offers 53 maisonettes and apartments for private sale and shared ownership. Block E - Block E marks the most north eastern element of the Phase 8.1 development, it provides 19 maisonettes and apartments for affordable rent. | AB8: Started | AC8: 336 gross gain across both phases (Phase 8.1 = 161 , Phase 8.2 = 149 + 26) 210 gross losses across both phases (Phase 8.1 = 49 , Phase 8.2 = 107 + 54) Phase 8.2 commenced May 2020. Comprises existing units at Carisbrooke Court, Barwick House and Brouncker Road. Phase 8.2 part completed Aug 2023 – blocks A1 & B2 completed (149 gross gain / -107 gross loss / 42 net Block C2 started, due to complete mid 2025 (26 gross gain & -54 gross loss (note 54 units at Carisbrooke Court were demolished and lost during 2024/25) = -28 net) Phase 8.1 not started (indicative start date late Spring 2024) but due to complete in 2026 Phase 8.1 comprises existing units at Ludlow Court (49) to be lost. Remaining unimplemented 8.1 (112 net) and block C2 phase 8.2 (26 net) = 138 net. | AD8: Phase 8.2 commenced May 2020. Comprises existing units at Carisbrooke Court, Barwick House and Brouncker Road. Phase 8.2 part completed Aug 2023 – blocks A1 & B2 completed (149 gross gain / -107 gross loss / 42 net Block C2 started, due to complete mid 2025 (26 gross gain & -54 gross loss = -28 net. Note loss of 54 units recorded in 2024/25 already. Phase 8.1 not started (indicative start date late Spring 2024) but due to complete in 2026 | AN8: 26 | AO8: 112 | AP8: 0 | AQ8: 0 | AR8: 0 | AS8: 0 | AT8: 0 | AU8: 0 | AV8: 0 | AW8: 0 | AX8: 0 | AY8: 0 | AZ8: 0 | BA8: 0 | BB8: =SUM(AN8:BA8) -> 138 | BY8: =SUM(BI8:BX8) -> 0
A9: 181990FUL | B9: Grant with Conditions | D9: 43808 | F9: Acton and West London College Mill Hill Road Acton Ealing W3 8UX | H9: 0 | I9: 0 | J9: 0 | M9: South Acton | N9: Acton | O9: 519694 | P9: 180150 | U9: 1.28 | V9: 0 | AB9: Completed | AC9: 116 units completed 04/12/2024, as per 24/25 HFR submission. | AD9: Fully completed within 2024/25 reporting year | AN9: 0 | AO9: 0 | AP9: 0 | AQ9: 0 | AR9: 0 | AS9: 0 | AT9: 0 | AU9: 0 | AV9: 0 | AW9: 0 | AX9: 0 | AY9: 0 | AZ9: 0 | BA9: 0 | BB9: =SUM(AN9:BA9) -> 0
A10: 232800FUL | B10: Grant with S106 Obligations | D10: 45420 | F10: 1 Stirling Road/1-9 Colville Road And 67-81 Stirling Road Acton W3 8DJ | G10: 95 C3 units proposed. Part supersedes 214611FUL. PBSA 200 studios and 229 clusters also proposed (equates to 429 bedrooms). 252720NMA amends unit size, accessible unit provision, external changes and increases commercial floor area (no change in unit totals of tenure mix). | H10: 95 | I10: 0 | J10: 95 | M10: South Acton | N10: Acton | O10: 519884 | P10: 179182 | R10: No | S10: No | T10: NA (Windfall 001) | U10: 0.329 | V10: 95 | W10: 49 | X10: 46 | Y10: 95 | AA10: A total of 95 affordable C3 units, comprising 49 LAR and 46 Shared Ownership. | AB10: Approval (as of 31/03/2025) | AC10: Previously (in version 2) captured in the pending tab. This permission comprises both C3 and PBSA accommodation. Only C3 units are recorded here, with PBSA assigned to NSC Pipeline tab. The scheme comprises two physically separate sites (Bollo Yard C3 and Bollo Place PBSA), with a combined site area of 0.329 ha. 429 student bed spaces equates to 172 units. When combined with 95 C3 units the overall unit provision equates to 267 units. | AD10: Bespoke - Decision issued May 2024. A number of conditions have been discharged or are pending consideration. These include a construction management plan which indicate that demolition could start in Autumn 2024 with final fit out in Summer 2027 (approx. 33 months). This is adjusted by 12 months to account for delay in securing permission and commencement (confirmed via CIL as Sept 2025). The C3 and PBSA accommodation are located in separate blocks. | AN10: 0 | AO10: 0 | AP10: 0 | AQ10: 95 | AR10: 0 | AS10: 0 | AT10: 0 | AU10: 0 | AV10: 0 | AW10: 0 | AX10: 0 | AY10: 0 | AZ10: 0 | BA10: 0 | BB10: =SUM(AN10:BA10) -> 95
A11: 221747HYBRID | B11: Grant with S106 Obligations | D11: 45049 | E11: 44256 | F11: Friary Park Estate, The Drive, Joseph Avenue, Sparks Close and Friary Road, Acton W3 6NL | G11: Supersedes 193424HYBRID. 221747HYBRID part superseded by full application for phase 3 243424FUL. | H11: 233 | I11: 0 | J11: 233 | M11: East Acton | N11: Acton | O11: 520535 | P11: 181189 | R11: No | S11: Allocation (AC11) not pursued | T11: 0 | U11: 2.83 | V11: 233 | W11: 90 | X11: 140 | Y11: 230 | Z11: =Y11/V11*100 -> 98.712446 | AA11: Existing units comprised 225 Social Rent units and 5 market unit. Proposed affordable breakdown (as approved under 193424HYBRID) comprises (gross) 237 Social Rent units, 78 London Affordable Rent, 140 London Shared Ownership Summary position: 455 total affordable. 315 low cost Rent. 140 Intermediate. It is assumed that a number of these units have now been completed, but need to confirm unimplemented totals. The first phase renamed Verdean 124 Social Rent units completed 01/05/2024 as per 24/25 HFR submission. | AB11: Started | AC11: Note the capacity figures captured under this permission have been adjusted to remove phase 3 application (243424FUL) which is captured currently under the pending tab instead. This site was part completed under earlier scheme (193424HYBRID): 100 existing units (phase 1a) were demolished in March 2021. 113 new units were completed in Feb 2023. The latter application 221747HYBRID supersedes the unimplemented parts of 193424HYBRID. 221747HYBRID is also part implemented: 182 new units were completed in January 2024. With regard to existing units the combined site comprises 225 Social Rented homes (6xStudios, 82x1bed, 120x2bed, 13x3bed and 4x4bed). The Combined Site also contained 5 x 4bed private houses on The Drive. All five of the private homes have been acquired and have since been demolished to enable the development. The original housing site wide total being 230 homes. 193424HYBRID records 990 gains (of which 113 were completed 01/02/2023 & 877 superseded) and 230 losses (of which 100 were completed/lost 01/03/2021 & 130 superseded). 221747HYBRID records 1115 gains (of which 182 were completed 10/01/2024 & 124 The Verdean completed May 2024) and 130 losses (completed May 2023 - this may be an error as 76 units still remain to be demolished as of Jan 2026). The first phase under 221747 hybrid permission renamed Verdean 124 Social Rent units completed 01/05/2024 as per 24/25 HFR submission. 243424FUL (pending as of 31st March 2025) for phase 3 proposes 693 units, of which 576 units supersede units in the hybrid, and 117 represent an additional uplift. Combined Permitted (with pending) 1115 + 113 + (117) = 1228 (1345) gross gain 130 + 100 = 230 gross loss (double check as latest scheme indicates 225 units) 998 net (1115) Combined unimplemented (with pending) 1228 (1345) - 113 - 182 - 124 = 809 (926) gross gain 230 - 100 - 54 = 76 gross loss (double check if 130 losses did occur in May 2023 ) 733 (850) net Combined unimplemented (adjusted removing phase 3 as captured separately in Pending Tab) 233 gross gain 0 gross loss 233 net | AD11: Bespoke - Phasing informed by scheme specific information - Although works have started on site, given the scale of scheme it is not considered likely that all units will be completed within 5 years. Phasing plan indicates site to be constructed in 3 phases over a period of 7 years - phase 3 earliest completion date is anticipated to be Q3 2028. Phase 1: Commence Q1 2021 - Complete Q4 2025. Phase 2: Commence Q1 2023 - Complete Q1 2025. Phase 3: Commence Q3 2025 - Complete Q3 2029 (captured under pending tab). | AN11: 233 | AO11: 0 | AP11: 0 | AQ11: 0 | AR11: 0 | AS11: 0 | AT11: 0 | AU11: 0 | AV11: 0 | AW11: 0 | AX11: 0 | AY11: 0 | AZ11: 0 | BA11: 0 | BB11: =SUM(AN11:BA11) -> 233 | BJ11: 46 | BK11: 46 | BL11: 0 | BM11: 46 | BN11: 46 | BO11: 0 | BP11: 0 | BQ11: 0 | BR11: 0 | BS11: 0 | BT11: 0 | BU11: 0 | BV11: 0 | BW11: 0 | BX11: 0 | BY11: =SUM(BI11:BX11) -> 184
A12: 224371FUL | B12: Grant with S106 Obligations | D12: 45182 | E12: 45261 | F12: Land Between Park View And Cloister Road Western Avenue, Acton, W3 6XZ | H12: 300 | I12: 0 | J12: 300 | M12: North Acton | N12: Acton | O12: 520532 | P12: 181729 | R12: OIS3 | S12: No | T12: NA | U12: 0.82 | V12: 300 | W12: 45 | X12: 46 | Y12: 91 | Z12: =Y12/V12*100 -> 30.333333 | AA12: A total of 91 affordable units, comprising 45 affordable rent units and 46 shared ownership or London Living Rent | AB12: Started | AC12: Known as Cloister Corner or Royal Gateway. | AD12: Bespoke. CIL records confirm commencement December 2023. Various conditions discharged in 2025 and NMA for internal layout changes pending consideration. To be completed in phases. First completions anticipated in 2026. | AN12: 0 | AO12: 100 | AP12: 100 | AQ12: 100 | AR12: 0 | AS12: 0 | AT12: 0 | AU12: 0 | AV12: 0 | AW12: 0 | AX12: 0 | AY12: 0 | AZ12: 0 | BA12: 0 | BB12: =SUM(AN12:BA12) -> 300 | BJ12: 22 | BK12: 23 | BL12: 23 | BM12: 23 | BN12: 0 | BO12: 0 | BP12: 0 | BQ12: 0 | BR12: 0 | BS12: 0 | BT12: 0 | BU12: 0 | BV12: 0 | BW12: 0 | BX12: 0 | BY12: =SUM(BI12:BX12) -> 91
A13: 225069FUL | B13: Grant with S106 Obligations | D13: 45289 | F13: 239 Horn Lane, W3 9ED | H13: 185 | I13: 0 | J13: 185 | L13: New Build | M13: North Acton | N13: Acton | O13: 520188 | P13: 181137 | R13: ACT6 | S13: Allocation (Reg 18 AC12) not pursued | T13: NA | U13: 0.64 | V13: 185 | W13: 35 | X13: 28 | Y13: 63 | Z13: =Y13/V13*100 -> 34.054054 | AA13: A total of 63 affordable units, comprising 35 London Affordable Rent units & 28 Intermediate units | AB13: Approval | AC13: This scheme was previously (version 1) assigned to Pending tab in earlier iteration of the trajectory. | AD13: Bespoke. The site is currently occupied for HS2 purposes accommodating a temporary construction compound, and implementation isn't expected for sometime. Note permission has an extended time limit of 5 years. | AN13: 0 | AO13: 0 | AP13: 61 | AQ13: 62 | AR13: 62 | AS13: 0 | AT13: 0 | AU13: 0 | AV13: 0 | AW13: 0 | AX13: 0 | AY13: 0 | AZ13: 0 | BA13: 0 | BB13: =SUM(AN13:BA13) -> 185 | BJ13: 0 | BK13: 0 | BL13: 0 | BM13: 21 | BN13: 21 | BO13: 21 | BP13: 0 | BQ13: 0 | BR13: 0 | BS13: 0 | BT13: 0 | BU13: 0 | BV13: 0 | BW13: 0 | BX13: 0 | BY13: =SUM(BI13:BX13) -> 63
A14: 201379OUT | B14: Grant with S106 Obligations | D14: 44552 | F14: TfL Landholdings At Bollo Lane Acton Ealing Bounded By The Railway Lines To The West Acton Town Station To The North Bollo Lane To The East And The Bollo Lane Level Crossing To The South. London W3 8QU | G14: Hybrid Application - Phases 1 & 2 in full (195 units), Phases 3 & 4 in outline (657 units) | H14: 852 | I14: 0 | J14: 852 | M14: South Acton | N14: Acton | O14: 519804 | P14: 179131 | R14: No | S14: South Acton LSIS Windfall | T14: NA | U14: 3.64 | V14: 852 | W14: 91 | X14: 308 | Y14: 399 | Z14: =Y14/V14*100 -> 46.830986 | AA14: A total of 399 affordable units, comprising 91 London Affordable Rent units, 59 London Living Rent units, 66 DMR units, 183 shared ownership units. Summary position: 399 total affordable. 91 Low Cost Rent. 308 Intermediate. Note application documentation wrongly assigns LLR to Low Cost Rent category. Note Granted 26/06/2025 - S73 application (243527VAR) - validated Sept 2024. This revises unit total for phase 3 from 424 to 455. This uplift of 31 units arises from -9 LAR, +30 intermediate & +10 private. Phase 4 remains unchanged comprising 233 units. Changes arising from this pending scheme have not been accounted for as part of this iteration of the trajectory. Note S73 application (243527VAR) - validated Sept 2024 and Granted permission 26/06/2025. Permission 243796REM Granted 27/06/2025 for the approval of Reserved Matters for Phase 3 (Plots 2D-2F only) increasing the amount of dwellings within this phase 424 to 455. For Phase 3, a total of 215 units, comprising 49 LAR and 166 London Shared Ownership + LLR Intermediate Units. Market / Private 240 units. | AB14: Approval | AC14: Phases 1 to 2 comprising 195 units approved in full. Phases 3 to 4 approved in outline only (as of the 31st March 2025). See also S73 application 243527VAR in pending tab (but granted June 2025) which also increases the total of units in phase 3 by 31 units from 424 to 455. Combined this site will now deliver 883 units. This uplift is also reflected via the Reserve Matter application 243796REM for phase 3 (approved June 2025). | AD14: Bespoke - Phasing informed by hybrid status of permission. Phases 1 & 2 in full (195 units), Phases 3 & 4 in outline (657 units). Note phase 3 now approved in full as of June 2025. The REM application for phase 3 indicates that those works are expected to complete in 2029. | AN14: 0 | AO14: 0 | AP14: 0 | AQ14: 97 | AR14: 98 | AS14: 219 | AT14: 219 | AU14: 219 | AV14: 0 | AW14: 0 | AX14: 0 | AY14: 0 | AZ14: 0 | BA14: 0 | BB14: =SUM(AN14:BA14) -> 852 | BJ14: 0 | BK14: 0 | BL14: 0 | BM14: 46 | BN14: 46 | BO14: 102 | BP14: 102 | BQ14: 103 | BR14: 0 | BS14: 0 | BT14: 0 | BU14: 0 | BV14: 0 | BW14: 0 | BX14: 0 | BY14: =SUM(BI14:BX14) -> 399
A15: 241197FUL | B15: Grant with S106 Obligations | D15: 45630 | F15: 5 Creffield Road, Ealing W5 3HP | H15: 7 | I15: 0 | J15: 7 | M15: Ealing Common | N15: Ealing | O15: 518752 | P15: 180648 | R15: No | S15: No | T15: NA | U15: 0.25 | V15: 7 | AB15: Approval | AC15: Just exceeds the 0.25ha site area threshold to qualify as a large site. Permission Granted 04/12/2024 for 6 x 4bed terraced dwellings and 1 x 5bed detached dwellings | AD15: Scenario 7 | AN15: 0 | AO15: 7 | AP15: 0 | AQ15: 0 | AR15: 0 | AS15: 0 | AT15: 0 | AU15: 0 | AV15: 0 | AW15: 0 | AX15: 0 | AY15: 0 | AZ15: 0 | BA15: 0 | BB15: =SUM(AN15:BA15) -> 7
A16: 231268PANDF | B16: Prior Approval Required and Given | D16: 45336 | F16: Bay Court And Spruce Court, Popes Lane, Ealing W5 4AZ | G16: Construction of fourth floor to accommodate 9 self-contained residential flats with associated cycle and refuse storage (Prior Approval Application under Class A, Part 20) | H16: 9 | I16: 0 | J16: 9 | L16: Extension | M16: Ealing Common | N16: Ealing | O16: 518340 | P16: 179385 | R16: No | S16: No | T16: NA | U16: 0.35 | V16: 9 | AB16: Approval | AD16: Scenario 7 | AN16: 0 | AO16: 9 | AP16: 0 | AQ16: 0 | AR16: 0 | AS16: 0 | AT16: 0 | AU16: 0 | AV16: 0 | AW16: 0 | AX16: 0 | AY16: 0 | AZ16: 0 | BA16: 0 | BB16: =SUM(AN16:BA16) -> 9
A17: 223774FUL | B17: Grant with S106 Obligations | D17: 45336 | F17: 9-42 The Broadway and 1-4 Haven Place, W5 2NP | H17: 0 | I17: 4 | J17: -4 | M17: Ealing Broadway | N17: Ealing | O17: 517885 | P17: 180864 | R17: EAL3 | S17: 01EA (EA01) | U17: 0.62 | V17: -4 | W17: 0 | X17: 0 | Y17: 0 | Z17: =Y17/V17*100 -> 0 | AA17: Existing units (4no.) to be lost are all private | AB17: Approval | AC17: Previously (version 1) assigned to 'Pending' tab (note this scheme proposes no new residential units but results in loss of 5 existing units). Arcadia Centre (capacity) assigned to allocation tab instead. | AD17: Likely beyond 5 years, although loss of existing units will likely happen at outset of development programme. | AN17: 0 | AO17: 0 | AP17: 0 | AQ17: 0 | AR17: 0 | AS17: -4 | AT17: 0 | AU17: 0 | AV17: 0 | AW17: 0 | AX17: 0 | AY17: 0 | AZ17: 0 | BA17: 0 | BB17: =SUM(AN17:BA17) -> -4 | BJ17: 0 | BK17: 0 | BL17: 0 | BM17: 0 | BN17: 0 | BO17: 0 | BP17: 0 | BQ17: 0 | BR17: 0 | BS17: 0 | BT17: 0 | BU17: 0 | BV17: 0 | BW17: 0 | BX17: 0 | BY17: =SUM(BI17:BX17) -> 0
A18: 193500FUL | B18: Grant with S106 Obligations | D18: 44447 | F18: 72-76 Broadway, West Ealing, London, W13 0SY | H18: 56 | I18: 0 | J18: 56 | M18: Hanwell Broadway | N18: Ealing | R18: EA15 | S18: 09EA (EA16) | T18: 56 | U18: 0.18 | V18: 0 | Z18: =Y18/V18*100 -> #DIV/0! | AB18: Approval | AC18: Small site which forms part of a bigger allocation (09EA). Allocation capacity input subsumes capacity from pipeline. | AD18: NA | AN18: 0 | AO18: 0 | AP18: 0 | AQ18: 0 | AR18: 0 | AS18: 0 | AT18: 0 | AU18: 0 | AV18: 0 | AW18: 0 | AX18: 0 | AY18: 0 | AZ18: 0 | BA18: 0 | BB18: =SUM(AN18:BA18) -> 0 | BY18: =SUM(BI18:BX18) -> 0
A19: P/2015/0072 | B19: Grant with S106 Obligations | D19: 42327 | E19: 44743 | F19: Green Man Lane, W13 0NY | G19: Phase 6b (block D1) only accounted for here. | H19: 16 | I19: 0 | J19: 16 | M19: Hanwell Broadway | N19: Ealing | O19: 516429 | P19: 180603 | R19: No | S19: Allocation (Reg 18 EA23) not pursued | T19: 0 | U19: 1.75 | V19: 16 | Z19: =Y19/V19*100 -> 0 | AA19: Further investigation needed. Note no existing residential units occupy the site - as previously accommodated the school. | AB19: Started | AC19: Phases 1, 2, 3, 5 & 6a completed. Phase 6a - Felix Road Terrace comprised 23 units and completed Nov 2024. Phase 6b -Block D1 16 units outstanding. Phase 6b - Blocks D2, D3 & D4 (53 units) superseded by 223093HYBRID (see separate entry in pipeline tab). | AD19: Bespoke - Phase 6b Block D1 to be progressed now in parallel with phases 4 and 6b Block D2. | AN19: 8 | AO19: 8 | AP19: 0 | AQ19: 0 | AR19: 0 | AS19: 0 | AT19: 0 | AU19: 0 | AV19: 0 | AW19: 0 | AX19: 0 | AY19: 0 | AZ19: 0 | BA19: 0 | BB19: =SUM(AN19:BA19) -> 16 | BJ19: 0 | BK19: 0 | BL19: 0 | BM19: 0 | BN19: 0 | BO19: 0 | BP19: 0 | BQ19: 0 | BR19: 0 | BS19: 0 | BT19: 0 | BU19: 0 | BV19: 0 | BW19: 0 | BX19: 0 | BY19: =SUM(BI19:BX19) -> 0
A20: 223093HYBRID | B20: Grant with S106 Obligations | D20: 45616 | F20: Green Man Lane, W13 0NY | H20: 396 | I20: 129 | J20: 267 | M20: Hanwell Broadway | N20: Ealing | O20: 516429 | P20: 180603 | R20: No | S20: Allocation (Reg 18 EA23) not pursued | U20: 1.58 | V20: 267 | W20: 21 | X20: 54 | Y20: 75 | AA20: Of the 129 existing units, 108 are Social Rent units and 21 are private. As proposed a total of 183 affordable units (gross) are approved comprising 129 Social Rent and 54 Shared Ownership. Affordable 183 Units (75-Social Rent units, 54 - LAR units and 54 London Shared Ownership units) | AB20: Approval | AC20: This app principally covers phase 4 and a bit of the original phase 6b. Scheme previously (version 2) captured within pending tab. Progress stalled in 2023 as original contractor collapsed but new development partner appointed in 2025. As existing the site comprises 129 units in Tintern Court which are to be demolished. The proposal is for 396 units (gross) proposed. The net figure is 267. See also P/2015/0072 in 'Pipeline'. | AD20: Bespoke - Decision issued Nov 2024. Phasing informed by scheme specific information. | AN20: 0 | AO20: 0 | AP20: 67 | AQ20: 67 | AR20: 67 | AS20: 66 | AT20: 0 | AU20: 0 | AV20: 0 | AW20: 0 | AX20: 0 | AY20: 0 | AZ20: 0 | BA20: 0 | BB20: =SUM(AN20:BA20) -> 267
A21: P/2015/4089 | B21: Grant with S106 Obligations | D21: 42786 | E21: 43875 | F21: Castle House & Rome House, 119 - 127 Gordon Road, West Ealing, W13 8QD | H21: 172 | I21: 0 | J21: 172 | M21: Ealing Broadway | N21: Ealing | R21: EAL13 | S21: 17EA | T21: 172 | U21: 1.46 | V21: 0 | Z21: =Y21/V21*100 -> #DIV/0! | AB21: Part Lapsed (Phase 2) | AC21: Phase 1 (142 units) completed. Phase 2 (172 units) technically lapsed, but remains in PLD as unable to part lapse a hybrid scheme. Capacity contribution recorded under allocation entry instead. A revised scheme is expected for phase 2. | AD21: NA | AN21: 0 | AO21: 0 | AP21: 0 | AQ21: 0 | AR21: 0 | AS21: 0 | AT21: 0 | AU21: 0 | AV21: 0 | AW21: 0 | AX21: 0 | AY21: 0 | AZ21: 0 | BA21: 0 | BB21: =SUM(AN21:BA21) -> 0 | BY21: =SUM(BI21:BX21) -> 0
A22: 222341FUL | B22: Grant with S106 Obligations | D22: 44966 | E22: 45364 | F22: Twyford Abbey Nursing Home, Twyford Abbey Road, Park Royal London, NW10 7DP | H22: 326 | I22: 0 | J22: 326 | M22: Hanger Hill | N22: Ealing | O22: 519016 | P22: 183185 | R22: No | S22: Allocation (Reg 18 EA30) not pursued | T22: 0 | U22: 5.4 | V22: 326 | W22: 70 | X22: 40 | Y22: 110 | Z22: =Y22/V22*100 -> 33.742331 | AA22: A total of 110 affordable units proposed, comprising 70 London Affordable Rent Units and 40 Shared Ownership units | AB22: Started | AC22: Capacity for this site assigned to pipeline rather than allocation. Reports indicate that original cottage may be lost, but this is not part of permission and so 0 existing units are recorded. | AD22: Bespoke - Works started in March 2024. Site is to be developed in phases. Phase 1 comprising 109 units in blocks G, H, J & K are estimated to complete in August 2026. The new blocks in phase 2 are expected to complete in 2027, with the units in the abbey building to follow last. | AN22: 0 | AO22: 109 | AP22: 217 | AQ22: 0 | AR22: 0 | AS22: 0 | AT22: 0 | AU22: 0 | AV22: 0 | AW22: 0 | AX22: 0 | AY22: 0 | AZ22: 0 | BA22: 0 | BB22: =SUM(AN22:BA22) -> 326 | BJ22: 0 | BK22: 55 | BL22: 55 | BM22: 0 | BN22: 0 | BO22: 0 | BP22: 0 | BQ22: 0 | BR22: 0 | BS22: 0 | BT22: 0 | BU22: 0 | BV22: 0 | BW22: 0 | BY22: =SUM(BI22:BX22) -> 110
A23: 203719FUL | B23: Grant with S106 Obligations | D23: 44230 | E23: 44930 | F23: Maitland Yard And Dean Gardens Car Parks, W13 9AN | H23: 53 | I23: 0 | J23: 53 | M23: Walpole | N23: Ealing | O23: 516517 | P23: 180342 | R23: EAL14 | S23: No | T23: NA | U23: 0.42 | V23: 53 | W23: 21 | X23: 10 | Y23: 31 | Z23: =Y23/V23*100 -> 58.490566 | AA23: A total of 31 affordable units proposed, comprising 21 London Affordable Rent units and 10 Shared Ownership units. | AB23: Started | AC23: Works commenced Jan 2023, although now stalled as appointed construction firm has gone bankrupt. | AD23: Bespoke - Phasing informed by scheme specific information. Completion could be possible within first 5 years, but note works have stalled recently. | AN23: 0 | AO23: 0 | AP23: 0 | AQ23: 27 | AR23: 26 | AS23: 0 | AT23: 0 | AU23: 0 | AV23: 0 | AW23: 0 | AX23: 0 | AY23: 0 | AZ23: 0 | BA23: 0 | BB23: =SUM(AN23:BA23) -> 53 | BJ23: 0 | BK23: 15 | BL23: 16 | BM23: 0 | BN23: 0 | BO23: 0 | BP23: 0 | BQ23: 0 | BR23: 0 | BS23: 0 | BT23: 0 | BU23: 0 | BV23: 0 | BW23: 0 | BY23: =SUM(BI23:BX23) -> 31
A24: P/2014/6383 | B24: Grant with S106 Obligations | D24: 42300 | E24: 44235 | F24: Sherwood Close Estate, Sherwood Close, W13 9YJ (Phase 2 Blocks B7 & B8) | G24: Part superseded by 178303VAR and tenure mix subsequently adjusted by 201544NMA | H24: 49 | J24: 49 | M24: Walpole | N24: Ealing | R24: No | S24: No | T24: 0 | U24: 1.64 | V24: 0 | Z24: =Y24/V24*100 -> #DIV/0! | AA24: Further investigation needed. Note works are now completed. | AB24: Completed | AC24: Blocks B7 & B8 completed 8 Aug 2023. | AD24: Blocks B7 and B8 completed. BC records indicate that works completed in August 2023. | AN24: 0 | AO24: 0 | AP24: 0 | AQ24: 0 | AR24: 0 | AS24: 0 | AT24: 0 | AU24: 0 | AV24: 0 | AW24: 0 | AX24: 0 | AY24: 0 | AZ24: 0 | BA24: 0 | BB24: =SUM(AN24:BA24) -> 0 | BY24: =SUM(BI24:BX24) -> 0
A25: 223090FUL | B25: Grant with S106 Obligations | D25: 45541 | F25: Sherwood Close Estate, Sherwood Close, W13 9YJ (Phase 3) | G25: Redevelopment of the site including the demolition of the existing building and construction of 2 buildings ranging in height from 6 to 14 storeys to provide 185 self-contained residential units (Class C3) together with hard and soft landscaping, car parking, cycle storage and other associated works. | H25: 185 | I25: 47 | J25: 138 | L25: New Build | M25: Walpole | N25: Ealing | O25: 516686 | P25: 180192 | R25: No | S25: No | T25: N/A | U25: 0.53 | V25: 138 | W25: 5 | X25: 0 | Y25: 5 | AA25: Phase 3 replaces Target House which comprised 47 1 bed units, but tenure of 47 units remains unclear. Based on information supplied with original parent application, the breakdown is estimated to be 15 private units and 32 Social Rent units. A total of 37 Social Rent units proposed, with the remaining 148 units being private. 244029VAR approved 18 March 2025 increased overall unit total by 3 units from 185 to 188. The 3 additional units are all private. Whilst there is no change to the affordable mix measured at a unit level, some adjustment has been made in respect of hab rooms. | AB25: Approval | AC25: This application relates to phase 3 only. Scheme was previously (version 2) assigned to the pending tab, but now moved to the pipeline having been approved in September 2024. See also 244029VAR approved March 2025 which increases number of units from 185 to 188. Note block C4 has transferred from phase 2. Phases 1 complete. Phase 2 (P/2014/6383) previously assigned to pipeline but now completed (March 2023). Blocks B7 & B8 completed Aug 2023. | AD25: Bespoke - Phasing informed by scheme specific information. A decision has now been issued (06/09/2024). Various conditions discharged over 2025. Phase 3 site formerly Target House demolition commenced July 2024. The approved construction management plan advises that the proposed development is anticipated to span a 32 month period with works commencing in June 2025 and completing in early 2028. | AN25: 0 | AO25: 0 | AP25: 138 | AQ25: 0 | AR25: 0 | AS25: 0 | AT25: 0 | AU25: 0 | AV25: 0 | AW25: 0 | AX25: 0 | AY25: 0 | AZ25: 0 | BA25: 0 | BB25: =SUM(AN25:BA25) -> 138
A26: 244029VAR | B26: Grant with S106 Obligations | D26: 45734 | F26: Sherwood Close Phase 3 (Former Dean Gardens Estate) West Ealing London W13 9YP | G26: Minor Material Amendment (S.73) to vary condition 2 (approved documents for 223090FUL) involving increasing the number of homes from 185 to 188 | H26: 3 | I26: 0 | J26: 3 | L26: New Build | M26: Walpole | N26: Ealing | O26: 516704 | P26: 180250 | R26: No | S26: No | T26: N/A | U26: 0.53 | V26: 3 | AB26: Approval | AC26: A S.73 application which amends 223090FUL (captured separately in the pipeline) increasing the number of units from 185 to 188 across the site. | AD26: Bespoke - phasing mirrors that for 223090FUL | AN26: 0 | AO26: 0 | AP26: 3 | AQ26: 0 | AR26: 0 | AS26: 0 | AT26: 0 | AU26: 0 | AV26: 0 | AW26: 0 | AX26: 0 | AY26: 0 | AZ26: 0 | BA26: 0 | BB26: =SUM(AN26:BA26) -> 3
A27: 212893FUL | B27: Grant with S106 Obligations | D27: 44755 | E27: 45806 | F27: 1 Pitshanger Lane, Ealing, London, W5 1RH | G27: Demolition of existing building and the erection of a ground to 8 storey building comprising 60 new residential dwellings | H27: 60 | I27: 38 | J27: 22 | L27: New Build | M27: Pitshanger | N27: Ealing | O27: 516794 | P27: 182015 | R27: No | S27: No | T27: NA | U27: 0.25 | V27: 22 | W27: 10 | X27: 9 | Y27: 19 | Z27: =Y27/V27*100 -> 86.363636 | AA27: No existing affordable units given care home use. This skews affordable provision as a percentage as calculated from net overall total. | AB27: Approval | AC27: 38 existing C2 bedrooms equates to 38 C3 units (based on established 1:1 ratio) | AD27: Bespoke - CLEUD approved confirming that works (demolition) commenced May 2025. Various conditions discharged early 2025. Due to complete July 2027. | AN27: 0 | AO27: 0 | AP27: 22 | AQ27: 0 | AR27: 0 | AS27: 0 | AT27: 0 | AU27: 0 | AV27: 0 | AW27: 0 | AX27: 0 | AY27: 0 | AZ27: 0 | BA27: 0 | BB27: =SUM(AN27:BA27) -> 22 | BJ27: 0 | BK27: 9 | BL27: 10 | BM27: 0 | BN27: 0 | BO27: 0 | BP27: 0 | BQ27: 0 | BR27: 0 | BS27: 0 | BT27: 0 | BU27: 0 | BV27: 0 | BW27: 0 | BY27: =SUM(BI27:BX27) -> 19
A28: 241706OUTR3 | B28: Grant with S106 Obligations | D28: 45737 | F28: Gurnell Leisure Centre Ruislip Road East West Ealing W13 0AL | G28: Hybrid planning application for phased development involving full permission for the construction of a replacement leisure centre and outline permission for about 300 homes. | H28: 295 | I28: 0 | J28: 295 | L28: New Build | M28: Pitshanger | N28: Ealing | O28: 515840 | P28: 182459 | Q28: 12140887 | R28: No | S28: 19EA | T28: 0 | U28: 7.25 | V28: 295 | W28: 63 | X28: 35 | Y28: 98 | AA28: 197 Private, 63 Social and 35 Intermediate | AB28: Approval | AC28: Capacity now assigned to the pipeline, having previously (version 2) been captured under the allocation. Around Ealing Article from 13.02.2026 notes "Enabling works are expected to begin in the spring, with the site being readied for full construction later in the year." (https://www.aroundealing.com/news/groundworks-to-start-on-gurnell/). | AD28: Bespoke - Note this is a hybrid application, with outline consent only been sought for the residential component at present. Demolition of the original leisure centre commenced in March 2025. Application info suggests that works could commence early 2026 with leisure centre completing in early 2028. Approval given in January 2026 to enter into a development agreement with a residential development partner. | AN28: 0 | AO28: 0 | AP28: 0 | AQ28: 0 | AR28: 148 | AS28: 147 | AT28: 0 | AU28: 0 | AV28: 0 | AW28: 0 | AX28: 0 | AY28: 0 | AZ28: 0 | BA28: 0 | BB28: =SUM(AN28:BA28) -> 295
A29: 230939FUL | B29: Grant with S106 Obligations | D29: 45595 | F29: Oaklands, Argyle Road, West Ealing, W13 0HG | G29: Construction of an additional floor to the existing building to create 9no. residential units (Use Class C3) with associated cycle parking and outdoor amenity space. | H29: 9 | I29: 0 | J29: 9 | L29: Extension | M29: Pitshanger | N29: Ealing | O29: 516403 | P29: 181636 | R29: No | S29: No | T29: NA | U29: 0.54 | V29: 9 | AB29: Approval | AD29: Scenario 7 | AN29: 0 | AO29: 9 | AP29: 0 | AQ29: 0 | AR29: 0 | AS29: 0 | AT29: 0 | AU29: 0 | AV29: 0 | AW29: 0 | AX29: 0 | AY29: 0 | AZ29: 0 | BA29: 0 | BB29: =SUM(AN29:BA29) -> 9
A30: 171721FUL | B30: Grant with S106 Obligations | D30: 43133 | E30: 44112 | F30: Orion Park, Northfield Avenue, West Ealing W13 9SJ | G30: Part superseded by 213744VAR | H30: 76 | I30: 0 | J30: 76 | M30: Northfield | N30: Ealing | O30: 516959 | P30: 179146 | R30: No | S30: No | T30: NA | U30: 0.65 | V30: 76 | W30: 18 | X30: 58 | Y30: 76 | Z30: =Y30/V30*100 -> 100 | AA30: A total of 24 affordable units proposed, comprising 12 LAR and 12 Shared Ownership. 213744VAR added a further 19 units bringing the total up to 95 and reverted all units to affordable. Overall mix across both applications comprises 23 LAR and 72 SO. | AB30: Started | AD30: Bespoke. CIL records confirm commencement in October 2020, but apart from site clearance progress is slow. Original building contractor withdrew from development. | AN30: 0 | AO30: 0 | AP30: 38 | AQ30: 38 | AR30: 0 | AS30: 0 | AT30: 0 | AU30: 0 | AV30: 0 | AW30: 0 | AX30: 0 | AY30: 0 | AZ30: 0 | BA30: 0 | BB30: =SUM(AN30:BA30) -> 76 | BJ30: 0 | BK30: 0 | BL30: 38 | BM30: 38 | BN30: 0 | BO30: 0 | BP30: 0 | BQ30: 0 | BR30: 0 | BS30: 0 | BT30: 0 | BU30: 0 | BV30: 0 | BW30: 0 | BY30: =SUM(BI30:BX30) -> 76
A31: 213744VAR | B31: Grant with S106 Obligations | D31: 44538 | E31: 44112 | F31: Orion Park, Northfield Avenue, West Ealing, W13 9SJ | G31: Part supersedes 171721FUL adding a further 19 units | H31: 19 | I31: 0 | J31: 19 | M31: Northfield | N31: Ealing | O31: 516975 | P31: 179164 | R31: No | S31: No | T31: NA | U31: 0.65 | V31: 19 | W31: 5 | X31: 14 | Y31: 19 | Z31: =Y31/V31*100 -> 100 | AA31: 213744VAR added a further 19 units bringing the total up to 95 and reverted all units to affordable. Overall mix across both applications comprises 23 LAR and 72 SO. | AB31: Started | AD31: Bespoke. CIL records confirm commencement in October 2020 of parent application, but apart from site clearance progress is slow | AN31: 0 | AO31: 0 | AP31: 10 | AQ31: 9 | AR31: 0 | AS31: 0 | AT31: 0 | AU31: 0 | AV31: 0 | AW31: 0 | AX31: 0 | AY31: 0 | AZ31: 0 | BA31: 0 | BB31: =SUM(AN31:BA31) -> 19 | BJ31: 0 | BK31: 0 | BL31: 9 | BM31: 10 | BN31: 0 | BO31: 0 | BP31: 0 | BQ31: 0 | BR31: 0 | BS31: 0 | BT31: 0 | BU31: 0 | BV31: 0 | BW31: 0 | BY31: =SUM(BI31:BX31) -> 19
A32: 232370FUL | B32: Grant with Conditions | D32: 45155 | F32: Louisa Chilton Court, Montpelier Avenue, Ealing, W5 2XP | G32: Relates only to Louisa Chilton Court. 232370FUL part replaces 174077FUL which had subsequently lapsed and encompassing wider site including the nursing home. | H32: 4 | I32: 6 | J32: -2 | L32: New Build | M32: Pitshanger | N32: Ealing | R32: No | S32: 20EA | T32: NA (in so far as the permitted capacity has been isolated from the allocation input) | U32: 0.1 | V32: 0 | AB32: Approval | AC32: Small site permission forming part of an original large site allocation (20EA). 232370FUL essentially part replaces the earlier lapsed scheme 174077FUL (although this earlier scheme related to the allocation site in its entirety. This latter application (232370FUL) relates to Louisa Chilton Court only forming the eastern part of the allocation site and doesn't impinge on the nursing accommodation at 76. This latter permission replaces 6 original flats with 4 large homes. Various pre-commencement conditions discharged Oct 2024. Details relating to land contamination indicate that ground works have commenced. The net loss of 2 units arising from 232370FUL is excluded the Conventional Pipeline (Large) tab, as this scheme no longer forms part of a large site allocation and as an independent entry constitutes a small site permission. | AD32: NA | AN32: 0 | AO32: 0 | AP32: 0 | AQ32: 0 | AR32: 0 | AS32: 0 | AT32: 0 | AU32: 0 | AV32: 0 | AW32: 0 | AX32: 0 | AY32: 0 | AZ32: 0 | BA32: 0 | BB32: =SUM(AN32:BA32) -> 0 | BY32: =SUM(BI32:BX32) -> 0
A33: 182843FUL | B33: Grant with S106 Obligations | D33: 43840 | E33: TBC | F33: Kellogg Tower, Greenford Road, Greenford, Middlesex, UB6 0JA (Car Park and Building 1) | G33: Building 1 was to be subsumed under 213378FUL, but pending application 213378FUL disposed of. | H33: 346 | I33: 0 | J33: 346 | L33: New Build | M33: North Greenford | N33: Greenford | O33: 515290 | P33: 185342 | R33: No | S33: No | T33: NA | U33: 2.37 | V33: 346 | W33: 0 | X33: 34 | Y33: 34 | Z33: =Y33/V33*100 -> 9.8265896 | AA33: Further investigation needed. A total of 110 affordable units proposed, of which 76 are contained in building 1 (Block 4). Building 1 comprises 100% affordable units made up of 32 LAR, 30 LLR and 14 SO. Building 1 will be superseded by 213378FUL, and therefore is excluded from this count here. The remaining 34 affordable units are assigned to building 2, as DMR only. Buildings 3 and 4 comprise private for sale units only. | AB33: Approval | AC33: This permission encompasses 3 new blocks (270) on the car park and a 4th block (76) (building 1) to front of original Kellogg Tower. The original permission comprises a total of 346 units. That part of the site accommodating building 1 was subsequently going to be subsumed under pending application 213378FUL (Combined both schemes would have totalled 558 units). The legal agreement for 213378FUL was not signed and this pending scheme has now been disposed of (Feb 2026). Whilst the act of disposal occurred after 31/03/2025, it was deemed appropriate to remove any contribution from this pending scheme input in this iteration of the trajectory because of the presence of the original permission 182843FUL, which can revert back to its non-superseded state. The input assigned to this scheme (182843FUL) in the trajectory has reverted to 346 units. Note the applicant is now investigating a revised development on this site, and in 2025 has sought a scoping opinion for a new scheme comprising 550 C3 units and 390 co-living units. If pursued this will ultimately supersede 182843FUL. Awaiting a fresh application, no account has been taken of these future plans in the trajectory at present. Note the completion of the original office block (now known as Atrium Point) which created 263 units is already completed. | AD33: Bespoke - The Construction Management Plan advised that construction activities were a anticipated to take 39 months. Works have not started and noting recent scoping opinion it is possible that this scheme may longer be pursued. Given uncertainty around which scheme may ultimately be pursued on this part of the site, a cautious approach is considered appropriate. This capacity is assigned to year 6 onwards. | AN33: 0 | AO33: 0 | AP33: 0 | AQ33: 0 | AR33: 0 | AS33: 87 | AT33: 87 | AU33: 86 | AV33: 86 | AW33: 0 | AX33: 0 | AY33: 0 | AZ33: 0 | BA33: 0 | BB33: =SUM(AN33:BA33) -> 346 | BJ33: 0 | BK33: 0 | BL33: 17 | BM33: 17 | BN33: 0 | BO33: 0 | BP33: 0 | BQ33: 0 | BR33: 0 | BS33: 0 | BT33: 0 | BU33: 0 | BV33: 0 | BW33: 0 | BX33: 0 | BY33: =SUM(BI33:BX33) -> 34
A34: 164694FUL | B34: Grant with S106 Obligations | D34: 42979 | E34: 43285 | F34: Former GlaxoSmithKline Site And Former Sunblest Bakery Site, Greenford Road, Greenford, UB6 0HE | G34: Part superseded by 18488VAR | H34: 870 | I34: 0 | J34: 870 | M34: Central Greenford | N34: Greenford | O34: 515017 | P34: 184636 | R34: OIS7 | S34: No | T34: NA | U34: 10.5 | V34: 870 | Z34: =Y34/V34*100 -> 0 | AA34: Further investigation needed. Block 1 - all office. Block 2 comprises 248 units overall (a proportion of which is SO but can't determine exact numbers. Block 6 comprises 223 units overall as amended by 18VAR (all 223 DMR) Block 7 comprises 385 units overall as amended by 18VAR (103 DMR) Block 8 comprises 354 units overall as amended by 18VAR (80 DMR) The above figures need to be verified as the affordable totals are not clearly broken down. Affordable totals for blocks 2 & 3 are combined. Similarly affordable totals for blocks 4, 5, 7 & 8 are also combined. | AB34: Started | AC34: This permission encapsulates the full site. It proposed 1965 net units. Of these 1095 units have been completed thus far (379 within block 5 in March 2020, 278 within block 3 in March 2022, 220 in block 4 in Aug 2022 (plus 31 under S73 permission), 218 in block 8 in June 2024). 870 remaining under the original application to be implemented. | AD34: Bespoke. Started July 2018. Blocks 3, 4 (part against this permission and part against 184888VAR) and 5 have been completed. Block 8 completed in June 2024. Block 7 due to complete in 2025. Blocks 6 & 9 due to complete in 2026. Block 2 is due to complete in 2027. Block 1 is due to complete in 2028. | AN34: 424 | AO34: 198 | AP34: 248 | AQ34: 0 | AR34: 0 | AS34: 0 | AT34: 0 | AU34: 0 | AV34: 0 | AW34: 0 | AX34: 0 | AY34: 0 | AZ34: 0 | BA34: 0 | BB34: =SUM(AN34:BA34) -> 870 | BY34: =SUM(BI34:BX34) -> 0
A35: 184888VAR | B35: Grant with S106 Obligations | D35: 43840 | E35: 43285 | F35: Former GlaxoSmithKline Site And Former Sunblest Bakery Site, Greenford Road, Greenford, UB6 0HE | G35: Amends blocks 4, 5, 6, 7 & 8 | H35: 122 | I35: 0 | J35: 122 | M35: Central Greenford | N35: Greenford | O35: 515079 | P35: 184510 | R35: OIS7 | S35: No | T35: NA | U35: 10.5 | V35: 122 | Z35: =Y35/V35*100 -> 0 | AA35: Further investigation needed See above which relate to the combined position. | AB35: Started | AC35: This Section 73 permission amends blocks 4, 5, 6, 7 & 8, adding a further 153 units bringing the site total up to 2118. This permission adjusted (upwards) the net figure for block 4 by 31 units. As above block all units in block 4 (251 in total) completed Aug 2022. 122 units remaining to be implemented. | AD35: Block 4 completed August 2022. Align with phasing for main original application. | AN35: 85 | AO35: 14 | AP35: 23 | AQ35: 0 | AR35: 0 | AS35: 0 | AT35: 0 | AU35: 0 | AV35: 0 | AW35: 0 | AX35: 0 | AY35: 0 | AZ35: 0 | BA35: 0 | BB35: =SUM(AN35:BA35) -> 122 | BY35: =SUM(BI35:BX35) -> 0
A36: 203713FUL | B36: Grant with S106 Obligations | D36: 44230 | E36: 44529 | F36: Land Adjacent To 5 - 17 Chesterton Close And 5 - 17 Evesham Close, Greenford, UB6 9TE | H36: 25 | I36: 0 | J36: 25 | M36: Greenford Broadway | N36: Greenford | O36: 513709 | P36: 183297 | R36: No | S36: No | T36: NA | U36: 0.59 | V36: 25 | W36: 25 | X36: 0 | Y36: 25 | Z36: =Y36/V36*100 -> 100 | AA36: All 25 units would be London Affordable Rent | AB36: Started | AD36: Bespoke - CIL records confirm works commenced November 2021. The Construction Management Plan indicates a construction programme of 79 weeks. Work continued on site until April 2023, but has stalled as original building contractor (Henry) went into administration. | AN36: 0 | AO36: 0 | AP36: 25 | AQ36: 0 | AR36: 0 | AS36: 0 | AT36: 0 | AU36: 0 | AV36: 0 | AW36: 0 | AX36: 0 | AY36: 0 | AZ36: 0 | BA36: 0 | BB36: =SUM(AN36:BA36) -> 25 | BJ36: 12 | BK36: 13 | BL36: 0 | BM36: 0 | BN36: 0 | BO36: 0 | BP36: 0 | BQ36: 0 | BR36: 0 | BS36: 0 | BT36: 0 | BU36: 0 | BV36: 0 | BW36: 0 | BX36: 0 | BY36: =SUM(BI36:BX36) -> 25
A37: 231604FUL | B37: Grant with S106 Obligations | D37: 45443 | F37: Smiths Farm, Kensington Road, UB5 6AH | H37: 220 | I37: 3 | J37: 217 | M37: Greenford Broadway | N37: Greenford | O37: 513135 | P37: 183502 | R37: No | S37: 06GR (GR10) | T37: 0 | U37: 1.5 | V37: 217 | W37: 71 | X37: 40 | Y37: 111 | AA37: The 3 existing units are all private. A total of 111 affordable units are proposed comprising 71 London Affordable Rent units and 40 Shared Ownership units. 242375NMA (submitted and approved after 1st April 2024) seeks to amend tenure to provide all units as affordable. As revised 110 units qualify as social rent and 110 units as shared ownership. This revised mix will be incorporated into the next iteration of the trajectory. | AB37: Approval Started (after 31/03/2025) | AC37: Moved from pending tab as permission now approved (May 2024). Note pipeline input supersedes allocation capacity estimate. Existing farmhouse building retained but converted to café. Two existing flats demolished. | AD37: Bespoke - Planning submission (243107CND) indicates that scheme to be built in 4 phases. Phase 1 (32 units) indicative completion is March 2027. Phase 2 (66 units) indicative completion is June 2027. Phase 3 (44 units) completion by May 2028. Phase 4 comprises 78 units with completion by July 2028. Project has transferred to a new developer (SNG), and some adjustments needed to delivery programme to reflect delayed start. Building Control records indicate that works started May 2025. | AN37: 0 | AO37: 0 | AP37: 29 | AQ37: 66 | AR37: 122 | AS37: 0 | AT37: 0 | AU37: 0 | AV37: 0 | AW37: 0 | AX37: 0 | AY37: 0 | AZ37: 0 | BA37: 0 | BB37: =SUM(AN37:BA37) -> 217
A38: 214662OUT | B38: Grant with S106 Obligations | D38: 44861 | F38: The Transport Yard, Wood End Gardens, Northolt, Middlesex, UB5 4QH | G38: Outline permission | H38: 149 | I38: 0 | J38: 149 | M38: North Greenford | N38: Greenford | O38: 514802 | P38: 185611 | R38: No | S38: No | T38: NA | U38: 0.59 | V38: 149 | W38: 26 | X38: 22 | Y38: 48 | Z38: =Y38/V38*100 -> 32.214765 | AA38: A total of 48 affordable units comprising 26 LAR, 16 SO and 6 DMR | AB38: Approval | AD38: Bespoke - Application reference 244038VAR (approved April 2025) has varied the original outline permission to enable the development to come forward in 3 phases. Phase 1 now approved in full for access road, phase 2 24 units and phase 3 125 units. The applicant is seeking a CLOPD to confirm that works have commenced on the site. The construction management plan indicates of construction programme of 33 months. | AN38: 0 | AO38: 0 | AP38: 0 | AQ38: 24 | AR38: 125 | AS38: 0 | AT38: 0 | AU38: 0 | AV38: 0 | AW38: 0 | AX38: 0 | AY38: 0 | AZ38: 0 | BA38: 0 | BB38: =SUM(AN38:BA38) -> 149 | BJ38: 0 | BK38: 0 | BL38: 0 | BM38: 24 | BN38: 24 | BO38: 0 | BP38: 0 | BQ38: 0 | BR38: 0 | BS38: 0 | BT38: 0 | BU38: 0 | BV38: 0 | BW38: 0 | BX38: 0 | BY38: =SUM(BI38:BX38) -> 48
A39: PP/2013/2127 | B39: Grant with S106 Obligations | D39: 41570 | F39: Copley Close, W7 1QG | G39: Part superseded by 172235FUL & 184111NMA (phase 6) | H39: 16 | I39: 14 | J39: 2 | M39: Pitshanger | N39: Hanwell | R39: OIS6 | S39: 07HA (HA12) | T39: 2 | U39: 8.18 | V39: 0 | Z39: =Y39/V39*100 -> #DIV/0! | AB39: Completed (with exception of phases 5 & 7) | AC39: The original masterplan permission (PP/2013/2127) encompassed all 7 phases (delivering a net uplift of 122 which was subsequently revised up to 196). Phases 1, 2, 3, 4 & 6 have been implemented. Phase 5 has yet to commence but involves refurbishment only (i.e. no gain or loss of unit numbers). Phase 7 (contributing a net uplift of 2 units) remains unimplemented and the figures given here pertain to that phase only. These (approved) capacity figures are substituted by the allocation figures. | AD39: NA | AN39: 0 | AO39: 0 | AP39: 0 | AQ39: 0 | AR39: 0 | AS39: 0 | AT39: 0 | AU39: 0 | AV39: 0 | AW39: 0 | AX39: 0 | AY39: 0 | AZ39: 0 | BA39: 0 | BB39: =SUM(AN39:BA39) -> 0 | BY39: =SUM(BI39:BX39) -> 0
A40: 210009OUT | B40: Grant with S106 Obligations | D40: 45007 | E40: 45055 | F40: High Lane Estate, Hobbayne Road, Hanwell, W7 3RJ | G40: Hybrid Application. Phase 1 in full. Phases 2 & 3 in outline. | H40: 505 | I40: 264 | J40: 241 | L40: New Build | M40: North Hanwell | N40: Hanwell | O40: 514840 | P40: 181399 | R40: No | S40: 08HA | T40: 0 | U40: 3.52 | V40: 241 | W40: 4 | X40: 10 | Y40: 14 | Z40: =Y40/V40*100 -> 5.8091286 | AA40: Of the existing 264 units 213 are social rent units. In respect of the proposed scheme the legal agreement omits shared equity (SO?) from the affordable category. Treating SE as SO (intermediate) the proposed affordable totals equals 227, comprising 75 LAR, 142 Social rent and 10 Shared equity. | AB40: Started | AC40: Note this is a hybrid application with full permission secured for phase 1 only at present. The quantums approved for phases 2 and 3 may be revisited - but thinking around this is at early stages, and therefore not possible to account for this here at present. | AD40: Bespoke - Phasing informed by scheme specific information. Work has started on block K (shop) in May 2023.Have to deliver in a linear fashion - limited space for decanting. Phase 1 must be completed . Phase 1 demolition anticipated to commence in 2026. Hope to reach practical completion on phase 1 within 2.5 years. Only then can phase 2 start - build out over next 2.5 years . Then phase 3 within next 2.5 years. 7.5 years - 10 years total build out - but timing ultimately subject to funding and so may be some slippage. Note original development partner went into administration in late 2023. | AN40: 0 | AO40: 0 | AP40: 0 | AQ40: 72 | AR40: 0 | AS40: 0 | AT40: 94 | AU40: 0 | AV40: 0 | AW40: 75 | AX40: 0 | AY40: 0 | AZ40: 0 | BA40: 0 | BB40: =SUM(AN40:BA40) -> 241 | BJ40: 0 | BK40: 0 | BL40: 4 | BM40: 0 | BN40: 0 | BO40: 6 | BP40: 0 | BQ40: 0 | BR40: 4 | BS40: 0 | BT40: 0 | BU40: 0 | BV40: 0 | BW40: 0 | BY40: =SUM(BI40:BX40) -> 14
A41: P/2012/5040 | B41: Grant with Conditions | D41: 41477 | F41: St Bernard's Hospital, Uxbridge Road, Southall, Middlesex, UB1 3HW | H41: 214 | I41: 0 | J41: 214 | M41: Norwood Green | N41: Hanwell | O41: 514629 | P41: 179928 | R41: No | S41: No | T41: NA | U41: 2.32 | V41: 214 | Z41: =Y41/V41*100 -> 0 | AA41: Further investigation needed Affordable total/breakdown not given for phase 3 as yet. | AB41: Started | AC41: Phase 1 and 2 completed. Phase 3 (comprising 214 units as originally approved) not started. | AD41: Bespoke - Phase S3, comprising the remaining 214 residential units will commence later due to the Trust’s need to maintain services during the construction of the new Medium Secure Unit, and subject to funding. | AN41: 0 | AO41: 0 | AP41: 0 | AQ41: 0 | AR41: 71 | AS41: 71 | AT41: 72 | AU41: 0 | AV41: 0 | AW41: 0 | AX41: 0 | AY41: 0 | AZ41: 0 | BA41: 0 | BB41: =SUM(AN41:BA41) -> 214 | BY41: =SUM(BI41:BX41) -> 0
A42: 177284FUL | B42: Grant with S106 Obligations | D42: 43349 | E42: 43780 | F42: Wickes & Nissan, 75-117 Boston Road, Hanwell, London, W7 3SA | G42: Fully superseded by 191309FUL | H42: 169 | I42: 0 | J42: 0 | M42: Hanwell Broadway | N42: Hanwell | R42: HAN3 | S42: No | T42: NA | U42: 1.37 | V42: 0 | Z42: =Y42/V42*100 -> #DIV/0! | AA42: Record edited May 2024 | AB42: Superseded | AC42: This permission now recorded as superseded by 191309FUL. | AD42: NA | AN42: 0 | AO42: 0 | AP42: 0 | AQ42: 0 | AR42: 0 | AS42: 0 | AT42: 0 | AU42: 0 | AV42: 0 | AW42: 0 | AX42: 0 | AY42: 0 | AZ42: 0 | BA42: 0 | BB42: =SUM(AN42:BA42) -> 0 | BY42: =SUM(BI42:BX42) -> 0
A43: 191309FUL | B43: Grant with S106 Obligations | D43: 44092 | E43: 43780 | F43: Wickes & Nissan, 75-117 Boston Road, Hanwell, London, W7 3SA | G43: Fully supersedes 1717284FUL. Part superseded itself by 210104VAR | H43: 169 | I43: 0 | J43: 0 | M43: Hanwell Broadway | N43: Hanwell | O43: 515563 | P43: 179906 | R43: HAN3 | S43: No | T43: NA | U43: 1.45 | V43: 0 | W43: 39 | X43: 20 | Y43: 59 | Z43: =Y43/V43*100 -> #DIV/0! | AA43: The 169 units making up phase 2 comprise 20 shared ownership and 39 affordable rent | AB43: Completed | AC43: The development is being built in 2 phases due to delayed vacant possession of part of the site. Phase 1 comprising 191 units completed in January 2023. Phase 2 (169) started Nov 2021, and completed September 2024. | AD43: NA | AN43: 0 | AO43: 0 | AP43: 0 | AQ43: 0 | AR43: 0 | AS43: 0 | AT43: 0 | AU43: 0 | AV43: 0 | AW43: 0 | AX43: 0 | AY43: 0 | AZ43: 0 | BA43: 0 | BB43: =SUM(AN43:BA43) -> 0 | BJ43: 59 | BK43: 0 | BL43: 0 | BM43: 0 | BN43: 0 | BO43: 0 | BP43: 0 | BQ43: 0 | BR43: 0 | BS43: 0 | BT43: 0 | BU43: 0 | BV43: 0 | BW43: 0 | BX43: 0 | BY43: =SUM(BI43:BX43) -> 59
A44: 210104VAR | B44: Grant with S106 Obligations | D44: 44533 | E44: 44501 | F44: 75-117 Boston Road Hanwell London W7 3SA | G44: Minor Material Amendment (S73) to vary conditions 2, 15, 16, 22, 25, 26, 27 and 32, seeking to increase the number of residential units, in pursuant to planning permission ref: 191309FUL | H44: Incorporated into 191309FUL | I44: Incorporated into 191309FUL | J44: Incorporated into 191309FUL | M44: Hanwell Broadway | N44: Hanwell | O44: 515579 | P44: 179889 | R44: HAN3 | S44: No | T44: NA | U44: 1.45 | V44: Incorporated into 191309FUL | W44: Incorporated into 191309FUL | X44: Incorporated into 191309FUL | Y44: Incorporated into 191309FUL | Z44: =Y44/V44*100 -> #VALUE! | AA44: Incorporated into 191309FUL | AB44: Completed | AC44: Increased unit total by 27 units. Incorporated into 191309FUL | AD44: NA - Incorporated into 191309FUL | AN44: 0 | AO44: 0 | AP44: 0 | AQ44: 0 | AR44: 0 | AS44: 0 | AT44: 0 | AU44: 0 | AV44: 0 | AW44: 0 | AX44: 0 | AY44: 0 | AZ44: 0 | BA44: 0 | BB44: =SUM(AN44:BA44) -> 0 | BY44: =SUM(BI44:BX44) -> 0
A45: 184014FUL | B45: Grant with S106 Obligations | D45: 44043 | E45: 44368 | F45: 4 Trumpers Way, Hanwell, London, W7 2QA (Elthorne Works) | G45: Part superseded by 233548NMA (adjusts tenure mix only) | H45: 213 | I45: 0 | J45: 213 | M45: Hanwell Broadway | N45: Hanwell | O45: 515556 | P45: 179431 | R45: No | S45: No | T45: NA | U45: 1.08 | V45: 213 | W45: 17 | X45: 54 | Y45: 71 | Z45: =Y45/V45*100 -> 33.333333 | AA45: The scheme mix recorded here has accounted for 233548NMA which alters the size mix but overall unit total and unit tenure mix remained unchanged (HR tenure mix has been adjusted). A total of 71 affordable units, comprising 54 Shared Ownership units and 17 Social Rent units. | AB45: Started | AC45: Whilst this extant permission remains part of the pipeline currently, an alternative scheme has now been submitted (Jan 2026) outside of the 24/25 reporting period, and a decision on this is pending currently. It is premature to add this to the pending tab in this iteration (version 3) of the trajectory. Whilst the extant permission is now unlikely to be built out, it is too early to supersede this scheme at present. | AD45: Bespoke. CIL records confirm commencement June 2021, although not advanced beyond site clearance. Recent NMA application. Whilst the capacity input here derives from the extant scheme currently, and is likely to change, the timing of any delivery is likely to be informed by the future pending scheme. | AN45: 0 | AO45: 0 | AP45: 0 | AQ45: 0 | AR45: 71 | AS45: 71 | AT45: 71 | AU45: 0 | AV45: 0 | AW45: 0 | AX45: 0 | AY45: 0 | AZ45: 0 | BA45: 0 | BB45: =SUM(AN45:BA45) -> 213 | BJ45: 0 | BK45: 0 | BL45: 23 | BM45: 24 | BN45: 24 | BO45: 0 | BP45: 0 | BQ45: 0 | BR45: 0 | BS45: 0 | BT45: 0 | BU45: 0 | BV45: 0 | BW45: 0 | BX45: 0 | BY45: =SUM(BI45:BX45) -> 71
A46: 172913FUL | B46: Appeal allowed with conditions | C46: Yes | D46: 43669 | E46: 44739 | F46: 64-66 And 70-88 Uxbridge Road, Hanwell, London, W7 3SU | H46: 57 | I46: 2 | J46: 55 | M46: Hanwell Broadway | N46: Hanwell | R46: HAN1 | S46: 05HA | T46: 55 | U46: 0.14 | V46: 0 | AB46: Started | AC46: Small site application which forms part of a bigger allocation (05HA). Note also previous application on adjacent site - 215983FUL - resolution to grant given but legal agreement not signed and application now disposed (Aug 2025). Allocation capacity input supersedes capacity from this pipeline entry. | AD46: NA | AN46: 0 | AO46: 0 | AP46: 0 | AQ46: 0 | AR46: 0 | AS46: 0 | AT46: 0 | AU46: 0 | AV46: 0 | AW46: 0 | AX46: 0 | AY46: 0 | AZ46: 0 | BA46: 0 | BB46: =SUM(AN46:BA46) -> 0 | BY46: =SUM(BI46:BX46) -> 0
A47: 220545FULR3 | B47: Grant with S106 Obligations | D47: 45069 | E47: 45413 | F47: Site Of Former Northolt Grange Community Centre And Part Of St Raphael's Catholic School, Northolt, Middlesex, UB5 6NF | G47: See also 213792HYBRID (no resi. Component) | H47: 92 | I47: 0 | J47: 92 | L47: New Build | M47: Northolt West End | N47: Northolt | O47: 510908 | P47: 183173 | R47: No | S47: Allocation (Reg 18 NO14) not pursued | T47: NA | U47: 0.61 | V47: 92 | W47: 84 | X47: 8 | Y47: 92 | Z47: =Y47/V47*100 -> 100 | AA47: All 92 units are affordable, comprising 84 London Affordable Rent and 8 London Shared Ownership units. | AB47: Started | AC47: Capacity for this site assigned to pipeline rather than allocation. | AD47: Bespoke. Works commenced early Summer 2024. Topping out stage reached February 2025. Due to be completed Spring 2026. | AN47: 0 | AO47: 92 | AP47: 0 | AQ47: 0 | AR47: 0 | AS47: 0 | AT47: 0 | AU47: 0 | AV47: 0 | AW47: 0 | AX47: 0 | AY47: 0 | AZ47: 0 | BA47: 0 | BB47: =SUM(AN47:BA47) -> 92 | BJ47: 0 | BK47: 46 | BL47: 46 | BM47: 0 | BN47: 0 | BO47: 0 | BP47: 0 | BQ47: 0 | BR47: 0 | BS47: 0 | BT47: 0 | BU47: 0 | BV47: 0 | BW47: 0 | BX47: 0 | BY47: =SUM(BI47:BX47) -> 92
A48: 194996FUL | B48: Grant with S106 Obligations | D48: 44106 | E48: 44256 | F48: Land At Dabb's Hill (West Of Perth And Huntingdon Close), Northolt, Middlesex, UB5 4AX | G48: Part superseded by 221262NMA (adjusts tenure mix only) | H48: 149 | I48: 0 | J48: 149 | L48: New Build | M48: Northolt Mandeville | N48: Northolt | R48: No | S48: No | T48: NA | U48: 1.28 | V48: 0 | W48: 18 | X48: 131 | Y48: 149 | Z48: =Y48/V48*100 -> #DIV/0! | AA48: The scheme mix recorded here accounts for adjustment arising from 221262NMA which altered the tenure mix reverting 5 of the SO units to LAR. The overall unit total remained unchanged. As amended the all 149 units are affordable, comprising 18 LAR and 131 SO units. | AB48: Completed | AC48: Development completed, all units completed 13/02/2024. | AD48: NA | AN48: 0 | AO48: 0 | AP48: 0 | AQ48: 0 | AR48: 0 | AS48: 0 | AT48: 0 | AU48: 0 | AV48: 0 | AW48: 0 | AX48: 0 | AY48: 0 | AZ48: 0 | BA48: 0 | BB48: =SUM(AN48:BA48) -> 0 | BJ48: 0 | BK48: 0 | BL48: 0 | BM48: 0 | BN48: 0 | BO48: 0 | BP48: 0 | BQ48: 0 | BR48: 0 | BS48: 0 | BT48: 0 | BU48: 0 | BV48: 0 | BW48: 0 | BY48: =SUM(BI48:BX48) -> 0
A49: 200534FUL | B49: Grant with S106 Obligations | D49: 44239 | E49: 44327 | F49: Land Rear Of Tesco Superstore Hoover Building, Western Avenue, Perivale, UB6 8DW | H49: 278 | I49: 0 | J49: 278 | L49: New Build | M49: Perivale | N49: Perivale | O49: 516719 | P49: 183038 | R49: No | S49: No | T49: NA | U49: 1.9 | V49: 278 | W49: 0 | X49: 81 | Y49: 81 | Z49: =Y49/V49*100 -> 29.136691 | AA49: A revised affordable total and mix was negotiated as part of the S106. A total of 81 affordable units comprising 16 LLR and 65 DMR. | AB49: Started | AD49: Bespoke. Phasing informed by scheme specific information. Works commenced May 2021. Now well advanced. Scheme understood to have completed late 2025. | AN49: 278 | AO49: 0 | AP49: 0 | AQ49: 0 | AR49: 0 | AS49: 0 | AT49: 0 | AU49: 0 | AV49: 0 | AW49: 0 | AX49: 0 | AY49: 0 | AZ49: 0 | BA49: 0 | BB49: =SUM(AN49:BA49) -> 278 | BJ49: 81 | BK49: 0 | BL49: 0 | BM49: 0 | BN49: 0 | BO49: 0 | BP49: 0 | BQ49: 0 | BR49: 0 | BS49: 0 | BT49: 0 | BU49: 0 | BV49: 0 | BW49: 0 | BX49: 0 | BY49: =SUM(BI49:BX49) -> 81
A50: 216991FULR3 | B50: Grant with S106 Obligations | D50: 44987 | E50: 45075 | F50: Land South Of Park Avenue, Park Avenue, Southall, Middlesex, UB1 3AD | G50: Part superseded by 232654VAR (pending but doesn't alter unit totals) | H50: 516 | I50: 23 | J50: 493 | L50: New Build | M50: Southall Broadway | N50: Southall | O50: 512846 | P50: 179919 | R50: SOU4 | S50: Allocation (Reg 18 SO02) not pursued | T50: NA | U50: 1.24 | V50: 493 | W50: 100 | X50: 110 | Y50: 210 | Z50: =Y50/V50*100 -> 42.596349 | AA50: All 23 existing units are affordable, at social rent values. As proposed a total of 233 affordable units (gross), comprising 23 Social Rent, 100 London Affordable Rent and 110 Intermediate | AB50: Started | AC50: Capacity for this site assigned to pipeline and allocation no longer pursued. | AD50: Bespoke. CIL records confirm commencement May 2023 for phase 1. 5 phases (over 5 blocks) proposed in total. Phase 1 comprising 94 units completed January 2026. | AN50: 94 | AO50: 190 | AP50: 163 | AQ50: 46 | AR50: 0 | AS50: 0 | AT50: 0 | AU50: 0 | AV50: 0 | AW50: 0 | AX50: 0 | AY50: 0 | AZ50: 0 | BA50: 0 | BB50: =SUM(AN50:BA50) -> 493 | BJ50: 0 | BK50: 52 | BL50: 52 | BM50: 53 | BN50: 53 | BO50: 0 | BP50: 0 | BQ50: 0 | BR50: 0 | BS50: 0 | BT50: 0 | BU50: 0 | BV50: 0 | BW50: 0 | BX50: 0 | BY50: =SUM(BI50:BX50) -> 210
A51: 201888FUL | B51: Grant with S106 Obligations | D51: 44580 | E51: 45050 | F51: Southall Sidings, Park Avenue, Southall, Middlesex, UB1 3AD | H51: 460 | I51: 0 | J51: 460 | L51: New Build | M51: Southall Broadway | N51: Southall | O51: 513055 | P51: 179966 | R51: SOU4 | S51: 02SO | T51: 0 | U51: 1.16 | V51: 460 | W51: 0 | X51: 163 | Y51: 163 | Z51: =Y51/V51*100 -> 35.434783 | AA51: A total of 163 affordable units comprising 49 LLR and 114 DMR | AB51: Started | AC51: Although an allocation is still being pursued for this site all of the associated capacity is assigned to the pipeline. There are no existing residential units on the site. | AD51: Bespoke. Phasing informed by scheme specific information. CIL records confirm commencement May 2023. Enabling works completed July 2023. The overall construction period from initial enabling works up to completion is 150 weeks. Work paused after enabling works to allow re-design to account for changes to fire safety regs, with amendments (243164NMA) with no change to unit numbers approved in September 2024. Scheme comprises three buildings. Building A comprises 169 units, building B comprises 210 units, and building C comprises 81 units. Although this scheme is progressing revisions are anticipated for phase B. | AN51: 0 | AO51: 169 | AP51: 210 | AQ51: 81 | AR51: 0 | AS51: 0 | AT51: 0 | AU51: 0 | AV51: 0 | AW51: 0 | AX51: 0 | AY51: 0 | AZ51: 0 | BA51: 0 | BB51: =SUM(AN51:BA51) -> 460 | BJ51: 0 | BK51: 40 | BL51: 41 | BM51: 41 | BN51: 41 | BO51: 0 | BP51: 0 | BQ51: 0 | BR51: 0 | BS51: 0 | BT51: 0 | BU51: 0 | BV51: 0 | BW51: 0 | BX51: 0 | BY51: =SUM(BI51:BX51) -> 163
A52: PP/2015/4921 | B52: Grant with S106 Obligations | D52: 42783 | E52: 43858 | F52: 96 South Road, Southall, Middlesex, UB1 1RB | G52: Part superseded by 222363VAR (amends PP/2015/4921 but doesn't alter unit totals) | H52: 41 | I52: 0 | J52: 41 | M52: Southall Broadway | N52: Southall | R52: SOU3 | S52: 03SO | T52: 41 | U52: 0.32 | V52: 0 | Z52: =Y52/V52*100 -> #DIV/0! | AB52: Started | AC52: Allocation (03SO) capacity estimate subsumes capacity figure from permitted scheme (PP/2015/4921) | AD52: CIL records confirm commencement January 2020, but works have stalled. | AN52: 0 | AO52: 0 | AP52: 0 | AQ52: 0 | AR52: 0 | AS52: 0 | AT52: 0 | AU52: 0 | AV52: 0 | AW52: 0 | AX52: 0 | AY52: 0 | AZ52: 0 | BA52: 0 | BB52: =SUM(AN52:BA52) -> 0 | BY52: =SUM(BI52:BX52) -> 0
A53: 203705FUL | B53: Grant with S106 Obligations | D53: 44328 | E53: 44853 | F53: Former Southall College Site, Beaconsfield Road, Southall, UB1 1DP | G53: Part superseded by 220456VAR (adjusts tenure mix only) | H53: 118 | I53: 0 | J53: 118 | M53: Southall Broadway | N53: Southall | O53: 512554 | P53: 180019 | R53: SOU3 | S53: No (04SO amended to exclude this site) | T53: NA | U53: 0.38 | V53: 118 | W53: 29 | X53: 15 | Y53: 44 | Z53: =Y53/V53*100 -> 37.288136 | AA53: The scheme mix recorded here accounts for adjustment arising from 220456VAR which altered the tenure reverting 2 private units to LAR. The overall unit total remained unchanged. As amended a total of 44 affordable units proposed comprising 29 LAR and 15 SO. | AB53: Started | AD53: Bespoke. CIL records confirm commencement October 2022. Topping out stage reached January 2024. Work was set to complete in March 2025. | AN53: 118 | AO53: 0 | AP53: 0 | AQ53: 0 | AR53: 0 | AS53: 0 | AT53: 0 | AU53: 0 | AV53: 0 | AW53: 0 | AX53: 0 | AY53: 0 | AZ53: 0 | BA53: 0 | BB53: =SUM(AN53:BA53) -> 118 | BJ53: 44 | BK53: 0 | BL53: 0 | BM53: 0 | BN53: 0 | BO53: 0 | BP53: 0 | BQ53: 0 | BR53: 0 | BS53: 0 | BT53: 0 | BU53: 0 | BV53: 0 | BW53: 0 | BX53: 0 | BY53: =SUM(BI53:BX53) -> 44
A54: 200471FUL | B54: Grant with S106 Obligations | D54: 44181 | E54: 44440 | F54: Land South Of 80-92 High Street (Former Cattle Market Site), Southall UB1 3DG | G54: Redevelopment of the site to provide 125 residential units. Part superseded by 213715VAR which adjusted site boundary and altered tenure, but no change to unit total. | H54: 125 | I54: 0 | J54: 125 | L54: New Build | M54: Southall Broadway | N54: Southall | O54: 513031 | P54: 180292 | R54: SOU1 | S54: No | T54: NA | U54: 0.43 | V54: 125 | W54: 101 | X54: 24 | Y54: 125 | Z54: =Y54/V54*100 -> 100 | AA54: 213715VAR- Minor material amendment (s73)- amends the red-line site boundary for the development approved under ref. 200471FUL (dated 16th December 2020). It also proposes to change the tenure of the approved market housing to affordable homes. This would mean that all 125 homes would be affordable (100%) comprised of 101 London Affordable Rented homes and 24 Shared Ownership homes. | AB54: Started | AD54: Bespoke - Works commenced September 2021. The original development partner went into administration in February 2025. The Council have now taken back possession of the site. The Council intend to prepare site for a new contractor to complete the development. | AN54: 0 | AO54: 0 | AP54: 125 | AQ54: 0 | AR54: 0 | AS54: 0 | AT54: 0 | AU54: 0 | AV54: 0 | AW54: 0 | AX54: 0 | AY54: 0 | AZ54: 0 | BA54: 0 | BB54: =SUM(AN54:BA54) -> 125
A55: 185960FUL | B55: Grant with S106 Obligations | D55: 44076 | F55: Lion House, 56 Kingsbridge Crescent Southall UB1 2DL | H55: 43 | I55: 0 | J55: 43 | M55: Lady Margaret Road | N55: Southall | O55: 512678 | P55: 181603 | R55: No | S55: No | T55: NA | U55: 0.275 | V55: 0 | AB55: Completed | AC55: Allocation boundary (19SO) amended to exclude area covered by this permission. Scheme completed 20/03/2025. | AD55: NA | AN55: 0 | AO55: 0 | AP55: 0 | AQ55: 0 | AR55: 0 | AS55: 0 | AT55: 0 | AU55: 0 | AV55: 0 | AW55: 0 | AX55: 0 | AY55: 0 | AZ55: 0 | BA55: 0 | BB55: =SUM(AN55:BA55) -> 0
A56: 181380FUL | B56: Grant with S106 Obligations | D56: 44552 | E56: 44841 | F56: The Arches Business Centre, Merrick Road, Southall, UB2 4AU | G56: Part superseded by 240859NMA (note doesn't adjust unit total or mix). Part superseded by app 244532NMA (note this app also doesn't alter unit total or mix) | H56: 575 | I56: 0 | J56: 575 | L56: New Build | M56: Norwood Green | N56: Southall | O56: 512728 | P56: 179765 | R56: SOU6 | S56: Allocation (Reg 18 SO09) not pursued | T56: NA | U56: 0.64 | V56: 575 | W56: 42 | X56: 132 | Y56: 174 | Z56: =Y56/V56*100 -> 30.26087 | AA56: A total of 174 affordable units comprising 42 LAR and 132 Shared Ownership | AB56: Started | AC56: Also known as Merrick Place. | AD56: Bespoke. CIL records confirm commencement 07/10/2022. Comprises four main buildings/blocks. Topping out reached November 2024. Construction is expected to take 49 months. First completions anticipated 4Q/2026. | AN56: 0 | AO56: 191 | AP56: 192 | AQ56: 192 | AR56: 0 | AS56: 0 | AT56: 0 | AU56: 0 | AV56: 0 | AW56: 0 | AX56: 0 | AY56: 0 | AZ56: 0 | BA56: 0 | BB56: =SUM(AN56:BA56) -> 575 | BJ56: 0 | BK56: 0 | BL56: 58 | BM56: 58 | BN56: 58 | BO56: 0 | BP56: 0 | BQ56: 0 | BR56: 0 | BS56: 0 | BT56: 0 | BU56: 0 | BV56: 0 | BW56: 0 | BX56: 0 | BY56: =SUM(BI56:BX56) -> 174
A57: 183673OUT | B57: Grant with S106 Obligations | D57: 43798 | F57: Middlesex Business Centre, Bridge Road, Southall, Middlesex, UB2 4AB | G57: See also reserved matter application 224785REM for plots A & B | H57: 1216 | I57: 0 | J57: 1216 | L57: New Build | M57: Norwood Green | N57: Southall | O57: 512960 | P57: 179686 | R57: SOU6 | S57: 08SO (SO11) | T57: 0 | U57: 4.82 | V57: 1216 | W57: 117 | X57: 272 | Y57: 389 | Z57: =Y57/V57*100 -> 31.990132 | AA57: A total of 389 affordable units comprising 117 LAR, 100 DMR and 172 Shared Ownership | AB57: Approval | AC57: Capacity for this site assigned to pipeline in this instance rather than allocation. Note the initial allocation estimate derived from the Tall Building Study is significantly below the approved total under this scheme, hence the decision to default to using the pipeline figures for this site. Note the boundary of this permission is slightly smaller than the allocation as this permission excludes Unit K. The outline total (2083) input adjusted down to account for reserved matter application 224785REM for plots A & B which are recorded in a separate line below. | AD57: Bespoke. CLEUD application (254692CPE) confirms that works (via demolition) commenced in October/November 2025. 243386CND details indicative programme of phasing over 7 phases. Phase 3 - Oct 2028 Phase 4 - June 2030 Phase 5 - May 2030 Phase 6 - June 2031 Phase 7 - Jan 2031 | AN57: 0 | AO57: 0 | AP57: 0 | AQ57: 243 | AR57: 0 | AS57: 729 | AT57: 244 | AU57: 0 | AV57: 0 | AW57: 0 | AX57: 0 | AY57: 0 | AZ57: 0 | BA57: 0 | BB57: =SUM(AN57:BA57) -> 1216 | BJ57: 0 | BK57: 0 | BL57: 0 | BM57: 0 | BN57: 78 | BO57: 0 | BP57: 233 | BQ57: 78 | BR57: 0 | BS57: 0 | BT57: 0 | BU57: 0 | BV57: 0 | BW57: 0 | BX57: 0 | BY57: =SUM(BI57:BX57) -> 389
A58: 224785REM | B58: Approved | D58: 45239 | F58: Middlesex Business Centre, Bridge Road, Southall, Middlesex, UB2 4AB | G58: Part supersedes 183673OUT | H58: 867 | I58: 0 | J58: 867 | L58: New Build | M58: Norwood Green | N58: Southall | O58: 512971 | P58: 179703 | R58: SOU6 | S58: 08SO (SO11) | T58: 0 | U58: 1.76 | V58: 867 | W58: 84 | X58: 198 | Y58: 282 | Z58: =Y58/V58*100 -> 32.525952 | AA58: A total of 282 units comprising 84 LAR and 198 SO. | AB58: Approval | AC58: Capacity relates to plots A & B only. | AD58: Bespoke. CLEUD application (254692CPE) confirms that works (via demolition) commenced in October/November 2025. 243386CND details indicative programme of phasing for plots A & B - due to complete November and June 2029 respectively. | AN58: 0 | AO58: 0 | AP58: 0 | AQ58: 0 | AR58: 867 | AS58: 0 | AT58: 0 | AU58: 0 | AV58: 0 | AW58: 0 | AX58: 0 | AY58: 0 | AZ58: 0 | BA58: 0 | BB58: =SUM(AN58:BA58) -> 867 | BJ58: 0 | BK58: 0 | BL58: 0 | BM58: 0 | BN58: 0 | BO58: 282 | BP58: 0 | BQ58: 0 | BR58: 0 | BS58: 0 | BT58: 0 | BU58: 0 | BV58: 0 | BW58: 0 | BX58: 0 | BY58: =SUM(BI58:BX58) -> 282
A59: 191022FUL | B59: Grant with S106 Obligations | D59: 44097 | E59: TBC | F59: Quayside Quarter, Former H M Foods, Bridge Road, Southall, Middlesex, UB2 4AB | H59: 1997 | I59: 0 | J59: 1997 | L59: New Build | M59: Norwood Green | N59: Southall | O59: 513324 | P59: 179719 | R59: No | S59: No | T59: NA | U59: 6.07 | V59: 0 | W59: 200 | X59: 389 | Y59: 589 | Z59: =Y59/V59*100 -> #DIV/0! | AB59: Started | AC59: Note this site is now subject to two pending application for alternative uses. The site is covered by a pending application 232010FUL (with resolution to grant given in Oct 2023 and draft decision issued March 2025) for wholly employment scheme. A second alternative pending scheme (253874FUL) was submitted in October 2025 (after the 31st March 2025 cut off) for a hyperscale data centre and affordable workspace. Neither pending schemes contain any residential component, and accordingly are not captured elsewhere in the trajectory. In light of more recent planning activity, it is assumed that 191022FUL will now not be progressed further and accordingly any residential capacity has been removed from the future pipeline recorded in this trajectory. | AD59: NA | AN59: 0 | AO59: 0 | AP59: 0 | AQ59: 0 | AR59: 0 | AS59: 0 | AT59: 0 | AU59: 0 | AV59: 0 | AW59: 0 | AX59: 0 | AY59: 0 | AZ59: 0 | BA59: 0 | BB59: =SUM(AN59:BA59) -> 0 | BJ59: 0 | BK59: 0 | BL59: 0 | BM59: 0 | BN59: 74 | BO59: 0 | BP59: 147 | BQ59: 220 | BR59: 74 | BS59: 74 | BT59: 0 | BU59: 0 | BV59: 0 | BW59: 0 | BX59: 0 | BY59: =SUM(BI59:BX59) -> 589
A60: PP/2013/3241 | B60: Grant with S106 Obligations | D60: 42118 | E60: 42186 | F60: Havelock Estate, Havelock Road, Southall, Middlesex UB2 (phases 1-4) | G60: Outline permission for all phases | H60: 635 | I60: 536 | J60: 99 | M60: Norwood Green | N60: Southall | O60: 512937 | P60: 179178 | R60: SOU7 | S60: 09SO (S012) | T60: 0 | U60: 18.3 | V60: 99 | W60: -109 | X60: 91 | Y60: -18 | Z60: =Y60/V60*100 -> -18.181818 | AA60: The overall site as existing comprised 692 units, made up of 453 social rent units and 239 market units. 156 of these existing units were demolished as part of phase 1. The make up of the 156 demolished units comprised 103 Social Rent units and 53 private rent units. 536 units remain to be demolished in later phases, comprising 350 social rent units and 186 private units. Phases 2-4 as approved, pending implementation: 635 (gross gain) – comprising 241 SR, 91 Intermediate & 303 private units 536 (gross losses) – comprising 350 SR & 186 private units 99 (net) - comprising -109 SR, 91 Intermediate & 117 private units | AB60: Started | AC60: Capacity (99) assigned to Conventional Pipeline tab reflecting existing planning permissions ref. PP/2013/3241 (Phases 1-4), PP/2013/3242 (Phase 1 & updates mix), 190163NMA (Part supersedes PP/2013/3242). The capacity yield for this site is informed solely by planning history at present. Whilst it is anticipated that a revised scheme will be submitted for phases 2-4 further details are not available regarding this at present. The capacity figures given here exclude the phase 1 component which has already been completed. Note 190163NMA added 4 gains to overall total which have been subsequently completed under phase 1. | AD60: Bespoke. Phase 2-4 are subject to an outline permission only at this stage. Whilst it is anticipated that a revised scheme will be submitted for phases 2-4 the timing of this is unclear at present. The original appointed development partner for phase 2 has withdrawn from project. Phasing distribution has regard to gross total in this instance. | AN60: 0 | AO60: 0 | AP60: 0 | AQ60: 0 | AR60: 0 | AS60: 19 | AT60: 20 | AU60: 20 | AV60: 20 | AW60: 20 | AX60: 0 | AY60: 0 | AZ60: 0 | BA60: 0 | BB60: =SUM(AN60:BA60) -> 99 | BJ60: 0 | BK60: 0 | BL60: 0 | BM60: 0 | BN60: 0 | BO60: -3 | BP60: -3 | BQ60: -4 | BR60: -4 | BS60: -4 | BT60: 0 | BU60: 0 | BV60: 0 | BW60: 0 | BX60: 0 | BY60: =SUM(BI60:BX60) -> -18
A61: 215058FULR3 | B61: Grant with S106 Obligations | D61: 44813 | F61: Land Comprising Public Car Park, Business Premises, Roads And Adjacent Land Lying To The North West And Rear Of The Green And Adjoining Featherstone Terrace, Dominion Road And Dilloway Yard, Southall, UB2 (The Green) | H61: 564 | I61: 0 | J61: 564 | M61: Southall Green | N61: Southall | O61: 512397 | P61: 179488 | R61: SOU8 | S61: 10SO (SO13) | T61: 0 | U61: 1.97 | V61: 0 | W61: 157 | X61: 112 | Y61: 269 | Z61: =Y61/V61*100 -> #DIV/0! | AA61: A total of 269 affordable units comprising 157 London Affordable Rent units & 112 London Shared Ownership units | AB61: Approval | AC61: The capacity contribution from this site had previously been assigned under the pipeline rather than allocation. Part of the site is subject to a CPO which was approved April 2023. The permission was to be progressed over 3 phases. Block A 242 units. Block B 216 units. Block C 106 units. The Construction Environmental Management Plan supporting the application provided details regarding the indicative programme of work. Once commenced works were expected to take 3 years. Arising from viability issues, the development partnership with Peabody and Ealing Council was terminated in November 2025, and both the CPO and planning permission will now not be pursued. It is noted that this position was reached after 31/03/2025, but is accounted for here in version 3 of the trajectory (redistributing capacity from pipeline to the allocation) on the basis that a separate allocation input already existed, and an adjusted capacity figure can be assigned under that input instead. A reduced capacity contribution from this site has now been captured under the allocation instead. | AD61: NA | AN61: 0 | AO61: 0 | AP61: 0 | AQ61: 0 | AR61: 0 | AS61: 0 | AT61: 0 | AU61: 0 | AV61: 0 | AW61: 0 | AX61: 0 | AY61: 0 | AZ61: 0 | BA61: 0 | BB61: =SUM(AN61:BA61) -> 0 | BJ61: 0 | BK61: 0 | BL61: 0 | BM61: 89 | BN61: 90 | BO61: 90 | BP61: 0 | BQ61: 0 | BR61: 0 | BS61: 0 | BT61: 0 | BU61: 0 | BV61: 0 | BW61: 0 | BX61: 0 | BY61: =SUM(BI61:BX61) -> 269
A62: 216215FUL | B62: Grant with S106 Obligations | D62: 45338 | F62: 13-15 The Green, Southall, Middlesex, UB2 4AH | G62: Revised plans increase unit total to 96 from original description of 95 units. | H62: 96 | I62: 0 | J62: 96 | M62: Southall Green | N62: Southall | O62: 512577 | P62: 179672 | R62: No | S62: 07SO (SO10) | T62: 0 | U62: 0.08 | V62: 0 | W62: 10 | X62: 23 | Y62: 33 | Z62: =Y62/V62*100 -> #DIV/0! | AA62: A total of 33 affordable units comprising 10 Social Rent units and 23 Shared Ownership units | AB62: Superseded | AC62: Below Large Site threshold, but forming component part of allocation. Proposed capacity deriving from this part of the site is excluded from allocation estimate which has been derived from the tall building assessment. An alternative scheme 243547FUL (recorded under the NSC Pipeline tab) for student accommodation at 13-19 The Green has also now been approved and it is understood that this student led scheme will now be pursued instead. This permission is effectively superseded for the purpose of the trajectory. | AD62: NA | AN62: 0 | AO62: 0 | AP62: 0 | AQ62: 0 | AR62: 0 | AS62: 0 | AT62: 0 | AU62: 0 | AV62: 0 | AW62: 0 | AX62: 0 | AY62: 0 | AZ62: 0 | BA62: 0 | BB62: =SUM(AN62:BA62) -> 0 | BJ62: 0 | BK62: 0 | BL62: 0 | BM62: 16 | BN62: 17 | BO62: 0 | BP62: 0 | BQ62: 0 | BR62: 0 | BS62: 0 | BT62: 0 | BU62: 0 | BV62: 0 | BW62: 0 | BX62: 0 | BY62: =SUM(BI62:BX62) -> 33
A63: 185158REM | B63: Grant with Conditions | D63: 43518 | F63: Southall Gas Works Site, The Straight, Southall, Middlesex, UB1 1QX (The Green Quarter) | G63: Phase 2 | H63: 897 | I63: 0 | J63: 897 | M63: Southall West | N63: Southall | O63: 512105 | P63: 179841 | R63: SOU5 | S63: No but linked to 11SO (SO14) | T63: NA | U63: 6.12 | V63: 897 | W63: 106 | X63: 40 | Y63: 146 | Z63: =Y63/V63*100 -> 16.276477 | AA63: A total of 146 affordable units comprising 106 Affordable Rent units & 40 Shared Ownership Units | AB63: Approval | AC63: Of the 2404 net units permitted under phases 1-3, 1803 net units remain to be completed relating to phases 2 and 3, and these therefore are included in the pipeline. This permission is a reserved matter application for phase 2. Future capacity arising from phases 4-9 has been assigned to the pending inputs instead. | AD63: Bespoke. As of February 2026 phase 2 has yet to commence. First units (Brickfields) in phase 2 (Quarter Yards) anticipated to complete Q1 2028. | AN63: 0 | AO63: 0 | AP63: 224 | AQ63: 224 | AR63: 224 | AS63: 225 | AT63: 0 | AU63: 0 | AV63: 0 | AW63: 0 | AX63: 0 | AY63: 0 | AZ63: 0 | BA63: 0 | BB63: =SUM(AN63:BA63) -> 897 | BJ63: 0 | BK63: 0 | BL63: 36 | BM63: 36 | BN63: 37 | BO63: 37 | BP63: 0 | BQ63: 0 | BR63: 0 | BS63: 0 | BT63: 0 | BU63: 0 | BV63: 0 | BW63: 0 | BX63: 0 | BY63: =SUM(BI63:BX63) -> 146
A64: 201123NMA | B64: Approved | D64: 43928 | F64: Southall Gas Works Site, The Straight, Southall, Middlesex, UB1 1QX (The Green Quarter) | G64: Phase 2 | H64: 11 | I64: 0 | J64: 11 | M64: Southall West | N64: Southall | O64: 512434 | P64: 179791 | R64: SOU5 | S64: No but linked to 11SO (SO14) | T64: NA | U64: 6.12 | V64: 11 | W64: 0 | X64: 0 | Y64: 0 | Z64: =Y64/V64*100 -> 0 | AA64: All 11 additional units secured through this amendment are private | AB64: Approval | AC64: This application varied 185158REM adding a further 11 units to phase 2 | AD64: Bespoke. As of February 2026 phase 2 has yet to commence. Phase 2 (Quarter Yards) anticipated to complete Q1 2028. | AN64: 0 | AO64: 0 | AP64: 2 | AQ64: 3 | AR64: 3 | AS64: 3 | AT64: 0 | AU64: 0 | AV64: 0 | AW64: 0 | AX64: 0 | AY64: 0 | AZ64: 0 | BA64: 0 | BB64: =SUM(AN64:BA64) -> 11 | BJ64: 0 | BK64: 0 | BL64: 0 | BM64: 0 | BN64: 0 | BO64: 0 | BP64: 0 | BQ64: 0 | BR64: 0 | BS64: 0 | BT64: 0 | BU64: 0 | BV64: 0 | BW64: 0 | BX64: 0 | BY64: =SUM(BI64:BX64) -> 0
A65: 216077REM | B65: Grant subject to Unilateral Undertaking | D65: 44803 | F65: Southall Gas Works Site, The Straight, Southall, Middlesex, UB1 1QX (The Green Quarter) | G65: Phase 2 | H65: 250 | I65: 0 | J65: 250 | M65: Southall West | N65: Southall | O65: 512427 | P65: 179806 | R65: SOU5 | S65: No but linked to 11SO (SO14) | T65: NA | U65: 6.12 | V65: 250 | W65: 19 | X65: 50 | Y65: 69 | Z65: =Y65/V65*100 -> 27.6 | AA65: A total of 69 affordable units comprising 50 Shared Ownership and 19 Affordable Rent units | AB65: Approval | AC65: This application varied 185158REM resulting in a revised phase 2 total of 1158 units. | AD65: Bespoke. As of February 2026 phase 2 has yet to commence. Phase 2 (Quarter Yards) anticipated to complete Q1 2028. | AN65: 0 | AO65: 0 | AP65: 62 | AQ65: 62 | AR65: 63 | AS65: 63 | AT65: 0 | AU65: 0 | AV65: 0 | AW65: 0 | AX65: 0 | AY65: 0 | AZ65: 0 | BA65: 0 | BB65: =SUM(AN65:BA65) -> 250 | BJ65: 0 | BK65: 0 | BL65: 17 | BM65: 17 | BN65: 17 | BO65: 18 | BP65: 0 | BQ65: 0 | BR65: 0 | BS65: 0 | BT65: 0 | BU65: 0 | BV65: 0 | BW65: 0 | BX65: 0 | BY65: =SUM(BI65:BX65) -> 69
A66: 205101REM | B66: Grant with S106 Obligations | D66: 44309 | E66: TBC | F66: Southall Gas Works Site, The Straight, Southall, Middlesex, UB1 1QX (The Green Quarter) | G66: Phase 3 (645 units approved) | H66: 354 | I66: 0 | J66: 354 | M66: Southall West | N66: Southall | O66: 512427 | P66: 179805 | R66: SOU5 | S66: No but linked to 11SO (SO14) | T66: NA | U66: 1.95 | V66: 354 | W66: 111 | X66: 84 | Y66: 195 | Z66: =Y66/V66*100 -> 55.084746 | AA66: A total of 195 affordable units, comprising 111 Affordable Rent and 84 Shared Ownership. 217192NMA effectively provides for an extra 54 units for use as SO, but for planning purposes they remain registered as private. | AB66: Started | AC66: Phase 3 is part completed. 291 units completed March 2025 from a total of 645. 354 units remaining to be implemented. | AD66: Remaining units in phase 3 (The Birch - The Parkside Collection) are under construction and due to complete in November 2026. | AN66: 177 | AO66: 177 | AP66: 0 | AQ66: 0 | AR66: 0 | AS66: 0 | AT66: 0 | AU66: 0 | AV66: 0 | AW66: 0 | AX66: 0 | AY66: 0 | AZ66: 0 | BA66: 0 | BB66: =SUM(AN66:BA66) -> 354 | BJ66: 97 | BK66: 98 | BL66: 0 | BM66: 0 | BN66: 0 | BO66: 0 | BP66: 0 | BQ66: 0 | BR66: 0 | BS66: 0 | BT66: 0 | BU66: 0 | BV66: 0 | BW66: 0 | BX66: 0 | BY66: =SUM(BI66:BX66) -> 195
A67: 190140FUL | B67: Grant with Conditions | D67: 43994 | E67: 44887 | F67: Endsleigh Industrial Estate, Endsleigh Road, Southall, Middlesex, UB2 5QR | H67: 9 | I67: 0 | J67: 9 | L67: New Build | M67: Norwood Green | N67: Southall | O67: 512525 | P67: 178840 | R67: No | S67: 13SO (SO16) | T67: 0 (50 from wider site) | U67: 0.03 | V67: 9 | W67: 0 | X67: 0 | Y67: 0 | Z67: =Y67/V67*100 -> 0 | AA67: All 9 units are private | AB67: Started | AC67: Small site which forms part of a bigger allocation (13SO). Capacity is assigned both to the pipeline (9) and allocation (50) tabs. | AD67: Bespoke. Scheme commenced November 2022 based on CIL records. Note NMA application April 2024. Works completed July 2025 (after 31st March 2025 and so remains in pipeline for now). | AN67: 9 | AO67: 0 | AP67: 0 | AQ67: 0 | AR67: 0 | AS67: 0 | AT67: 0 | AU67: 0 | AV67: 0 | AW67: 0 | AX67: 0 | AY67: 0 | AZ67: 0 | BA67: 0 | BB67: =SUM(AN67:BA67) -> 9 | BJ67: 0 | BK67: 0 | BL67: 0 | BM67: 0 | BN67: 0 | BO67: 0 | BP67: 0 | BQ67: 0 | BR67: 0 | BS67: 0 | BT67: 0 | BU67: 0 | BV67: 0 | BW67: 0 | BX67: 0 | BY67: =SUM(BI67:BX67) -> 0
A68: 221544FUL | B68: Grant with S106 Obligations | D68: 45233 | F68: The Printworks, Rear Of 57-61 Lea Road, Southall, Middlesex, UB2 5QA | G68: Resubmission | H68: 40 | I68: 0 | J68: 40 | L68: New Build | M68: Southall Green | N68: Southall | O68: 512285 | P68: 178647 | R68: No | S68: No | T68: NA | U68: 0.33 | V68: 40 | W68: 0 | X68: 0 | Y68: 0 | Z68: =Y68/V68*100 -> 0 | AA68: Cash in-leu of Affordable Housing £129,416.00 contribution. | AB68: Approval | AD68: Bespoke - The proposed development is split into three blocks knows as ‘North Block’ (11 units) and ‘South Block’ (27 units) and ‘End of Terrace’ (2 units). Scenario 8 | AN68: 0 | AO68: 0 | AP68: 40 | AQ68: 0 | AR68: 0 | AS68: 0 | AT68: 0 | AU68: 0 | AV68: 0 | AW68: 0 | AX68: 0 | AY68: 0 | AZ68: 0 | BA68: 0 | BB68: =SUM(AN68:BA68) -> 40 | BJ68: 0 | BK68: 0 | BL68: 0 | BM68: 0 | BN68: 0 | BO68: 0 | BP68: 0 | BQ68: 0 | BR68: 0 | BS68: 0 | BT68: 0 | BU68: 0 | BV68: 0 | BW68: 0 | BX68: 0 | BY68: =SUM(BI68:BX68) -> 0
A69: 221501REM | B69: Grant with S106 Obligations | D69: 44882 | E69: 45076 | F69: Alnmouth & Portrush Court, Whitecote Road, Golf Links Estate, Southall, Middlesex, UB1 3NR | G69: Phase 3 | H69: 143 | I69: 84 | J69: 59 | M69: Dormers Wells | N69: Southall | O69: 514053 | P69: 181077 | R69: No | S69: No (18SO amended to exclude extent of this site) | T69: NA | U69: 0.77 | V69: 59 | W69: 20 | X69: 39 | Y69: 59 | Z69: =Y69/V69*100 -> 100 | AA69: The earlier outline application 195348OUT confirms that all 84 existing units are Social Rent. All 143 units are affordable comprising 45 Social Rent, 59 London Affordable Rent, 25 Shared Ownership and 14 Shared Equity. | AB69: Started | AC69: This application relates to phase 3 only, which sits outside of the allocation 18SO. | AD69: Bespoke. Phase 3 is under construction commencing in March 2023. The demolition of the original 84 existing units completed in May 2023. Topping out stage completed November 2024. Completion anticipated Autumn 2026. | AN69: 0 | AO69: 59 | AP69: 0 | AQ69: 0 | AR69: 0 | AS69: 0 | AT69: 0 | AU69: 0 | AV69: 0 | AW69: 0 | AX69: 0 | AY69: 0 | AZ69: 0 | BA69: 0 | BB69: =SUM(AN69:BA69) -> 59 | BJ69: 0 | BK69: 0 | BL69: 59 | BM69: 0 | BN69: 0 | BO69: 0 | BP69: 0 | BQ69: 0 | BR69: 0 | BS69: 0 | BT69: 0 | BU69: 0 | BV69: 0 | BW69: 0 | BX69: 0 | BY69: =SUM(BI69:BX69) -> 59
AG70: Total | AN70: =SUM(AN5:AN69) -> 1452 | AO70: =SUM(AO5:AO69) -> 1719 | AP70: =SUM(AP5:AP69) -> 1999 | AQ70: =SUM(AQ5:AQ69) -> 1508 | AR70: =SUM(AR5:AR69) -> 1947 | AS70: =SUM(AS5:AS69) -> 1696 | AT70: =SUM(AT5:AT69) -> 807 | AU70: =SUM(AU5:AU69) -> 325 | ... BB70: =SUM(BB5:BB69) -> 11654 | BJ70: =SUM(BJ5:BJ69) -> 361 | BK70: =SUM(BK5:BK69) -> 477 | BL70: =SUM(BL5:BL69) -> 585 | BM70: =SUM(BM5:BM69) -> 559 | BN70: =SUM(BN5:BN69) -> 626 | BO70: =SUM(BO5:BO69) -> 553 | BP70: =SUM(BP5:BP69) -> 479 | BQ70: =SUM(BQ5:BQ69) -> 397 | ... BY70: =SUM(BY5:BY69) -> 4181
A90: Working Notes
A91: Significant schemes on sites below 0.25ha - note details included here for info purposes only and is not comprehensive. The capacity associated with these do not feed the trajectory as substituted by fixed small site input.
A92: 224773FUL | B92: Grant with S106 Obligations | D92: 45278 | F92: Brook House 100 Gunnersbury Lane Acton London W3 8HS | H92: 102 | I92: 39 | U92: 0.21
A93: 221003FUL | B93: Grant with S106 Obligations | D93: 44840 | F93: Northolt Park Social Centre 57 Sussex Crescent Northolt UB5 4DP | H93: 26 | U93: 0.18
A94: 214950FUL | B94: Grant with S106 Obligations | D94: 44657 | F94: Railway Yard East Churchfield Road Acton London W3 7LL | H94: 24 | U94: 0.12 | AC94: Not to be confused with Acton Central Station Yard
A95: 214991FUL | B95: Grant with S106 Obligations | D95: 44869 | F95: 3-15 Stirling Road, Acton, London, W3 8DJ | H95: 88 | U95: 0.13
A96: 232967FUL | B96: Grant with S106 Obligations | D96: 45322 | F96: Weaver Rose House High Street Southall UB1 3DN | H96: 24 | I96: 6 | J96: 18 | U96: 0.0659 | AC96: Superseded permission 215197FUL. Existing Use 5 x 1bed and 1 x 2bed flats
A97: 203717FUL | B97: Grant with S106 Obligations | D97: 44092 | F97: Arden Road Car Park Corner Of Arden Road And Uxbridge Road West Ealing London W13 8RP | H97: 29 | I97: 0 | J97: 29 | U97: 0.07
A98: 240012FUL | B98: Grant with S106 Obligations | D98: 45601 | F98: 99 - 113 Broadway West Ealing W13 9BP | H98: 144 | I98: 0 | J98: 144 | L98: New Build | M98: Walpole | N98: Ealing | O98: 516350 | P98: 180322 | R98: EAL16 | S98: 13EA | U98: 0.18 | V98: 144 | W98: 12 | X98: 34 | Y98: 46 | AA98: A total of 46 affordable units proposed, comprising of 12 Social Rent and 34 Shared Ownership intermediate units. | AB98: Approval | AC98: Below Site Area threshold of 0.25ha but part of allocation site (but note site allocation itself also a small site) | AD98: Expected completion Q2- 2027
A99: 223545FUL | B99: Grant with S106 Obligations | D99: 45525 | F99: The Hambrough Tavern The Broadway Southall UB1 1NG | H99: 116 | I99: 1 | J99: 115 | M99: Southall West | N99: Southall | O99: 511819 | P99: 180558 | R99: 20SO | S99: SO26 | U99: 0.17 | W99: 0 | X99: 35 | Y99: 35 | AA99: 35 units set at discount market rent (DMR). | AB99: Approval | AC99: Granted 21/08/2024 below 0.25ha threshold but part of small allocation site. 116 homes proposed, 81 homes would be set at market build to rent BTR, with the remaining 35 units set at discount market rent (DMR).
A100: 214710FUL | B100: Grant with S106 Obligations | D100: 45700 | F100: 93 Bollo Lane Chiswick London W4 5LU | G100: Mixed use scheme comprising a building up to eleven storeys with basement for self contained residential units and light industrial floorspace (Use Class E(g)(ii)(iii)/B2/B8 | H100: 96 | I100: 0 | J100: 96 | M100: Southfield | N100: Acton | U100: 0.2 | AB100: Approval | AC100: Below site threshold. Granted 12/02/2025
A101: 224830FUL | B101: Grant with S106 Obligations | D101: 45671 | F101: 41-49 Stirling Road Acton W3 8DJ | G101: Development comprising circa 951sqm commercial floorspace at ground and first floor and 51no. residential units | H101: 51 | I101: 0 | J101: 51 | M101: South Acton | N101: Acton | O101: 519776 | P101: 179227 | U101: 0.09 | AB101: Approval | AC101: Below site threshold. Granted 14/01/2025
A102: 224322FUL | B102: Grant with S106 Obligations | D102: 45406 | F102: 114 Broadway West Ealing London W13 0SY | H102: 13 | I102: 0 | J102: 13 | M102: Hanwell Broadway | N102: Hanwell | O102: 516270 | P102: 180350 | U102: 0.027 | Y102: 3 | Z102: 3x1bed DMR units | AB102: Approval | AC102: Below Site threshold. Granted 24/04/2024. (May exclude later)
A105: Large Site Schemes permitted between 1st April 2024 and 31st March 2025
A110: Large Site Schemes permitted since 1st April 2025 - note details included here for info purposes only and represent a part year. The capacity associated with these permissions are not currently included as part of the pipeline count in this iteration of the trajectory.
A111: 244156FUL | B111: Grant with S106 Obligations | D111: 45817 | F111: Land To The Rear Of, Overdale Road, Ealing, W5 4TT | H111: 41 | I111: 0 | J111: 41 | L111: New Build | M111: Northfield | N111: Ealing | O111: 517235 | P111: 179256 | U111: 0.52 | W111: 9 | X111: 5 | Y111: 14 | AA111: (a) 9 units of the Affordable Housing Units to be provided as London Affordable Rented Housing or Social Rented Housing; and (b) 5 Units of the Affordable Housing Units to be provided as London Shared Ownership Units or London Living Rent; | AB111: Approval | AC111: Permission Granted 09/06/2025 | AD111: Phase Detail: Entire Development When are the building works expected to commence?: 11/2025 When are the building works expected to be complete?: 05/2027
A112: 251339PACBSD | B112: Grant with S106 Obligations | D112: 45806 | F112: International House 7 High Street Ealing W5 5DB | H112: 148 | I112: 0 | J112: 148 | M112: Ealing Broadway | N112: Ealing | O112: 517759 | P112: 180636 | R112: EAL4 | U112: 3.58 | AC112: Change of use of second, third and fourth floors from offices (Use Class E(g)(i)) to 148 residential units (25xStudios, 58x1bed and 65x2bed). Granted permission 29/05/2025.
BA128: Town
BA129: Acton | BB129: =SUMIF(N5:N69,"Acton",BB5:BB69) -> 2078
BA130: Ealing | BB130: =SUMIF(N5:N69,"Ealing",BB5:BB69) -> 1236
BA131: Greenford | BB131: =SUMIF(N5:N69,"Greenford",BB5:BB69) -> 1729
BA132: Hanwell | BB132: =SUMIF(N5:N69,"Hanwell",BB5:BB69) -> 668
BA133: Northolt | BB133: =SUMIF(N5:N69,"Northolt",BB5:BB69) -> 92
BA134: Perivale | BB134: =SUMIF(N5:N69,"Perivale",BB5:BB69) -> 278
BA135: Southall | BB135: =SUMIF(N5:N69,"Southall",BB5:BB69) -> 5573
A154: Notes
A155: On live part of spreadsheet only capture large site schemes granted permission up to the 31st March 2025

Sheet NSC Pipeline
H3: Unimplemented bedrooms (NSC) | L3: Conventional Count | AG3: 2019-2020 | AH3: 2020-2021 | AI3: 2021-2022 | AJ3: 2022-2023 | AK3: 2023-2024 | AL3: 2024-2025 | AM3: 2025-2026 | AN3: 2026-2027 | AO3: 2027-2028 | AP3: 2028-2029 | AQ3: 2029-2030 | AR3: 2030-2031 | AS3: 2031-2032 | AT3: 2032-2033 | AU3: 2033-2034 | AV3: 2034-2035 | AW3: 2035-2036 | AX3: 2036-2037 | AY3: 2037-2038 | AZ3: 2038-2039
A4: Planning Permission No. | B4: Decision | C4: Appeal | D4: Permission Date | E4: Start Date | F4: Site Name / Address | G4: Development Proposal | H4: Bedrooms Gained | I4: Bedrooms Lost | J4: Net No. Bedrooms | K4: NSC Type | L4: Unit (C3) lost | M4: Unit Gross (Converted) | N4: Unit Net (Converted) | O4: Development Type | P4: Ward | Q4: Neighbourhood Area | R4: Easting | S4: Northing | T4: UPRN | U4: Overlaps Adopted Allocation | V4: Overlaps Emerging Allocation | W4: Unimplemented Capacity Substituted by Allocation | X4: Site Area | Y4: Net Capacity to plug into Trajectory | Z4: Scheme Progress | AA4: Notes | AB4: Phasing Notes | AF4: Year of Trajectory | AG4: -5 | AH4: -4 | AI4: -3 | AJ4: -2 | AK4: -1 | AL4: 0 | AM4: 1 | AN4: 2 | AO4: 3 | AP4: 4 | AQ4: 5 | AR4: 6 | AS4: 7 | AT4: 8 | AU4: 9 | AV4: 10 | AW4: 11 | AX4: 12 | AY4: 13 | AZ4: 14 | BA4: Scheme Total
A5: 232800FUL | B5: Grant with S106 obligations | D5: 45420 | F5: 1 Stirling Road/1-9 Colville Road And 67-81 Stirling Road Acton W3 8DJ | G5: Student Accommodation PBSA 200 studios and 229 clusters (equates to 429 rooms). 95 C3 units also proposed. Part supersedes 214611FUL. 252720NMA amends unit size, accessible unit provision, external changes and increases commercial floor area (no change in unit totals of tenure mix). | H5: 429 | I5: 0 | J5: 429 | K5: Student (2.5:1) | L5: 0 | M5: 172 | N5: 172 | O5: New Build | P5: South Action | Q5: Acton | R5: 519884 | S5: 179182 | U5: No | V5: No | W5: NA (Windfall 001) | X5: 0.329 | Y5: 172 | Z5: Approval | AA5: Previously (in version 2) captured in the pending tab. This permission comprises both C3 and PBSA accommodation. Only PBSA units are recorded here, with C3 units assigned to Conventional Pipeline tab. The scheme comprises two physically separate sites (Bollo Yard C3 and Bollo Place PBSA), with a combined site area of 0.329 ha. 429 student bed spaces equates to 172 units. When combined with 95 C3 units the overall unit provision equates to 267 units. | AB5: Bespoke - Decision issued May 2024. A number of conditions have been discharged or are pending consideration. These include a construction management plan which indicate that demolition could start in Autumn 2024 with final fit out in Summer 2027 (approx 33 months). This is adjusted by 12 months to account for delay in securing permission and commencement (confirmed via CIL as Sept 2025). The C3 and PBSA accommodation are located in separate blocks. | AM5: 0 | AN5: 0 | AO5: 0 | AP5: 172 | AQ5: 0 | AR5: 0 | AS5: 0 | AT5: 0 | AU5: 0 | AV5: 0 | AW5: 0 | AX5: 0 | AY5: 0 | AZ5: 0 | BA5: =SUM(AM5:AZ5) -> 172
A6: 174485FUL | B6: Grant with S106 obligations | D6: 43795 | E6: 43990 | F6: Hanger Lane Gyratory, Hanger Lane, W5 1DL | H6: 561 | I6: 0 | J6: 561 | K6: Student (2.5:1) | L6: 0 | M6: 224 | N6: 224 | O6: New build | P6: Hanger Hill | Q6: Ealing | R6: 518453 | S6: 182710 | U6: No | V6: No | W6: NA | X6: 0.41 | Y6: 224 | Z6: Commenced | AA6: The permission allows for up to 650 bedrooms, although the original design comprised 565 units. Later revisions (195092VAR & 195106NMA) reduce this number down to 561 bedrooms. Assume completion within first 5 years. | AB6: Bespoke phasing - spread over 2 years, although as single block the scheme will likely complete in a single year. CIL records suggest that works started June 2020, but applicant indicates that work commenced in November 2019. Topping out stage reached February 2025. Completion anticipated in Summer 2026. | AM6: 0 | AN6: 224 | AO6: 0 | AP6: 0 | AQ6: 0 | AR6: 0 | AS6: 0 | AT6: 0 | AU6: 0 | AV6: 0 | AW6: 0 | AX6: 0 | AY6: 0 | AZ6: 0 | BA6: =SUM(AM6:AZ6) -> 224
A7: 220091FUL | B7: Grant with S106 obligations | D7: 45056 | E7: 45161 | F7: Hanger Lane Gyratory, Hanger Lane, W5 1DL | H7: 144 | I7: 0 | J7: 144 | K7: Student (2.5:1) | L7: 0 | M7: 58 | N7: 58 | O7: Extension | P7: Hanger Hill | Q7: Ealing | R7: 518453 | S7: 182710 | U7: No | V7: No | W7: NA | X7: 0.41 | Y7: 58 | Z7: Commenced | AA7: Adds additional floors to 174485FUL, creating 144 additional rooms. Note this scheme references 562 as part of original scheme. | AB7: Bespoke - Whilst the original scheme commenced in June 2020 CIL records indicate that this application commenced August 2023. Phasing aligned with original scheme. | AM7: 0 | AN7: 58 | AO7: 0 | AP7: 0 | AQ7: 0 | AR7: 0 | AS7: 0 | AT7: 0 | AU7: 0 | AV7: 0 | AW7: 0 | AX7: 0 | AY7: 0 | AZ7: 0 | BA7: =SUM(AM7:AZ7) -> 58
A8: 240053FUL | B8: Grant with Conditions | D8: 45505 | F8: Student Accommodation Hanger Lane Gyratory Ealing W5 1DL | G8: Single storey ground floor extension and extension of mezzanine floor to the existing student accommodation/commercial building (Mixed Use Class Sui Generis/E) | H8: 10 | I8: 0 | J8: 10 | K8: Student (2.5:1) | L8: 0 | M8: 4 | N8: 4 | O8: Extension | P8: Hanger Hill | Q8: Ealing | R8: 518453 | S8: 182710 | U8: No | V8: No | W8: NA | X8: 0.40 | Y8: 4 | Z8: Commenced | AA8: This scheme adds an additional 10 student rooms (including 3 additional disabled rooms) and approx. 248 sqm additional Class E floorspace and communal space, to the existing scheme approved under 174485FUL and 220091FUL. | AB8: Bespoke - Phasing aligned with original schemes. | AM8: 0 | AN8: 4 | AO8: 0 | AP8: 0 | AQ8: 0 | AR8: 0 | AS8: 0 | AT8: 0 | AU8: 0 | AV8: 0 | AW8: 0 | AX8: 0 | AY8: 0 | AZ8: 0 | BA8: =SUM(AM8:AZ8) -> 4
A9: 221687FUL | B9: Grant with S106 obligations | D9: 45373 | F9: Sandringham Mews, Ealing, W5 5DG | G9: Shared Living Scheme | H9: 318 | I9: 0 | J9: 318 | K9: Other (1.8:1) | L9: 4 | M9: 177 | N9: 173 | P9: Ealing Broadway | Q9: Ealing | R9: 517692 | S9: 180671 | U9: EAL5 | V9: 03EA (EA03) | W9: 0 (excluding conventional uplift) | X9: 0.39 | Y9: 173 | Z9: Approval | AA9: Bed figures converted to units and existing units (4) deducted. Note also that this capacity here (173) is supplemented with additional capacity (43) for the wider site via the allocation tab. 254419NMA proposes (approved Dec 2025) minor changes to internal layout which alters unit types but not overall number (318). | AB9: Bespoke phasing - spread over 2 years. The construction management plan indicates a construction programme of 24 months. A new developer has acquired site in 2025. A limited number of conditions have been discharged. | AM9: 0 | AN9: 0 | AO9: 0 | AP9: 86 | AQ9: 87 | AR9: 0 | AS9: 0 | AT9: 0 | AU9: 0 | AV9: 0 | AW9: 0 | AX9: 0 | AY9: 0 | AZ9: 0 | BA9: =SUM(AM9:AZ9) -> 173
A10: 225080FUL | B10: Grant with S106 obligations | D10: 45260 | F10: 131-137 Broadway, West Ealing, London, W13 9BE | G10: Co-living units | H10: 94 | I10: 0 | J10: 94 | K10: Other (1.8:1) | L10: 0 | M10: 52 | N10: 52 | O10: New Build | P10: Walpole | Q10: Ealing | R10: 516143 | S10: 180262 | U10: No | V10: 14EA (part) | W10: 0 | X10: 0.07 | Y10: 0 | Z10: Superseded (subject to legal agreement) | AA10: The capacity input from this permission is substituted by a pending scheme (235015FUL - approved April 2025) for a larger co-living development encompassing 139 Broadway. Note also both scheme part overlaps 14EA ,a small site allocation. 94 co-living units were approved, which equates to 52 conventional units. No existing units are recorded on this part of the allocation site (131-137). | AB10: NA | AM10: 0 | AN10: 0 | AO10: 0 | AP10: 0 | AQ10: 0 | AR10: 0 | AS10: 0 | AT10: 0 | AU10: 0 | AV10: 0 | AW10: 0 | AX10: 0 | AY10: 0 | AZ10: 0 | BA10: =SUM(AM10:AZ10) -> 0
A11: 233551FUL | B11: Grant with S106 Obligations | D11: 45617 | F11: West Ealing Station Approach, 44 - 54 Drayton Green Road & 41 Hastings Road, West Ealing W13 8RY | G11: Student Accommodation | H11: 448 | I11: 0 | J11: 448 | K11: Student (2.5:1) | L11: 0 | M11: 179 | N11: 179 | P11: Walpole | Q11: Ealing | R11: 516736 | S11: 180703 | U11: EAL11 | V11: 16EA (EA25) | W11: 179 | X11: 0.16 | Y11: 179 | Z11: Approval | AA11: Scheme forms part of large Site Allocation. This scheme was previously (version 2) captured under the pending tab. Pipeline scheme input takes precedent substituting for 'Allocation' input. | AB11: Bespoke - The submitted construction logistic plan indicates that construction work (from demolition works through to practical completion) is expected to take approximately 27 months, from the first quarter of 2025. This is likely to be pushed back noting that the majority of pre-commencement conditions have yet to be discharged. | AM11: 0 | AN11: 0 | AO11: 0 | AP11: 0 | AQ11: 60 | AR11: 60 | AS11: 59 | AT11: 0 | AU11: 0 | AV11: 0 | AW11: 0 | AX11: 0 | AY11: 0 | AZ11: 0 | BA11: =SUM(AM11:AZ11) -> 179
A12: 241736FUL | B12: Grant with S106 obligations | D12: 45610 | F12: 23 Greengate Greenford UB6 0QJ | G12: Change of use of a single dwellinghouse (Use Class C3) into a large House in Multiple Occupation (HMO) comprising 8-bedrooms (Use Class Sui Generis) | H12: 8 | I12: 0 | J12: 8 | K12: Other (1.8:1) | L12: 1 | M12: 4 | N12: 3 | P12: North Greenford | Q12: Greenford | R12: 516665 | S12: 184933 | U12: No | V12: No | W12: NA | X12: 0.046 | Y12: 3 | Z12: Approval | AA12: This permission was previously approved under application 231019FUL. This application differs from 231019FUL in that it seeks permission to change the external materials of the host building. | AB12: Scenario 7 | AM12: 0 | AN12: 3 | AO12: 0 | AP12: 0 | AQ12: 0 | AR12: 0 | AS12: 0 | AT12: 0 | AU12: 0 | AV12: 0 | AW12: 0 | AX12: 0 | AY12: 0 | AZ12: 0 | BA12: =SUM(AM12:AZ12) -> 3
A13: 243547FUL | B13: Grant with S106 obligations | D13: 45729 | F13: 13-19 The Green, Southall, UB2 4AH | G13: Student Accommodation | H13: 424 | I13: 0 | J13: 424 | K13: Student (2.5:1) | L13: 0 | M13: 170 | N13: 170 | O13: New Build | P13: Norwood Green | Q13: Southall | R13: 512574 | S13: 179666 | U13: No | V13: 07SO | W13: 0 | X13: 0.13 | Y13: 170 | Z13: Approval | AA13: Below Large Site threshold, but forming component part of allocation. Proposed capacity deriving from this part of the site is excluded from allocation estimate which has been derived from the tall building assessment. This input therefore supplements the separate capacity estimate for the allocation. The capacity input from this permission effectively supersedes 216215FUL captured in the pipeline tab, as it is understood that this alternative scheme will now be pursued. | AB13: Bespoke - Site setup and demolition completed in 2025. Various pre-commencement conditions are pending consideration. The pending construction logistics plan indicates that works will take approximately 27 months (19 months post demolition). Final completion expected in August 2027. | AM13: 0 | AN13: 0 | AO13: 170 | AP13: 0 | AQ13: 0 | AR13: 0 | AS13: 0 | AT13: 0 | AU13: 0 | AV13: 0 | AW13: 0 | AX13: 0 | AY13: 0 | AZ13: 0 | BA13: =SUM(AM13:AZ13) -> 170
A14: 240296FUL | B14: Grant with S106 obligations | D14: 45684 | F14: Land To The Rear Of No. 8-12 South Road Southall UB1 1RT | G14: Construction of a two storey building to use as a hostel (Sui Generis), for short term basis. | H14: 14 | I14: 0 | J14: 14 | K14: Other (1.8:1) | L14: 0 | M14: 8 | N14: 8 | O14: New Build | P14: Southall Broadway | Q14: Southall | R14: 512761 | S14: 180367 | U14: No | V14: No | W14: NA | X14: 0.048 | Y14: 8 | Z14: Approval | AA14: 14x hostel rooms equipped with WCs, a reception and two shared kitchens. | AB14: Scenario 7 | AM14: 0 | AN14: 8 | AO14: 0 | AP14: 0 | AQ14: 0 | AR14: 0 | AS14: 0 | AT14: 0 | AU14: 0 | AV14: 0 | AW14: 0 | AX14: 0 | AY14: 0 | AZ14: 0 | BA14: =SUM(AM14:AZ14) -> 8
A15: 214466FUL | B15: Appeal Allowed with Conditions | C15: Yes | D15: 45546 | F15: 34 Kenton Avenue, Southall UB1 3QG | G15: Change of use of single family dwellinghouse (Use Class C3) to House in Multiple Occupation (Large HMO) (Use Class Sui Generis) for 10 occupants (Retrospective) | H15: 8 | I15: 0 | J15: 8 | K15: Other (1.8:1) | L15: 1 | M15: 4 | N15: 3 | P15: Dormers Wells | Q15: Southall | R15: 513475 | S15: 180721 | U15: No | V15: No | W15: NA | X15: 0.03 | Y15: 3 | Z15: Approval | AB15: Scenario 7 | AM15: 0 | AN15: 3 | AO15: 0 | AP15: 0 | AQ15: 0 | AR15: 0 | AS15: 0 | AT15: 0 | AU15: 0 | AV15: 0 | AW15: 0 | AX15: 0 | AY15: 0 | AZ15: 0 | BA15: =SUM(AM15:AZ15) -> 3
AF16: Total | AM16: =SUM(AM5:AM15) -> 0 | AN16: =SUM(AN5:AN15) -> 300 | AO16: =SUM(AO5:AO15) -> 170 | AP16: =SUM(AP5:AP15) -> 258 | AQ16: =SUM(AQ5:AQ15) -> 147 | AR16: =SUM(AR5:AR15) -> 60 | AS16: =SUM(AS5:AS15) -> 59 | AT16: =SUM(AT5:AT15) -> 0 | ... BA16: =SUM(BA5:BA15) -> 994
A38: Working Notes
A40: NSC schemes permitted between 1st April 2024 and 31st March 2025
A43: NSC schemes permitted since 1st April 2025
AZ44: Town
AZ45: Acton | BA45: =SUMIF(Q5:Q15,"Acton",BA5:BA15) -> 172
AZ46: Ealing | BA46: =SUMIF(Q5:Q15,"Ealing",BA5:BA15) -> 638
AZ47: Greenford | BA47: =SUMIF(Q5:Q15,"Greenford",BA5:BA15) -> 3
AZ48: Hanwell | BA48: =SUMIF(Q5:Q15,"Hanwell",BA5:BA15) -> 0
AZ49: Northolt | BA49: =SUMIF(Q5:Q15,"Northolt",BA5:BA15) -> 0
AZ50: Perivale | BA50: =SUMIF(Q5:Q15,"Perivale",BA5:BA15) -> 0
AZ51: Southall | BA51: =SUMIF(Q5:Q15,"Southall",BA5:BA15) -> 181

Sheet Conventional Pending (Large)
BD2: Affordable Component (Nov 2023) To be updated
I3: Proposed Units | AH3: 2019-2020 | AI3: 2020-2021 | AJ3: 2021-2022 | AK3: 2022-2023 | AL3: 2023-2024 | AM3: 2024-2025 | AN3: 2025-2026 | AO3: 2026-2027 | AP3: 2027-2028 | AQ3: 2028-2029 | AR3: 2029-2030 | AS3: 2030-2031 | AT3: 2031-2032 | AU3: 2032-2033 | AV3: 2033-2034 | AW3: 2034-2035 | AX3: 2035-2036 | AY3: 2036-2037 | AZ3: 2037-2038 | BA3: 2038-2039 | BE3: 2019-2020 | BF3: 2020-2021 | BG3: 2021-2022 | BH3: 2022-2023 | BI3: 2023-2024 | BJ3: 2024-2025 | BK3: 2025-2026 | BL3: 2026-2027 | BM3: 2027-2028 | BN3: 2028-2029 | BO3: 2029-2030 | BP3: 2030-2031 | BQ3: 2031-2032 | BR3: 2032-2033 | BS3: 2033-2034 | BT3: 2034-2035 | BU3: 2035-2036 | BV3: 2036-2037 | BW3: 2037-2038 | BX3: 2038-2039
A4: Site or Scheme ID | B4: Planning Application No. | C4: Decision | D4: Appeal | E4: Permission Date | F4: Start Date | G4: Site Name / Address | H4: Development Proposal | I4: Units Gained | J4: Units Lost | K4: Net No. Units | L4: Bedrooms (small HMO) | M4: Development Type | N4: Ward | O4: Neighbourhood Area | P4: Easting | Q4: Northing | R4: UPRN | S4: Overlaps Adopted Allocation | T4: Overlaps Emerging Allocation | U4: Capacity Substituted by Allocation | V4: Site Area | W4: Net Capacity to plug into Trajectory | X4: Affordable Low Cost Net | Y4: Affordable Intermediate Net | Z4: Affordable Total Net | AA4: Affordable Notes (Nov 23) | AB4: Application Progress | AC4: Notes | AD4: Phasing Notes | AG4: Year of Trajectory | AH4: -5 | AI4: -4 | AJ4: -3 | AK4: -2 | AL4: -1 | AM4: 0 | AN4: 1 | AO4: 2 | AP4: 3 | AQ4: 4 | AR4: 5 | AS4: 6 | AT4: 7 | AU4: 8 | AV4: 9 | AW4: 10 | AX4: 11 | AY4: 12 | AZ4: 13 | BA4: 14 | BB4: Scheme Total | BD4: Year of Trajectory | BE4: -4 | BF4: -3 | BG4: -2 | BH4: -1 | BI4: 0 | BJ4: 1 | BK4: 2 | BL4: 3 | BM4: 4 | BN4: 5 | BO4: 6 | BP4: 7 | BQ4: 8 | BR4: 9 | BS4: 10 | BT4: 11 | BU4: 12 | BV4: 13 | BW4: 14 | BX4: 15 | BY4: Affordable Scheme Total
B5: 243424FUL | C5: Grant with S106 Obligations | D5: lock | E5: 46052 | F5: lock | G5: Phase 3, Friary Park Estate The Drive, Joseph Avenue, Sparks Close & Friary Road Acton W3 6NL | H5: Full planning permission for demolition of all existing structures and the construction of 693 homes, 450sq.m community centre (Use Class E(f)/F1/F2), 98sq.m of non-residential floorspace for Commercial, Business & Service Floorspace (Use Class E). Part supersedes 221747HYBRID. | I5: 693 | J5: 76 | K5: 617 | M5: New Build | N5: East Acton | O5: Acton | P5: 520592 | Q5: 181139 | S5: No | T5: Allocation (Reg 18 AC11) not pursued | U5: NA | V5: 2.82 | W5: 617 | X5: 68 | Y5: 80 | Z5: 148 | AA5: Phase 3 is for 693 homes, including 148 affordable homes comprising of 37 Social Rent (SR); 31 London Affordable Rent (LAR) and 80 Shared Ownership (SO). | AB5: Decision not taken (as of 31/03/2025) | AC5: This scheme part supersedes 221747HYBRID which in respect of phase 3 was approved in outline only. This application now seeks full permission for phase 3. This full application supersedes 576 units from 221747HYBRID, and increases the number of homes approved against the original application by 117 units. The future capacity for this site is currently split against the pipeline and pending tabs. Phase 3 proposes 693 homes (superseding 576 from outline approval and proposing a further uplift of 117 units), including 148 affordable units and 545 Market/Private units. Phase 3 comprises the following existing units: 76 Social Rent Properties to be demolished (1-50 Sparks Close, 1-22 Joseph Avenue and 3,5,7 and 9 Friary Road) 22x1bed, 43x2bed,7x3bed and 4x4bed. Note this application has now been approved in January 2026, although remains in the pending tab for now as approval given after 31/03/2025. | AD5: Bespoke - Indicative Figures from Phasing Program Document for Phase 3: Phase 3 Start Finish Demolition Q3 - 2025 - Q4 - 2025 C1 - Phase 3A Q3 - 2026 - Q3 -2029 C4 - Phase 3A Q4 - 2026 - Q1 - 2029 C2 - Phase 3A Q4 - 2028 - Q1 - 2031 C3 - Phase 3A Q4 - 2028 - Q2 - 2031 D1 - Phase 3B Q3 - 2029 - Q3 - 2031 | AN5: 0 | AO5: 0 | AP5: 0 | AQ5: 0 | AR5: 284 | AS5: 105 | AT5: 228 | AU5: 0 | AV5: 0 | AW5: 0 | AX5: 0 | AY5: 0 | AZ5: 0 | BA5: 0 | BB5: =SUM(AN5:BA5) -> 617
B6: 243527VAR | C6: Grant with S106 Obligations | D6: lock | E6: 45834 | F6: lock | G6: TfL Landholdings at Bollo Lane | H6: Material Amendment (s73) of the approved hybrid application 201379OUT involving an amendment to condition 8 to increase the quantum of development within Phase 3 (Plots 2D-2F) from 424 dwellings to 455 dwellings. | I6: 31 | J6: 0 | K6: 31 | M6: New Build | N6: South Action | O6: Acton | P6: 519673 | Q6: 179270 | S6: No | T6: South Acton LSIS Windfall | U6: NA | V6: 3.64 | W6: 31 | X6: 0 | Y6: 0 | Z6: 0 | AA6: For Phase 3, a total of 215 units, comprising 49 LAR and 166 London Shared Ownership + LLR Intermediate Units. | AB6: Decision not taken (as of 31/03/2025) | AC6: See also 201379OUT in pipeline. Material Amendment (s73) of the approved hybrid application 201379OUT involving an amendment to condition 8 to increase the quantum of development within Phase 3 (Plots 2D-2F) from 424 dwellings to 455 dwellings. This uplift is also reflected via the Reserve Matter application 243796REM for phase 3 (approved June 2025). Decision issued 26/06/2025, but after 31/03/2025 and so remains in pending tab for now. | AD6: Both the s73 and reserve matters applications (243796REM) pertaining to phase 3 now also approved (June 2025). The REM application for phase 3 indicates that these works are expected to complete in 2029. | AN6: 0 | AO6: 0 | AP6: 0 | AQ6: 0 | AR6: 31 | AS6: 0 | AT6: 0 | AU6: 0 | AV6: 0 | AW6: 0 | AX6: 0 | AY6: 0 | AZ6: 0 | BA6: 0 | BB6: =SUM(AN6:BA6) -> 31
A7: 5 | B7: 233076FUL | C7: lock | D7: Appeal Allowed with Conditions | E7: 45804 | F7: lock | G7: Waitrose, W13 0NL | H7: Demolition of existing buildings and the phased erection of buildings for mixed-use scheme, including 428 new homes; a replacement food store 254810VAR proposes 37 additional homes | I7: 428 | J7: 0 | K7: 428 | M7: New Build | N7: Hanwell Broadway | O7: Ealing | P7: 516539 | Q7: 180689 | S7: No | T7: 15EA (EA24) | U7: 0 | V7: 1.68 | W7: 428 | X7: 23 | Y7: 60 | Z7: 83 | AA7: Affordable Units 8xStudios, 31x1bed,36x2bed and 8x3bed = 83 of which 23 would be Discount Market Rent (DMR) at LAR and 60 DMR at blended average of 70% Open Market Rent. BTR - Market Rent 345 units (33xStudios,126x1bed,153x2bed and 33x3bed) + 83 Affordable units, Totalling 428 units | AB7: Non Determination (as of 31/03/2025) Appeal Allowed with Conditions (after 31/03/2025) | AC7: Whilst the outcome of the appeal had not been determined as of the 31/03/2025, at the time of writing the appeal has now been allowed. This record should remain in the pending tab for now. Given the outcome of this appeal the pending capacity input now takes precedence over the allocation input which had originally been based on the tall building study. A S.73 application (254810VAR) was submitted December 2025 (after 31/03/2025) which proposes 37 additional homes. The inclusion of this scheme as part of the future pipeline will need to be monitored and reviewed in light of recent announcement from John Lewis in February 2026 re. the retailer pulling out of the housebuilding business. | AD7: Bespoke - Note the construction programme was expected to last for 54 months with completion originally anticipated for late 2027. The site/scheme is subject to various variation/amendment applications which are pending currently. A revised completion date of the 27/11/2029 is noted. | AN7: 0 | AO7: 0 | AP7: 0 | AQ7: 0 | AR7: 143 | AS7: 143 | AT7: 142 | AU7: 0 | AV7: 0 | AW7: 0 | AX7: 0 | AY7: 0 | AZ7: 0 | BA7: 0 | BB7: =SUM(AN7:BA7) -> 428 | BY7: =SUM(BJ7:BX7) -> 0
A8: 7 | B8: 212468FUL | C8: Grant with S106 Obligations | D8: lock | E8: 45757 | F8: lock | G8: Manhattan Business Park West Gate Ealing London W5 1UP | I8: 326 | J8: 10 | K8: 316 | N8: Hanger Hill | O8: Ealing | P8: 517992 | Q8: 182788 | S8: No | T8: No | U8: NA | V8: 0.78 | W8: 316 | X8: 36 | Y8: 76 | Z8: 112 | AA8: The 10 existing flats are all private. A total of 112 affordable units proposed, comprising 36 London Affordable Rent units and 76 Shared Ownership units. | AB8: Resolution to grant pending legal agreement (as of 31/03/2025) | AC8: 10 existing flats on site at present | AD8: Bespoke - Scheme now approved in April 2025. No pre-commencement conditions have been discharged as yet. The construction method statement indicates an overall construction programme of 3.5 - 4 years. | AN8: 0 | AO8: 0 | AP8: 0 | AQ8: 0 | AR8: 106 | AS8: 105 | AT8: 105 | AU8: 0 | AV8: 0 | AW8: 0 | AX8: 0 | AY8: 0 | AZ8: 0 | BA8: 0 | BB8: =SUM(AN8:BA8) -> 316 | BJ8: 0 | BK8: 0 | BL8: 0 | BM8: 0 | BN8: 0 | BO8: 28 | BP8: 28 | BQ8: 28 | BR8: 28 | BS8: 0 | BT8: 0 | BU8: 0 | BV8: 0 | BW8: 0 | BX8: 0 | BY8: =SUM(BJ8:BX8) -> 112
A9: NA | B9: 244156FUL | C9: Grant with S106 Obligations | D9: lock | E9: 45817 | F9: lock | G9: Land To The Rear Of, Overdale Road, Ealing, W5 4TT | H9: Demolition of existing buildings and construction of 27no. two storey terraced dwellinghouses and 14no. flats | I9: 41 | J9: 0 | K9: 41 | M9: New Build | N9: Northfield | O9: Ealing | P9: 517235 | Q9: 179256 | S9: No | T9: No | U9: NA | V9: 0.52 | W9: 41 | X9: 9 | Y9: 5 | Z9: 14 | AA9: (a) 9 units of the Affordable Housing Units to be provided as London Affordable Rented Housing or Social Rented Housing; and (b) 5 Units of the Affordable Housing Units to be provided as London Shared Ownership Units or London Living Rent; Pending S73 application (252373VAR) amends mix. | AB9: Decision not yet taken (as of 31/03/2025) | AC9: Permission Granted 09/06/2025. S73 application (252373VAR pending). | AD9: Bespoke - The application form indicated that works were expected to commence in Nov 2025 and complete in May 2027. Permission was given in June 2025. The site is subject now also to a pending S73 application. pre-commencement conditions have yet to be discharged. Given that works have yet to start a delayed programme is assumed. | AN9: 0 | AO9: 0 | AP9: 0 | AQ9: 0 | AR9: 21 | AS9: 20 | AT9: 0 | AU9: 0 | AV9: 0 | AW9: 0 | AX9: 0 | AY9: 0 | AZ9: 0 | BA9: 0 | BB9: =SUM(AN9:BA9) -> 41
A10: NA | B10: 251339PACBSD | C10: Prior Approval Required and Given | D10: lock | E10: 45806 | F10: lock | G10: International House 7 High Street Ealing W5 5DB | H10: Change of use of second, third and fourth floors from offices (Use Class E(g)(i)) to 148 residential units | I10: 148 | J10: 0 | K10: 148 | N10: Ealing Broadway | O10: Ealing | P10: 517759 | Q10: 180636 | S10: EAL4 | T10: 02EA | U10: 148 | V10: 3.58 | W10: 0 | AB10: Decision not yet taken (as of 31/03/2025) | AC10: Forming part of a larger allocation (02EA). This capacity input is substituted by the allocation capacity estimate instead. Prior approval given 29/05/2025. | AD10: NA | AN10: 0 | AO10: 0 | AP10: 0 | AQ10: 0 | AR10: 0 | AS10: 0 | AT10: 0 | AU10: 0 | AV10: 0 | AW10: 0 | AX10: 0 | AY10: 0 | AZ10: 0 | BA10: 0 | BB10: =SUM(AN10:BA10) -> 0
A11: 8 | B11: 223478FUL | C11: Refused | D11: lock | E11: 45793 | F11: lock | G11: Greenford Police Station, UB6 9LQ | I11: 36 | J11: 0 | K11: 36 | M11: New Build | N11: Greenford Broadway | O11: Greenford | S11: No | T11: 01GR (GR01) | U11: 5 | V11: 0.13 | W11: 0 | AB11: Decision not yet taken (as of 31/03/2025) Refused (after 31/03/2025) | AC11: Below Large Site threshold, but forming component part of large site allocation. This capacity input is substituted by the allocation capacity estimate, which assumes a lower estimate based on the Tall Building Study which assumes the conversion of the police station rather than comprehensive redevelopment. Scheme refused May 2025 | AD11: NA | AN11: 0 | AO11: 0 | AP11: 0 | AQ11: 0 | AR11: 0 | AS11: 0 | AT11: 0 | AU11: 0 | AV11: 0 | AW11: 0 | AX11: 0 | AY11: 0 | AZ11: 0 | BA11: 0 | BB11: =SUM(AN11:BA11) -> 0 | BY11: =SUM(BJ11:BX11) -> 0
A12: 10 | B12: 213378FUL | C12: lock | D12: lock | E12: lock | F12: lock | G12: Park View Place Greenford Road Greenford UB6 0JA (Infill Blocks & replacement for ‘Building 1’) | H12: This pending application if approved will part supersede 182843FUL. | I12: 288 | J12: 0 | K12: 288 | M12: New Build | N12: North Greenford | O12: Greenford | P12: 515314 | Q12: 185361 | S12: No | T12: No | U12: NA | V12: 2.37 | W12: 0 | X12: 27 | Y12: 68 | Z12: 95 | AA12: A total of 95 affordable units are proposed, comprising 27 LAR units, 30 LLR units, 25 DMR units and 13 Shared Ownership units | AB12: Resolution to grant pending legal agreement (as of 31/03/2025) Application Disposed of (after 31/03/2025) | AC12: This application has now been disposed of (Feb 2026). Whilst the act of disposal occurred in 2026 after 31st March 2025, it was deemed appropriate to remove any contribution from this scheme input in this iteration of the trajectory because of the presence of the original permission 182843FUL, which can now revert back to its non-superseded state and re-absorb that capacity apportioned to 213378FUL. This application if approved would have part superseded 182843FUL. Note the applicant is now investigating a revised development on this site, and in 2025 has sought a scoping opinion for a new scheme comprising 550 C3 units and 390 co-living units. If pursued this will ultimately supersede 182843FUL. Awaiting a fresh application, no account has been taken of these future plans in the trajectory at present. | AD12: NA | AN12: 0 | AO12: 0 | AP12: 0 | AQ12: 0 | AR12: 0 | AS12: 0 | AT12: 0 | AU12: 0 | AV12: 0 | AW12: 0 | AX12: 0 | AY12: 0 | AZ12: 0 | BA12: 0 | BB12: =SUM(AN12:BA12) -> 0 | BJ12: 0 | BK12: 0 | BL12: 0 | BM12: 0 | BN12: 0 | BO12: 23 | BP12: 24 | BQ12: 24 | BR12: 24 | BS12: 0 | BT12: 0 | BU12: 0 | BV12: 0 | BW12: 0 | BX12: 0 | BY12: =SUM(BJ12:BX12) -> 95
A13: 11 | B13: 215983FUL | C13: lock | D13: lock | E13: lock | F13: lock | G13: Gold's Gym, 54-62 Uxbridge Road, W7 3SU | I13: 43 | J13: 0 | K13: 43 | N13: Hanwell Broadway | O13: Hanwell | S13: HAN1 | T13: 05HA (HA07) | U13: 43 | V13: 0.14 | W13: 0 | AA13: As proposed a total 15 units are affordable comprising 9 LAR and 6 LLR. | AB13: Resolution to grant pending legal agreement (as of 31/03/2025) Application Disposed of (after 31/03/2025) | AC13: Allocation capacity estimate (04HA & 05HA) subsumes capacity from permitted (172913FUL) and pending schemes (215983FUL - now disposed of Aug 2025). Note also below Large Site threshold, but forming component part of allocation. | AD13: NA | AN13: 0 | AO13: 0 | AP13: 0 | AQ13: 0 | AR13: 0 | AS13: 0 | AT13: 0 | AU13: 0 | AV13: 0 | AW13: 0 | AX13: 0 | AY13: 0 | AZ13: 0 | BA13: 0 | BB13: =SUM(AN13:BA13) -> 0 | BY13: =SUM(BJ13:BX13) -> 0
A14: 12 | B14: 224817FUL | C14: lock | D14: lock | E14: lock | F14: lock | G14: Mandeville Parkway And Land To North Side Of Mandeville Road Northolt Middlesex UB5 4DS | I14: 106 | J14: 0 | K14: 106 | M14: New Build | N14: Northolt Mandeville | O14: Northolt | P14: 513432 | Q14: 184775 | S14: No | T14: 02NO (NO02) | U14: 0 | V14: 1.7 | W14: 106 | X14: 23 | Y14: 83 | Z14: 106 | AA14: All 106 units are proposed to be affordable comprising 23 Affordable Rent units and 83 Intermediate units | AB14: Decision not yet taken | AD14: Bespoke - Phasing informed by scheme specific information. Application is still pending. Indicative programme suggests works could start in mid 2024, although this is now delayed pending determination of the application, with pre-commencement conditions then to follow. Construction Logistic Plan indicates build out expected over 28 months. | AN14: 0 | AO14: 0 | AP14: 0 | AQ14: 0 | AR14: 53 | AS14: 53 | AT14: 0 | AU14: 0 | AV14: 0 | AW14: 0 | AX14: 0 | AY14: 0 | AZ14: 0 | BA14: 0 | BB14: =SUM(AN14:BA14) -> 106 | BJ14: 0 | BK14: 0 | BL14: 0 | BM14: 53 | BN14: 53 | BO14: 0 | BP14: 0 | BQ14: 0 | BR14: 0 | BS14: 0 | BT14: 0 | BU14: 0 | BV14: 0 | BW14: 0 | BX14: 0 | BY14: =SUM(BJ14:BX14) -> 106
A15: 14 | B15: 234110OUT | C15: Grant with S106 Obligations | D15: lock | E15: 45973 | F15: lock | G15: The Green Quarter Southall UB1 1QX | H15: Phases 4 to 9 | I15: 5566 | J15: 0 | K15: 5566 | M15: New Build | N15: Southall West | O15: Southall | P15: 512399 | Q15: 179815 | S15: SOU5 | T15: 11SO | U15: 0 | V15: 21.7 | W15: 5566 (part) | X15: 1169 (part) | Y15: 779 (part) | Z15: 1169 (part) | AA15: An indicative split is given in the submission document. The following percentages are based on hab rooms as opposed to a unit measure. 35% of the proposed total is intended to be affordable. This might equate to around 1,948 units. Of these 60% (1,169) are LAR and 40% (779) are intermediate. | AB15: Decision not yet taken (as of 31/03/2025) | AC15: Application lodged and validated in October 2023. Pending input supersedes allocation capacity estimate. Resolution to grant given 6th November 2024. Decision now issued in November 2025, but after 31/03/2025 and so remains in pending tab for now. Given extended development programme only a proportion of the 5566 units will be completed during the trajectory period. | AD15: Bespoke. Decision issued November 2025. The ES (Volume 1, Chapter C) for phases 4 to 9 estimate that development will take approximately 27 years. Works are assumed to commence in May 2027 and conclude by March 2055. It is assumed that the delivery of the first units built under these phases would not complete before May 2029. In the absence of further information, the approved capacity has been split equally over 27 years equating to an annual total of 214 units. It is acknowledged that this distribution may change as reserve matter applications are progressed for each phase, however the annualised delivery total is not considered to be unrealistic. Based on this split 38% (2,140) of the approved capacity is anticipated to complete during the life of the Local Plan. The remaining 3,426 is split over 17 years beyond the plan period. | AN15: 0 | AO15: 0 | AP15: 0 | AQ15: 0 | AR15: 214 | AS15: 214 | AT15: 214 | AU15: 214 | AV15: 214 | AW15: 214 | AX15: 214 | AY15: 214 | AZ15: 214 | BA15: 214 | BB15: =SUM(AN15:BA15) -> 2140 | BJ15: 0 | BK15: 0 | BL15: 0 | BM15: 0 | BN15: 0 | BO15: 74 | BP15: 75 | BQ15: 75 | BR15: 75 | BS15: 75 | BT15: 75 | BU15: 75 | BV15: 75 | BW15: 75 | BX15: 75 | BY15: =SUM(BJ15:BX15) -> 749
A16: 15 | B16: 223246FUL | C16: lock | D16: lock | E16: lock | F16: lock | G16: Southall Community Centre 20 Merrick Road Southall Middlesex UB2 4AU | I16: 215 | J16: 0 | K16: 215 | N16: Southall Green | O16: Southall | S16: No | T16: 07SO (SO10) | U16: 215 | V16: 0.35 | W16: 0 | AA16: 11 affordable units proposed, comprising 6 social rent units and 5 intermediate units. | AB16: Decision not yet taken | AC16: Forming component part of allocation. Proposed capacity subsumed within the allocation capacity estimate. Draft decision issued January 2026, but legal agreement not yet signed. | AD16: NA | AN16: 0 | AO16: 0 | AP16: 0 | AQ16: 0 | AR16: 0 | AS16: 0 | AT16: 0 | AU16: 0 | AV16: 0 | AW16: 0 | AX16: 0 | AY16: 0 | AZ16: 0 | BA16: 0 | BB16: =SUM(AN16:BA16) -> 0 | BY16: =SUM(BJ16:BX16) -> 0
AG17: Total | AN17: =SUM(AN5:AN16) -> 0 | AO17: =SUM(AO5:AO16) -> 0 | AP17: =SUM(AP5:AP16) -> 0 | AQ17: =SUM(AQ5:AQ16) -> 0 | AR17: =SUM(AR5:AR16) -> 852 | AS17: =SUM(AS5:AS16) -> 640 | AT17: =SUM(AT5:AT16) -> 689 | AU17: =SUM(AU5:AU16) -> 214 | ... BA17: =SUM(BA5:BA16) -> 214 | BB17: =SUM(AN17:BA17) -> 3679 | BJ17: =SUM(BJ5:BJ16) -> 0 | BK17: =SUM(BK5:BK16) -> 0 | BL17: =SUM(BL5:BL16) -> 0 | BM17: =SUM(BM5:BM16) -> 53 | BN17: =SUM(BN5:BN16) -> 53 | BO17: =SUM(BO5:BO16) -> 125 | BP17: =SUM(BP5:BP16) -> 127 | BQ17: =SUM(BQ5:BQ16) -> 127 | ... BY17: =SUM(BY5:BY16) -> 1062
A49: Working notes
B50: Significant schemes on sites below 0.25ha - note details included here for info purposes only and is not comprehensive. The capacity associated with these do not feed the trajectory as substituted by fixed small site input.
A51: NA | B51: 195284FUL | G51: Land Opposite Ravenswood Court Stanley Road Acton W3 8GQ | I51: 140 | K51: 140 | V51: 0.14 | AB51: Resolution to grant pending legal agreement
A52: NA | B52: 231285FUL | G52: 8 -10 Greenock Road Acton W3 8DU | I52: 124 | K52: 124 | V52: 0.2 | AB52: Resolution to grant pending legal agreement
A53: NA | B53: 217146FUL | G53: 5-21 Bollo Bridge Road Acton London W3 8AT | I53: 35 | J53: 0 | K53: 35 | T53: 04AC | V53: 0.24 | AB53: Decision not taken | AC53: Draft decision issued May 2024, but pending legal agreement
A54: NA | B54: 184490FUL | G54: 1-10 Chignell Place West Ealing London W13 0TJ | I54: 40
A55: NA | B55: 250006FUL | G55: 65 Stirling Road Acton W3 8DJ | I55: 49 | J55: 0 | K55: 49 | V55: 0.078 | AB55: Decision not taken (as of 31/03/2025) | AC55: Draft Legal Agreement - Redacted issued 18/11/2025.
B56: 211987FUL | C56: Grant with S106 Obligations | E56: 45804 | G56: 2 Cowgate Road Greenford UB6 8HQ | H56: Construction of a part two, part three and part four storey buildings to accommodate 28 residential units | I56: 28 | J56: 1 | K56: 27 | N56: Greenford Green | O56: Greenford | P56: 514770 | Q56: 183033 | V56: 0.19
B60: Large pending schemes lodged and between the 1st April 2024 and 31st March 2025
A61: NA | B61: 241738FUL | C61: Grant with S106 Obligations | E61: 45770 | G61: Site of Monorep Car Dealers, Poplar Avenue, Southall, UB2 4PN | H61: Part-retrospective change of use from the existing car showroom and MOT garage into a place of worship (Class F1), community facilities and associated outdoor advertisement. | I61: 0 | J61: 0 | K61: 0 | T61: 15SO | U61: 42 | W61: 0 | AB61: Decision not taken (as of 31/03/2025) | AC61: This site is now subject to a part-retrospective application (241738FUL) involving a change of use of the existing car showroom and MOT garage into a place of worship. This application was submitted in May 2024 and a draft decision (pending legal agreement) was issued in November 2024. Decision now issued April 2025. This proposal comprises no residential component. Currently a residential component is assumed as part of the allocation (15SO) input. | AD61: NA
B64: Large pending schemes lodged and validated since the 1st April 2025 - note details included here for info purposes only and represents a part year. The capacity associated with these schemes are not currently included as part of the pending capacity count in this iteration of the trajectory.
B65: 260215FUL | G65: Elthorne Works 4 Trumpers Way Hanwell W7 2QA | I65: 287 | J65: 0 | K65: 287
B66: 254810VAR | G66: Waitrose 2 Alexandria Road West Ealing W13 0NL | I66: 37 | J66: 0 | K66: 37
B67: 252540FUL | G67: Mount Close Ealing W5 2RQ | H67: Phased redevelopment of an existing residential estate to provide new homes | I67: 178 | J67: 40 | K67: 138 | N67: Ealing Broadway | O67: Ealing | P67: 517302 | Q67: 181626 | V67: 0.95 | X67: 0 | Y67: 65 | Z67: 65 | AA67: 65 Affordable units ( 4xStudios, 30x1bed, 28x2bed and 3x3bed) | AB67: Decision not yet taken | AC67: Existing estate of 40 homes (16x2bed and 24x3bed), (Demolition of 11no. existing residential units, which can be identified as Blocks ‘22 to 27’ and ‘28 to 32. Retention and refurbishment of 29no. existing residential units, which can be identified as Blocks 01 (i.e. 1-3’), 02 (i.e. ‘4-9’), 03 (i.e. ‘10-21’), and 04 (i.e. ’33-40’). Demolition and reprovision of 11 existing homes, upgrading and refurbishment of 29 existing homes and 138 net additional new residential units into a mixed-tenure Build to Rent scheme comprising of 178 homes. 65 Affordable units ( 4xStudios, 30x1bed, 28x2bed and 3x3bed) plus 73 Market units (10xStudios, 45x1bed and 18x2bed) | AD67: From application form When are the building works expected to commence?: 06/2027 When are the building works expected to be complete?: 09/2029
BA76: Town | BB76: Units (Net)
BA77: Acton | BB77: =SUMIF(O5:O16,"Acton",BB5:BB16) -> 648
BA78: Ealing | BB78: =SUMIF(O5:O16,"Ealing",BB5:BB16) -> 785
BA79: Greenford | BB79: =SUMIF(O5:O16,"Greenford",BB5:BB16) -> 0
BA80: Hanwell | BB80: =SUMIF(O5:O16,"Hanwell",BB5:BB16) -> 0
BA81: Northolt | BB81: =SUMIF(O5:O16,"Northolt",BB5:BB16) -> 106
BA82: Perivale | BB82: =SUMIF(O5:O16,"Perivale",BB5:BB16) -> 0
BA83: Southall | BB83: =SUMIF(O5:O16,"Southall",BB5:BB16) -> 2140
A91: The Green Quarter Phases 4 to 9 estimated phasing
A92: 27-28 | B92: 28-29 | C92: 2029-2030 | D92: 2030-2031 | E92: 2031-2032 | F92: 2032-2033 | G92: 2033-2034 | H92: 2034-2035 | I92: 2035-2036 | J92: 2036-2037 | K92: 2037-2038 | L92: 38-39 | M92: 39-40 | N92: 40-41 | O92: 41-42 | P92: 42-43 | Q92: 43-44 | R92: 44-45 | S92: 45-46 | T92: 46-47 | U92: 47-48 | V92: 48-49 | W92: 49-50 | X92: 50-51 | Y92: 51-52 | Z92: 52-53 | AA92: 53-54 | AB92: 54-55 | AC92: Total
A93: 5 | B93: 6 | C93: 7 | D93: 8 | E93: 9 | F93: 10 | G93: 11 | H93: 12 | I93: 13 | J93: 14 | K93: 15 | L93: 16 | M93: 17 | N93: 18 | O93: 19 | P93: 20 | Q93: 21 | R93: 22 | S93: 23 | T93: 24 | U93: 25 | V93: 26 | W93: 27 | X93: 28 | Y93: 29 | Z93: 30 | AA93: 31 | AB93: 32
A94: 0 | B94: 0 | C94: 214 | D94: 214 | E94: 214 | F94: 214 | G94: 214 | H94: 214 | I94: 214 | J94: 214 | K94: 214 | L94: 214 | M94: 214 | N94: 214 | O94: 214 | P94: 214 | Q94: 214 | R94: 214 | S94: 214 | T94: 214 | U94: 214 | V94: 214 | W94: 214 | X94: 214 | Y94: 214 | Z94: 214 | AA94: 215 | AB94: 215 | AC94: =SUM(A94:AB94) -> 5566

Sheet NSC Pending
I3: Proposed Bedrooms (NSC) | M3: Conventional Count | AH3: 2019-2020 | AI3: 2020-2021 | AJ3: 2021-2022 | AK3: 2022-2023 | AL3: 2023-2024 | AM3: 2024-2025 | AN3: 2025-2026 | AO3: 2026-2027 | AP3: 2027-2028 | AQ3: 2028-2029 | AR3: 2029-2030 | AS3: 2030-2031 | AT3: 2031-2032 | AU3: 2032-2033 | AV3: 2033-2034 | AW3: 2034-2035 | AX3: 2035-2036 | AY3: 2036-2037 | AZ3: 2037-2038 | BA3: 2038-2039
A4: Site or Scheme ID | B4: Planning Permission No. | C4: Decision | D4: Appeal | E4: Permission Date | F4: Start Date | G4: Site Name / Address | H4: Development Proposal | I4: Bedrooms Gained | J4: Bedrooms Lost | K4: Net No. Bedrooms | L4: NSC Type | M4: Unit (C3) lost | N4: Unit Gross (Converted) | O4: Unit Net (Converted) | P4: Development Type | Q4: Ward | R4: Neighbourhood Area | S4: Easting | T4: Northing | U4: UPRN | V4: Overlaps Adopted Allocation | W4: Overlaps Emerging Allocation | X4: Unimplemented Capacity Substituted by Allocation | Y4: Site Area | Z4: Net Capacity to plug into Trajectory | AA4: Application Progress | AB4: Notes | AC4: Phasing Notes | AG4: Year of Trajectory | AH4: -5 | AI4: -4 | AJ4: -3 | AK4: -2 | AL4: -1 | AM4: 0 | AN4: 1 | AO4: 2 | AP4: 3 | AQ4: 4 | AR4: 5 | AS4: 6 | AT4: 7 | AU4: 8 | AV4: 9 | AW4: 10 | AX4: 11 | AY4: 12 | AZ4: 13 | BA4: 14 | BB4: Scheme Total
A5: 2 | B5: 215858FUL | C5: lock | D5: lock | E5: lock | F5: lock | G5: Library For Iranian Studies The Woodlands Hall Crown Street Acton W3 8SA | H5: Student Accommodation | I5: 105 | J5: 0 | K5: 105 | L5: Student (2.5:1) | M5: 0 | N5: 42 | O5: 42 | P5: New Build | Q5: South Action | R5: Acton | S5: 519857 | T5: 180089 | V5: No | W5: No | X5: NA | Y5: 0.06 | Z5: 42 | AA5: Resolution to grant pending legal agreement | AB5: Draft decision notice issued Feb 2024. | AC5: Scenario 18. Scheme approved at Committee in January 2024 subject to legal agreement being signed. | AN5: 0 | AO5: 0 | AP5: 0 | AQ5: 0 | AR5: 0 | AS5: 21 | AT5: 21 | AU5: 0 | AV5: 0 | AW5: 0 | AX5: 0 | AY5: 0 | AZ5: 0 | BA5: 0 | BB5: =SUM(AN5:BA5) -> 42
B6: 241564FUL | C6: lock | D6: lock | E6: lock | F6: lock | G6: 163 The Vale Acton W3 7RD | H6: Change of use from self-contained flat (Use Class C3) to Large House in Multiple Occupation (7 bedrooms; 7 occupants) (Use Class sui generis) | I6: 7 | J6: 0 | K6: 7 | L6: Other (1.8:1) | M6: 1 | N6: 4 | O6: 3 | Q6: Southfield | R6: Acton | S6: 521140 | T6: 180050 | V6: No | W6: No | X6: NA | Y6: 0.01 | Z6: 3 | AA6: Draft Decision Waiting Legal Agreement | AB6: Proposal involves the creation of a 'Large HMO (7 bedrooms or more)'. The Legal Agreement is pending (draft decision issued December 2024). | AC6: Scenario 17. | AN6: 0 | AO6: 0 | AP6: 0 | AQ6: 0 | AR6: 0 | AS6: 3 | AT6: 0 | AU6: 0 | AV6: 0 | AW6: 0 | AX6: 0 | AY6: 0 | AZ6: 0 | BA6: 0 | BB6: =SUM(AN6:BA6) -> 3
B7: 241397FUL | C7: Grant with S106 Obligations | D7: lock | E7: 45812 | F7: lock | G7: Exchange Plaza, 58 Uxbridge Road, Ealing, W5 2ST | H7: Student Accommodation | I7: 504 | J7: 0 | K7: 504 | L7: Student (2.5:1) | M7: 0 | N7: 202 | O7: 202 | P7: New Build | Q7: Ealing Broadway | R7: Ealing | S7: 517142 | T7: 180620 | V7: EAL9 | W7: 08EA | X7: 0 | Y7: 0.37 | Z7: 202 | AA7: Decision not yet taken (as of 31/03/2025) | AB7: Scheme forms part of a large Site Allocation, although the allocation assumed no residential component proposed. Note the wider allocation site allocation contains 6 existing units. This pending scheme input takes precedent over the allocation (in part) and the earlier extant permission (164805FUL) for commercial scheme only. | AC7: Bespoke - Decision now issued June 2025. Various pre-commencement conditions discharged. The approved phasing plan indicates that works are to be completed over two phases. Phase 1 comprises PBSA. Phase 2 comprises all works associated with the office use. The Environmental Statement supporting the application advises that construction works are anticipated to take approximately 3 years. | AN7: 0 | AO7: 0 | AP7: 0 | AQ7: 0 | AR7: 101 | AS7: 101 | AT7: 0 | AU7: 0 | AV7: 0 | AW7: 0 | AX7: 0 | AY7: 0 | AZ7: 0 | BA7: 0 | BB7: =SUM(AN7:BA7) -> 202
A8: 5 | B8: 235015FUL | C8: Grant with S106 Obligations | D8: lock | E8: 45750 | F8: 45880 | G8: 131 - 139 Broadway West Ealing W13 9BE | H8: Co-living units (Sui Generis) | I8: 134 | J8: 0 | K8: 134 | L8: Other (1.8:1) | M8: 1 | N8: 74 | O8: 73 | P8: New Build | Q8: Walpole | R8: Ealing | S8: 516143 | T8: 180249 | V8: No | W8: 14EA | X8: 0 | Y8: 0.12 | Z8: 73 | AA8: Draft Decision Waiting Legal Agreement (as of 31/03/2025) | AB8: This pending scheme effectively supersedes an earlier approval (225080FUL) for a co-living scheme on a smaller part of this site. This pending scheme extends the development area to now also include 139 Broadway. Note also both schemes part overlaps 14EA, a small site allocation. Note decision for 235015FUL issued April 2025, but after 31/03/2025 and so remains in pending tab for now. | AC8: Bespoke - Decision now issued April 2025. CIL commencement notice received Aug 2025. Site cleared September 2025. | AN8: 0 | AO8: 0 | AP8: 0 | AQ8: 36 | AR8: 37 | AS8: 0 | AT8: 0 | AU8: 0 | AV8: 0 | AW8: 0 | AX8: 0 | AY8: 0 | AZ8: 0 | BA8: 0 | BB8: =SUM(AN8:BA8) -> 73
B9: 250762FUL | C9: Grant with Conditions | D9: lock | E9: 45951 | F9: lock | G9: 16 Ferrymead Avenue Greenford UB6 9TH | H9: Conversion of an existing single family dwelling (C3) into 7 units 7 person HMO (Sui generis) | I9: 7 | J9: 0 | K9: 7 | L9: Other (1.8:1) | M9: 1 | N9: 4 | O9: 3 | Q9: Greenford Broadway | R9: Greenford | S9: 513900 | T9: 183064 | V9: No | W9: No | X9: NA | Y9: 0.02 | Z9: 3 | AA9: Decision not yet taken (as of 31/03/2025) | AB9: Proposal involves the creation of a 'Large HMO (7 bedrooms or more)'. Approval given 21/10/2025, but after 31/03/2025 and so remains in pending tab for now. | AC9: Bespoke - Decision now issued Oct 2025. | AN9: 0 | AO9: 0 | AP9: 0 | AQ9: 3 | AR9: 0 | AS9: 0 | AT9: 0 | AU9: 0 | AV9: 0 | AW9: 0 | AX9: 0 | AY9: 0 | AZ9: 0 | BA9: 0 | BB9: =SUM(AN9:BA9) -> 3
AG10: Total | AN10: =SUM(AN5:AN9) -> 0 | AO10: =SUM(AO5:AO9) -> 0 | AP10: =SUM(AP5:AP9) -> 0 | AQ10: =SUM(AQ5:AQ9) -> 39 | AR10: =SUM(AR5:AR9) -> 138 | AS10: =SUM(AS5:AS9) -> 125 | AT10: =SUM(AT5:AT9) -> 21 | AU10: =SUM(AU5:AU9) -> 0 | ... BA10: =SUM(BA5:BA9) -> 0 | BB10: =SUM(AN10:BA10) -> 323
A40: Working notes
B43: NSC schemes lodged and validated between 1st April 2024 and 31st March 2025
B46: NSC schemes lodged and validated since 1st April 2025 | BA46: Town
BA47: Acton | BB47: =SUMIF(R5:R9,"Acton",BB5:BB9) -> 45
BA48: Ealing | BB48: =SUMIF(R5:R9,"Ealing",BB5:BB9) -> 275
BA49: Greenford | BB49: =SUMIF(R5:R9,"Greenford",BB5:BB9) -> 3
BA50: Hanwell | BB50: =SUMIF(R5:R9,"Hanwell",BB5:BB9) -> 0
BA51: Northolt | BB51: =SUMIF(R5:R9,"Northolt",BB5:BB9) -> 0
BA52: Perivale | BB52: =SUMIF(R5:R9,"Perivale",BB5:BB9) -> 0
BA53: Southall | BB53: =SUMIF(R5:R9,"Southall",BB5:BB9) -> 0

Sheet ConventionalAllocations (Large)
BA2: Affordable Component (November 2023) To be updated
F3: Unimplemented Capacity | AE3: 2019-2020 | AF3: 2020-2021 | AG3: 2021-2022 | AH3: 2022-2023 | AI3: 2023-2024 | AJ3: 2024-2025 | AK3: 2025-2026 | AL3: 2026-2027 | AM3: 2027-2028 | AN3: 2028-2029 | AO3: 2029-2030 | AP3: 2030-2031 | AQ3: 2031-2032 | AR3: 2032-2033 | AS3: 2033-2034 | AT3: 2034-2035 | AU3: 2035-2036 | AV3: 2036-2037 | AW3: 2037-2038 | AX3: 2038-2039 | BB3: 2019-2020 | BC3: 2020-2021 | BD3: 2021-2022 | BE3: 2022-2023 | BF3: 2023-2024 | BG3: 2024-2025 | BH3: 2025-2026 | BI3: 2026-2027 | BJ3: 2027-2028 | BK3: 2028-2029 | BL3: 2029-2030 | BM3: 2030-2031 | BN3: 2031-2032 | BO3: 2032-2033 | BP3: 2033-2034 | BQ3: 2034-2035 | BR3: 2035-2036 | BS3: 2036-2037 | BT3: 2037-2038 | BU3: 2038-2039
A4: Site or Scheme ID | B4: Site Allocation Ref. (Reg 19) | C4: Site Allocation Ref. (Reg. 18) | D4: Site Name / Address | E4: Proposed Use | F4: Estimated Capacity Gross | G4: Estimated Capacity Net | H4: Existing Units Lost | I4: Overlapping Planning Permission/Application | J4: Net Capacity already assigned to pipeline or pending tabs | K4: Remaining Capacity (Net) not assigned to pipeline or pending tabs | L4: Ward | M4: Neighbourhood Area | N4: Easting | O4: Northing | P4: UPRN | Q4: Covered by existing Adopted Allocation | R4: Site Area (ha) | S4: Notes | T4: Net Capacity to plug into Trajectory | U4: Affordable estimate at 35% (Net) | V4: Affordable estimate at 40% (Net) | W4: Affordable estimate at 50%(Net) | X4: Affordable Low Cost Net at 35% (70%) | Y4: Affordable Intermediate at 35% (30%) | Z4: Phasing Notes | AD4: Year of Trajectory | AE4: -5 | AF4: -4 | AG4: -3 | AH4: -2 | AI4: -1 | AJ4: 0 | AK4: 1 | AL4: 2 | AM4: 3 | AN4: 4 | AO4: 5 | AP4: 6 | AQ4: 7 | AR4: 8 | AS4: 9 | AT4: 10 | AU4: 11 | AV4: 12 | AW4: 13 | AX4: 14 | AY4: Scheme Total | BA4: Year of Trajectory | BB4: -4 | BC4: -3 | BD4: -2 | BE4: -1 | BF4: 0 | BG4: 1 | BH4: 2 | BI4: 3 | BJ4: 4 | BK4: 5 | BL4: 6 | BM4: 7 | BN4: 8 | BO4: 9 | BP4: 10 | BQ4: 11 | BR4: 12 | BS4: 13 | BT4: 14 | BU4: 15 | BV4: Affordable Scheme Total
A5: 1 | B5: 01AC | C5: AC01 | D5: Acton Gateway, King Street, Acton W3 9LA | E5: Residential Led, mixed use scheme (retail/food and beverage and community), public space. | F5: 377 | G5: 377 | H5: 0 | I5: None | J5: 0 | K5: 377 | L5: South Acton | M5: Acton | N5: 519972 | O5: 180244 | Q5: ACT2 | R5: 1.3 | S5: No relevant planning applications. Capacity derived from Tall Buildings Strategy | T5: 377 | U5: =T5*0.35 -> 131.95 | V5: =T5*0.4 -> 150.8 | W5: =T5*0.5 -> 188.5 | X5: =U5*0.7 -> 92.365 | Y5: =U5*0.3 -> 39.585 | Z5: Scenario 30. Beyond 5 years | AK5: 0 | AL5: 0 | AM5: 0 | AN5: 0 | AO5: 0 | AP5: 0 | AQ5: 0 | AR5: 75 | AS5: 75 | AT5: 75 | AU5: 76 | AV5: 76 | AW5: 0 | AX5: 0 | AY5: =SUM(AK5:AX5) -> 377 | BG5: 0 | BH5: 0 | BI5: 0 | BJ5: 0 | BK5: 0 | BL5: 0 | BM5: 0 | BN5: 26 | BO5: 26 | BP5: 26 | BQ5: 27 | BR5: 27 | BS5: 0 | BT5: 0 | BU5: 0 | BV5: =SUM(BG5:BU5) -> 132
A6: 2 | B6: NA | C6: AC02 | D6: The Steyne Estate, Lexden Road, Acton W3 9NQ | E6: Residential infill | F6: 188 | G6: 188 | H6: 0 | I6: 223203FUL | J6: 188 | K6: 0 | L6: South Acton | M6: Acton | N6: 519877 | O6: 180342 | P6: 12019817 | Q6: No | R6: 1.34 | S6: No longer pursued as Allocation. Assigned to Conventional Pipeline (Large) (223203FUL) | T6: 0 | U6: =T6*0.35 -> 0 | V6: =T6*0.4 -> 0 | W6: =T6*0.5 -> 0 | X6: =U6*0.7 -> 0 | Y6: =U6*0.3 -> 0 | Z6: NA | AK6: 0 | AL6: 0 | AM6: 0 | AN6: 0 | AO6: 0 | AP6: 0 | AQ6: 0 | AR6: 0 | AS6: 0 | AT6: 0 | AU6: 0 | AV6: 0 | AW6: 0 | AX6: 0 | AY6: =SUM(AK6:AX6) -> 0 | BV6: =SUM(BG6:BU6) -> 0
A7: 3 | B7: NA | C7: AC03 | D7: Acton Central Station Yard, Birkbeck Mews, Builders Yard, 2 - 4 Birkbeck Road, Acton W3 6BG | E7: Residential | F7: 262 | G7: 259 | H7: 3 | I7: None | J7: 0 | K7: 259 | L7: South Acton | M7: Acton | N7: 520538 | O7: 180158 | Q7: ACT5 | R7: 0.68 | S7: No relevant planning applications. No longer pursued as Allocation. | T7: 0 | U7: =T7*0.35 -> 0 | V7: =T7*0.4 -> 0 | W7: =T7*0.5 -> 0 | X7: =U7*0.7 -> 0 | Y7: =U7*0.3 -> 0 | Z7: NA | AK7: 0 | AL7: 0 | AM7: 0 | AN7: 0 | AO7: 0 | AP7: 0 | AQ7: 0 | AR7: 0 | AS7: 0 | AT7: 0 | AU7: 0 | AV7: 0 | AW7: 0 | AX7: 0 | AY7: =SUM(AK7:AX7) -> 0 | BV7: =SUM(BG7:BU7) -> 0
A8: 4 | B8: 02AC | C8: AC04 | D8: Acton Gardens, South Acton Estate, Acton Gardens, Acton W3 8TQ | E8: Residential with some ground floor commercial uses | F8: 2000 | G8: 1564 | H8: 436 | I8: 182579OUT | J8: 0 | K8: 1564 | L8: South Acton | M8: Acton | N8: 520105 | O8: 179616 | P8: 12125490 | Q8: No | R8: 8.47 | S8: Note suggested modifications post Reg 19 which propose omitting phases 9.3, 9.5 and 9.6 from the allocation boundary. Phases 9.3, 9.5 and 9.6 are to be delivered under the approved reserved matters application (215892REM), and the capacity associated with these phases has been assigned to the pipeline tab. Based on the original phasing plan the allocation now encapsulates phases 7.2, 7.3, 7.4, 7.5, 8.3, 10.1, 10.2, 11.1 & 11.2. These outstanding phases are approved in outline (182579OUT) only at this stage, but plans for further optimisation are currently being considered, which may trigger a revised application. The developer has indicated (June 2025) that based on a further optimisation and redesign of the site that the remaining phases covered by the allocation could yield a minimum of 2,000 units (gross), which has formed the basis of the input given here. Note this figure supersedes the unimplemented capacity associated with the outline approval. Updated information has also been supplied re. the existing units to be replaced - which totals 436 households. Beyond the allocation boundary the remaining phases to be delivered include Phases 8.1 & 8.2 (part - block C2), 9.3, 9.5 and 9.6. The capacity associated with these permitted phases has been assigned to the pipeline tab. | T8: 1564 (part) | U8: =T8*0.35 -> #VALUE! | V8: =T8*0.4 -> #VALUE! | W8: =T8*0.5 -> #VALUE! | X8: =U8*0.7 -> #VALUE! | Y8: =U8*0.3 -> #VALUE! | Z8: Bespoke - A revised masterplan application has yet to be submitted. The applicant has provided (June 2025) an indicative phasing programme for this future revised masterplan as follows: Phase 7.2 - Sept 29 Phase 7.4 - Dec 30 Phase 7.5 - May 31 Phase 7.3 - Mar 33 Phase 10.1 - May 34 Phase 8.3 - Aug 35 Phase 10.2 - Feb 36 Phase 11.1 - Feb 37 Phase 11.2 - Nov 39 Note this extends just beyond the plan period and therefore a small portion (142) of the total capacity is excluded from the trajectory period. | AK8: 0 | AL8: 0 | AM8: 0 | AN8: 0 | AO8: 143 | AP8: 143 | AQ8: 142 | AR8: 142 | AS8: 142 | AT8: 142 | AU8: 142 | AV8: 142 | AW8: 142 | AX8: 142 | AY8: =SUM(AK8:AX8) -> 1422 | BG8: 0 | BH8: 0 | BI8: 0 | BJ8: 0 | BK8: 29 | BL8: 30 | BM8: 30 | BN8: 30 | BO8: 30 | BP8: 0 | BQ8: 0 | BR8: 0 | BS8: 0 | BT8: 0 | BU8: 0 | BV8: =SUM(BG8:BU8) -> 149
A9: 5 | B9: NA | C9: AC05 | D9: Acton Town Station Approach, 83 - 85 Gunnersbury Lane, Acton W3 8HH | E9: Residential-led, mixed-use scheme | F9: 43 | G9: 43 | H9: 0 | I9: None | J9: 0 | K9: 43 | L9: South Acton | M9: Acton | N9: 519526 | O9: 179758 | P9: 12007651 | Q9: ACT1 | R9: 0.14 | S9: No longer pursued as Allocation. Below Large Site threshold. | T9: 0 | U9: =T9*0.35 -> 0 | V9: =T9*0.4 -> 0 | W9: =T9*0.5 -> 0 | X9: =U9*0.7 -> 0 | Y9: =U9*0.3 -> 0 | Z9: NA | AK9: 0 | AL9: 0 | AM9: 0 | AN9: 0 | AO9: 0 | AP9: 0 | AQ9: 0 | AR9: 0 | AS9: 0 | AT9: 0 | AU9: 0 | AV9: 0 | AW9: 0 | AX9: 0 | AY9: =SUM(AK9:AX9) -> 0 | BV9: =SUM(BG9:BU9) -> 0
A10: 6 | B10: 03AC | C10: AC06 | D10: Ealing Common Depot, Gunnersbury Lane, Acton W3 9BQ | E10: Residential-led, mixed-use scheme and reprovision of TfL Museum on site or another suitable location, café/restaurant, music venue. | F10: 225 | G10: 225 | H10: 0 | I10: None | J10: 0 | K10: 225 | L10: South Acton | M10: Acton | N10: 519161 | O10: 179946 | Q10: No | R10: 2.35 | S10: No relevant planning applications. Capacity derived from Ealing R19 Capacity Assessment. Note TTLP/Places for London have examined 3 scenarios for this site. Scenario A allocation parameters could deliver 317 units. The other two scenarios identify the sites potential capacity as 700 or 800 units. | T10: 225 | U10: =T10*0.35 -> 78.75 | V10: =T10*0.4 -> 90 | W10: =T10*0.5 -> 112.5 | X10: =U10*0.7 -> 55.125 | Y10: =U10*0.3 -> 23.625 | Z10: Bespoke - Phasing likely to be informed by scheme specific information. | AK10: 0 | AL10: 0 | AM10: 0 | AN10: 0 | AO10: 0 | AP10: 0 | AQ10: 56 | AR10: 56 | AS10: 56 | AT10: 57 | AU10: 0 | AV10: 0 | AW10: 0 | AX10: 0 | AY10: =SUM(AK10:AX10) -> 225 | BG10: 0 | BH10: 0 | BI10: 0 | BJ10: 0 | BK10: 0 | BL10: 0 | BM10: 19 | BN10: 20 | BO10: 20 | BP10: 20 | BQ10: 0 | BR10: 0 | BS10: 0 | BT10: 0 | BU10: 0 | BV10: =SUM(BG10:BU10) -> 79
A11: 7 | B11: 04AC | C11: AC07 | D11: Builders Merchants Bollo Bridge Road, 5 - 21 Bollo Bridge Road, Acton W3 8AT | E11: Residential led mixed use scheme | F11: 40 | G11: 40 | H11: 0 | I11: 217146FUL | J11: 0 | K11: 0 | L11: South Acton | M11: Acton | N11: 520411 | O11: 179630 | P11: 12139290 | Q11: No | R11: 0.19 | S11: 217146FUL - Application is still pending (draft decision issued May 2024, but legal agreement pending). Below Large Site threshold. | T11: 0 | U11: =T11*0.35 -> 0 | V11: =T11*0.4 -> 0 | W11: =T11*0.5 -> 0 | X11: =U11*0.7 -> 0 | Y11: =U11*0.3 -> 0 | Z11: NA | AK11: 0 | AL11: 0 | AM11: 0 | AN11: 0 | AO11: 0 | AP11: 0 | AQ11: 0 | AR11: 0 | AS11: 0 | AT11: 0 | AU11: 0 | AV11: 0 | AW11: 0 | AX11: 0 | AY11: =SUM(AK11:AX11) -> 0 | BV11: =SUM(BG11:BU11) -> 0
A12: 8 | B12: 05AC | C12: AC08 | D12: Salisbury Street Car Park & Neville Close, Salisbury Street, Acton W3 8NZ | E12: Residential-led mixed-use scheme. | F12: 109 | G12: 63 | H12: 46 | I12: None | J12: 0 | K12: 63 | L12: South Acton | M12: Acton | N12: 520348 | O12: 179998 | Q12: No | R12: 0.72 | S12: No relevant planning applications. Capacity derived from Tall Building Feasibility Study. | T12: 63 | U12: =T12*0.35 -> 22.05 | V12: =T12*0.4 -> 25.2 | W12: =T12*0.5 -> 31.5 | X12: =U12*0.7 -> 15.435 | Y12: =U12*0.3 -> 6.615 | Z12: Bespoke - Phasing likely to be informed by scheme specific information, which currently assumes delivery within 5 years, as this pace is necessary to access affordable housing funding. Without an extant permission however this does seem optimistic. | AK12: 0 | AL12: 0 | AM12: 0 | AN12: 0 | AO12: 31 | AP12: 32 | AQ12: 0 | AR12: 0 | AS12: 0 | AT12: 0 | AU12: 0 | AV12: 0 | AW12: 0 | AX12: 0 | AY12: =SUM(AK12:AX12) -> 63 | BG12: 0 | BH12: 0 | BI12: 0 | BJ12: 0 | BK12: 11 | BL12: 11 | BM12: 0 | BN12: 0 | BO12: 0 | BP12: 0 | BQ12: 0 | BR12: 0 | BS12: 0 | BT12: 0 | BU12: 0 | BV12: =SUM(BG12:BU12) -> 22
A13: 9 | B13: 06AC | C13: AC09 | D13: Acton Vale Industrial Park & Westgate House, 43-55 The Vale, Acton W3 7RR | E13: Mixed-use intensification | F13: 26 | G13: 26 | H13: 0 | I13: None | J13: 0 | K13: 26 | L13: Southfield | M13: Acton | N13: 521584 | O13: 179991 | Q13: No | R13: 0.63 | S13: No relevant planning applications. Capacity derived from Ealing R19 Capacity Assessment. | T13: 26 | U13: =T13*0.35 -> 9.1 | V13: =T13*0.4 -> 10.4 | W13: =T13*0.5 -> 13 | X13: =U13*0.7 -> 6.37 | Y13: =U13*0.3 -> 2.73 | Z13: Scenario 28. | AK13: 0 | AL13: 0 | AM13: 0 | AN13: 0 | AO13: 0 | AP13: 0 | AQ13: 8 | AR13: 9 | AS13: 9 | AT13: 0 | AU13: 0 | AV13: 0 | AW13: 0 | AX13: 0 | AY13: =SUM(AK13:AX13) -> 26 | BG13: 0 | BH13: 0 | BI13: 0 | BJ13: 0 | BK13: 0 | BL13: 0 | BM13: 3 | BN13: 3 | BO13: 3 | BP13: 0 | BQ13: 0 | BR13: 0 | BS13: 0 | BT13: 0 | BU13: 0 | BV13: =SUM(BG13:BU13) -> 9
A14: 10 | B14: NA | C14: AC10 | D14: Haddon Court & Burghley Tower, Haddon Court & Burghley Tower, Trinity Way, Acton W3 7HS | E14: Residential | F14: 112 | G14: 18 | H14: 94 | I14: None | J14: 0 | K14: 18 | L14: East Acton | M14: Acton | N14: 521677 | O14: 180658 | Q14: No | R14: 0.88 | S14: No longer pursued as Allocation. No relevant planning applications. Initial capacity estimate derived from Ealing R19 Capacity Assessment. | T14: 0 | U14: =T14*0.35 -> 0 | V14: =T14*0.4 -> 0 | W14: =T14*0.5 -> 0 | X14: =U14*0.7 -> 0 | Y14: =U14*0.3 -> 0 | Z14: NA | AK14: 0 | AL14: 0 | AM14: 0 | AN14: 0 | AO14: 0 | AP14: 0 | AQ14: 0 | AR14: 0 | AS14: 0 | AT14: 0 | AU14: 0 | AV14: 0 | AW14: 0 | AX14: 0 | AY14: =SUM(AK14:AX14) -> 0 | BV14: =SUM(BG14:BU14) -> 0
